Workbook
Name \a: #REF!
Name \a: #REF!
Name \a: #REF!
Name \a: #REF!
Name \a: #REF!
Name \b: [1]INSUMOS!#REF!
Name \b: [2]INSUMOS!#REF!
Name \b: [2]INSUMOS!#REF!
Name \b: [1]INSUMOS!#REF!
Name \b: [3]INSUMOS!#REF!
Name \i: [1]INSUMOS!#REF!
Name \i: [2]INSUMOS!#REF!
Name \i: [2]INSUMOS!#REF!
Name \i: [1]INSUMOS!#REF!
Name \i: [3]INSUMOS!#REF!
Name \L: #REF!
Name \L: #REF!
Name \L: #REF!
Name \L: #REF!
Name \L: #REF!
Name \L: #REF!
Name \L: #REF!
Name \m: [3]INSUMOS!#REF!
Name \m: [1]INSUMOS!#REF!
Name \m: [3]INSUMOS!#REF!
Name \m: [2]INSUMOS!#REF!
Name \m: [2]INSUMOS!#REF!
Name \m: [1]INSUMOS!#REF!
Name \m: [3]INSUMOS!#REF!
Name \P: #REF!
Name \P: #REF!
Name \P: #REF!
Name \P: #REF!
Name \P: #REF!
Name \P: #REF!
Name \P: #REF!
Name \r: [3]INSUMOS!#REF!
Name \r: [1]INSUMOS!#REF!
Name \r: [3]INSUMOS!#REF!
Name \r: [2]INSUMOS!#REF!
Name \r: [2]INSUMOS!#REF!
Name \r: [1]INSUMOS!#REF!
Name \r: [3]INSUMOS!#REF!
Name \s: #REF!
Name \s: #REF!
Name \s: #REF!
Name \s: #REF!
Name \s: #REF!
Name \s: #REF!
Name \s: #REF!
Name \t: [3]INSUMOS!#REF!
Name \t: [1]INSUMOS!#REF!
Name \t: [3]INSUMOS!#REF!
Name \t: [2]INSUMOS!#REF!
Name \t: [2]INSUMOS!#REF!
Name \t: [1]INSUMOS!#REF!
Name \t: [3]INSUMOS!#REF!
Name \x: [3]INSUMOS!#REF!
Name \x: [1]INSUMOS!#REF!
Name \x: [3]INSUMOS!#REF!

Sheet INFO GENERAL
B2: SECRETARIA GENERAL | H2: #VALUE!
B3: GRUPO TÉCNICO
B4: CALCULO ADMINISTRACIÓN, IMPREVISTOS, UTILIDAD - AIU
B6: OBJETO DEL CONTRATO | C6: IMPLEMENTACIÓN DE ESTRATEGIAS INTEGRALES PARTICIPATIVAS PARA LA RESTAURACIÓN Y REHABILITACIÓN ECOLÓGICA, USO SOSTENIBLE Y GESTIÓN INTEGRAL DE LA MICROCUENCA EL TEJAR EN EL MUNICIPIO DE CHOCONTÁ.
B7: ALCANCE | C7: Generar acciones integrales de restauración participativa en la microcuenca El Tejar, por medio de acciones de restauracióny rehabilitación ecológica, sistemas productivos sostenibles articulados con los procesos sociales de gestión gestión del territorio, en el municipio de Chocontá.
B9: COSTO DIRECTO DE OBRA (CD) | C9: 2.495412e+09 | D9: COP | F9: VALOR ANTICIPO (% ) | H9: 0
B10: PLAZO DE EJECUCION | C10: 10 | D10: MESES | F10: SMMLV | H10: 1300000
B12: OBJETIVO GENERAL | C12: Implementación de estrategias integrales participativas para la restauración y rehabilitación ecológica, uso sostenible y gestión integral de la microcuenca el tejar en el municipio de Chocontá.
B13: OBJETIVOS ESPECIFICOS | C13: Implementar acciones de restauración de los ecosistemas altoandinos.
C15: Integración de prácticas sostenibles en agroecosistemas de las áreas de influencia.
C17: Articular los procesos sociales con la gestión ambiental del territorio.

Sheet RECURSO HUMANO
B2: SECRETARIA GENERAL | I2: #VALUE!
B3: GRUPO TÉCNICO
B4: =+'INFO GENERAL'!B4 -> CALCULO ADMINISTRACIÓN, IMPREVISTOS, UTILIDAD - AIU
B6: PERSONAL PROFESIONAL / TÉCNICO / ADMINISTRATIVO
B8: PERSONAL | C8: CATEGORÍA | E8: CANTIDAD | F8: SALARIO U HONORARIOS | G8: SMMLV | H8: DEDICACIÓN | I8: FP PRESTACIONAL | J8: ALERTAS
A9: 1 | B9: COORDINADOR DEL PROYECTO | C9: Especialista | E9: =ROUNDUP(SUMIFS('PLAN OPERATIVO'!$CL$11:$CL$79,'PLAN OPERATIVO'!$D$11:$D$79,'RECURSO HUMANO'!B9)/DEDICACIÓN!$Y$5,0) -> 1 | F9: 8946068 | G9: =F9/'INFO GENERAL'!$H$10 -> 6.8815908 | H9: =+DEDICACIÓN!C93 -> 0.49 | I9: =+'FACTOR PRESTACIONAL'!D36 -> 1.6625417 | J9: =IF(H9>1,"ES NECESARIO DOS PROFESIONALES","")
A10: 2 | B10: PROFESIONAL DE APOYO SIG | C10: Profesional | E10: =ROUNDUP(SUMIFS('PLAN OPERATIVO'!$CL$11:$CL$79,'PLAN OPERATIVO'!$D$11:$D$79,'RECURSO HUMANO'!B10)/DEDICACIÓN!$Y$5,0) -> 1 | F10: 6553517 | G10: =F10/'INFO GENERAL'!$H$10 -> 5.0411669 | H10: =+DEDICACIÓN!C94 -> 0.25 | I10: =+'FACTOR PRESTACIONAL'!H36 -> 1.6625417 | J10: =IF(H10>1,"ES NECESARIO DOS PROFESIONALES","")
A11: 3 | B11: PROFESIONAL BIÓLOGO CON ÉNFASIS EN RESTAURACIÓN ECOLÓGICA | C11: Profesional | E11: =ROUNDUP(SUMIFS('PLAN OPERATIVO'!$CL$11:$CL$79,'PLAN OPERATIVO'!$D$11:$D$79,'RECURSO HUMANO'!B11)/DEDICACIÓN!$Y$5,0) -> 1 | F11: 6553517 | G11: =F11/'INFO GENERAL'!$H$10 -> 5.0411669 | H11: =+DEDICACIÓN!C95 -> 0.71 | I11: =+'FACTOR PRESTACIONAL'!L36 -> 1.6625417 | J11: =IF(H11>1,"ES NECESARIO DOS PROFESIONALES","")
A12: 4 | B12: TÉCNICO AMBIENTAL RESIDENTE | C12: Técnico | E12: =ROUNDUP(SUMIFS('PLAN OPERATIVO'!$CL$11:$CL$79,'PLAN OPERATIVO'!$D$11:$D$79,'RECURSO HUMANO'!B12)/DEDICACIÓN!$Y$5,0) -> 1 | F12: 2600604 | G12: =F12/'INFO GENERAL'!$H$10 -> 2.0004646 | H12: =+DEDICACIÓN!C96 -> 0.98 | I12: =+'FACTOR PRESTACIONAL'!P36 -> 1.6625417 | J12: =IF(H12>1,"ES NECESARIO DOS PROFESIONALES","")
A13: 5 | B13: PROFESIONAL AGROECOSISTEMAS, INGENIERO FORESTAL O INGENIERO AGRÓNOMO | C13: Profesional | E13: =ROUNDUP(SUMIFS('PLAN OPERATIVO'!$CL$11:$CL$79,'PLAN OPERATIVO'!$D$11:$D$79,'RECURSO HUMANO'!B13)/DEDICACIÓN!$Y$5,0) -> 1 | F13: 8946068 | G13: =F13/'INFO GENERAL'!$H$10 -> 6.8815908 | H13: =+DEDICACIÓN!C97 -> 0.975 | I13: =+'FACTOR PRESTACIONAL'!T36 -> 1.6625417 | J13: =IF(H13>1,"ES NECESARIO DOS PROFESIONALES","")
A14: 6 | B14: PROFESIONAL SOCIAL I | C14: Profesional | E14: =ROUNDUP(SUMIFS('PLAN OPERATIVO'!$CL$11:$CL$79,'PLAN OPERATIVO'!$D$11:$D$79,'RECURSO HUMANO'!B14)/DEDICACIÓN!$Y$5,0) -> 1 | F14: 8946068 | G14: =F14/'INFO GENERAL'!$H$10 -> 6.8815908 | H14: =+DEDICACIÓN!C98 -> 0.968 | I14: =+'FACTOR PRESTACIONAL'!X36 -> 1.6625417 | J14: =IF(H14>1,"ES NECESARIO DOS PROFESIONALES","")
A15: 7 | B15: PROFESIONAL SOCIAL II | C15: Profesional | E15: =ROUNDUP(SUMIFS('PLAN OPERATIVO'!$CL$11:$CL$79,'PLAN OPERATIVO'!$D$11:$D$79,'RECURSO HUMANO'!B15)/DEDICACIÓN!$Y$5,0) -> 1 | F15: 5409251 | G15: =F15/'INFO GENERAL'!$H$10 -> 4.1609623 | H15: =+DEDICACIÓN!C99 -> 0.966 | I15: =+'FACTOR PRESTACIONAL'!AB36 -> 1.6625417 | J15: =IF(H15>1,"ES NECESARIO DOS PROFESIONALES","")
A16: 8 | B16: PROFESIONAL EN RIESGOS | C16: Profesional | E16: =ROUNDUP(SUMIFS('PLAN OPERATIVO'!$CL$11:$CL$79,'PLAN OPERATIVO'!$D$11:$D$79,'RECURSO HUMANO'!B16)/DEDICACIÓN!$Y$5,0) -> 1 | F16: 6553517 | G16: =F16/'INFO GENERAL'!$H$10 -> 5.0411669 | H16: =+DEDICACIÓN!C100 -> 0.27 | I16: =+'FACTOR PRESTACIONAL'!AF36 -> 1.6625417 | J16: =IF(H16>1,"ES NECESARIO DOS PROFESIONALES","")
E17: =ROUNDUP(SUMIFS('PLAN OPERATIVO'!$CL$11:$CL$79,'PLAN OPERATIVO'!$D$11:$D$79,'RECURSO HUMANO'!B17)/DEDICACIÓN!$Y$5,0) -> 0

Sheet PLAN OPERATIVO
B2: SECRETARIA GENERAL | CO2: #VALUE!
B3: GRUPO TÉCNICO
B4: =+'INFO GENERAL'!B4 -> CALCULO ADMINISTRACIÓN, IMPREVISTOS, UTILIDAD - AIU
B6: PLAN OPERATIVO
B8: ALCANCE
B9: ACTIVIDADES MACRO A REALIZAR | C9: Detalle | D9: PERSONAL | E9: C | F9: MES 1 | J9: MES 2 | N9: MES 3 | R9: MES 4 | V9: MES 5 | Z9: MES 6 | AD9: MES 7 | AH9: MES 8 | AL9: MES 9 | AP9: MES 10 | AT9: MES 11 | AX9: MES 12 | BB9: MES 13 | BF9: MES 14 | BJ9: MES 15 | BN9: MES 16 | BR9: MES 17 | BV9: MES 18 | BZ9: MES 19 | CD9: MES 20 | CH9: MES 21 | CL9: TOTAL | CM9: PRODUCTO | CN9: OBJETIVOS ESPECIFICOS | CO9: OBJETIVO GENERAL
F10: 1 | G10: 2 | H10: 3 | I10: 4 | J10: 1 | K10: 2 | L10: 3 | M10: 4 | N10: 1 | O10: 2 | P10: 3 | Q10: 4 | R10: 1 | S10: 2 | T10: 3 | U10: 4 | V10: 1 | W10: 2 | X10: 3 | Y10: 4 | Z10: 1 | AA10: 2 | AB10: 3 | AC10: 4 | AD10: 1 | AE10: 2 | AF10: 3 | AG10: 4 | AH10: 1 | AI10: 2 | AJ10: 3 | AK10: 4 | AL10: 1 | AM10: 2 | AN10: 3 | AO10: 4 | AP10: 1 | AQ10: 2 | AR10: 3 | AS10: 4 | AT10: 1 | AU10: 2 | AV10: 3 | AW10: 4 | AX10: 1 | AY10: 2 | AZ10: 3 | BA10: 4 | BB10: 1 | BC10: 2 | BD10: 3 | BE10: 4 | BF10: 1 | BG10: 2 | BH10: 3 | BI10: 4 | BJ10: 1 | BK10: 2 | BL10: 3 | BM10: 4 | BN10: 1 | BO10: 2 | BP10: 3 | BQ10: 4 | BR10: 1 | BS10: 2 | BT10: 3 | BU10: 4 | BV10: 1 | BW10: 2 | BX10: 3 | BY10: 4 | BZ10: 1 | CA10: 2 | CB10: 3 | CC10: 4 | CD10: 1 | CE10: 2 | CF10: 3 | CG10: 4 | CH10: 1 | CI10: 2 | CJ10: 3 | CK10: 4
B11: Estudios de los documentos del proyecto (diseños, especificaciones, documentos y demas informacion para el desarrollo del contrato). | C11: =IF(COUNTIFS($B$11:$B$79,B11)=0,"",COUNTIFS($B$11:$B$79,B11)) -> 1 | D11: COORDINADOR DEL PROYECTO | E11: P | F11: 2 | CL11: =SUM(F11:CK11) -> 2 | CM11: Documento con el plan de trabajo y metodologico para la etapa de obra | CN11: Reportar periodicamente el avance de ejecución del proyecto tanto técnica, social y presupestalmente | CO11: Codinar con el equipo de trabajo la ejecución del proyecto de acuerdo dando cumplimiento al plan de trabajo, la metodologia participativa e incidente de las comunidades y el presupuesto aprobado.
B12: Coordinar la construcción de metodologías y el cronograma general del proyecto con el apoyo del equipo de profesionales para el tiempo de obra. | C12: =IF(COUNTIFS($B$11:$B$79,B12)=0,"",COUNTIFS($B$11:$B$79,B12)) -> 1 | D12: COORDINADOR DEL PROYECTO | E12: P | F12: 2 | CL12: =SUM(F12:CK12) -> 2
B13: Realizar la coordinación, seguimiento, acompañamiento y cumplimiento de los componentes y actividades de obra, técnicas, sociales, operativas, administrativas y financieras del proyecto. | C13: =IF(COUNTIFS($B$11:$B$79,B13)=0,"",COUNTIFS($B$11:$B$79,B13)) -> 1 | D13: COORDINADOR DEL PROYECTO | E13: P | F13: 0.3 | G13: 1.4 | H13: 1.4 | I13: 0.7 | J13: 0.8 | K13: 1.4 | L13: 1.4 | M13: 0.7 | N13: 0.8 | O13: 1.4 | P13: 1.4 | Q13: 0.7 | R13: 0.8 | S13: 1.4 | T13: 1.4 | U13: 0.7 | V13: 0.8 | W13: 1.4 | X13: 1.4 | Y13: 0.7 | Z13: 0.8 | AA13: 1.4 | AB13: 1.4 | AC13: 0.7 | AD13: 0.8 | AE13: 1.4 | AF13: 1.4 | AG13: 0.7 | AH13: 0.8 | AI13: 1.4 | AJ13: 1.4 | AK13: 0.7 | AL13: 0.8 | AM13: 1.4 | AN13: 1.4 | AO13: 0.7 | AP13: 0.8 | AQ13: 1.4 | AR13: 1.4 | CL13: =SUM(F13:CK13) -> 41.8 | CM13: Informe mensual de ejecución según plan de trabajo y presupuesto
B14: Solucionar oportunamente las dificultades que se presenten en la ejecución de la obra | D14: COORDINADOR DEL PROYECTO | E14: P | G14: 0.2 | H14: 0.2 | I14: 0.2 | J14: 0.2 | K14: 0.2 | L14: 0.2 | M14: 0.2 | N14: 0.2 | O14: 0.2 | P14: 0.2 | Q14: 0.2 | R14: 0.2 | S14: 0.2 | T14: 0.2 | U14: 0.2 | V14: 0.2 | W14: 0.2 | X14: 0.2 | Y14: 0.2 | Z14: 0.2 | AA14: 0.2 | AB14: 0.2 | AC14: 0.2 | AD14: 0.2 | AE14: 0.2 | AF14: 0.2 | AG14: 0.2 | AH14: 0.2 | AI14: 0.2 | AJ14: 0.2 | AK14: 0.2 | AL14: 0.2 | AM14: 0.2 | AN14: 0.2 | AO14: 0.2 | AP14: 0.2 | AQ14: 0.2 | AR14: 0.2 | CL14: =SUM(F14:CK14) -> 7.6 | CM14: Documento informe que contenga reporte de la gestión
B15: Asegurar que las actividades del proyecto se realicen de acuerdo con los objetivos, el cronograma y el presupuesto establecido | D15: COORDINADOR DEL PROYECTO | E15: P | G15: 0.2 | H15: 0.2 | I15: 0.2 | J15: 0.2 | K15: 0.2 | L15: 0.2 | M15: 0.2 | N15: 0.2 | O15: 0.2 | P15: 0.2 | Q15: 0.2 | R15: 0.2 | S15: 0.2 | T15: 0.2 | U15: 0.2 | V15: 0.2 | W15: 0.2 | X15: 0.2 | Y15: 0.2 | Z15: 0.2 | AA15: 0.2 | AB15: 0.2 | AC15: 0.2 | AD15: 0.2 | AE15: 0.2 | AF15: 0.2 | AG15: 0.2 | AH15: 0.2 | AI15: 0.2 | AJ15: 0.2 | AK15: 0.2 | AL15: 0.2 | AM15: 0.2 | AN15: 0.2 | AO15: 0.2 | AP15: 0.2 | AQ15: 0.2 | AR15: 0.2 | CL15: =SUM(F15:CK15) -> 7.6 | CM15: Informe de avance periodido de las actividades implemtadas, ajustes, ejecución presupuestal
B16: Realizar el seguimiento continuo de las actividades en campo y con las comunidades, garantizando que se ajusten a los planes establecidos y proponiendo ajustes en caso de ser necesario. | D16: COORDINADOR DEL PROYECTO | E16: P | G16: 0.5 | H16: 0.5 | I16: 0.3 | J16: 0.5 | K16: 0.5 | L16: 0.5 | M16: 0.3 | N16: 0.5 | O16: 0.5 | P16: 0.5 | Q16: 0.3 | R16: 0.5 | S16: 0.5 | T16: 0.5 | U16: 0.3 | V16: 0.5 | W16: 0.5 | X16: 0.5 | Y16: 0.3 | Z16: 0.5 | AA16: 0.5 | AB16: 0.5 | AC16: 0.3 | AD16: 0.5 | AE16: 0.5 | AF16: 0.5 | AG16: 0.3 | AH16: 0.5 | AI16: 0.5 | AJ16: 0.5 | AK16: 0.3 | AL16: 0.5 | AM16: 0.5 | AN16: 0.5 | AO16: 0.3 | AP16: 0.5 | AQ16: 0.5 | AR16: 0.5 | CL16: =SUM(F16:CK16) -> 17.2
B17: Coordinar la ejecución financiera del proyecto, revisando informes y asegurando la correcta asignación de recursos. | D17: COORDINADOR DEL PROYECTO | E17: P | G17: 0.4 | H17: 0.4 | I17: 0.3 | J17: 1 | K17: 0.4 | L17: 0.4 | M17: 0.3 | N17: 1 | O17: 0.4 | P17: 0.4 | Q17: 0.3 | R17: 1 | S17: 0.4 | T17: 0.4 | U17: 0.3 | V17: 1 | W17: 0.4 | X17: 0.4 | Y17: 0.3 | Z17: 1 | AA17: 0.4 | AB17: 0.4 | AC17: 0.3 | AD17: 1 | AE17: 0.4 | AF17: 0.4 | AG17: 0.3 | AH17: 1 | AI17: 0.4 | AJ17: 0.4 | AK17: 0.3 | AL17: 1 | AM17: 0.4 | AN17: 0.4 | AO17: 0.3 | AP17: 1 | AQ17: 0.4 | AR17: 0.4 | CL17: =SUM(F17:CK17) -> 19.7 | CM17: Documentos con la evidencia de la cordinación de la ejecución interdiciplinaria con el equipo del proyecto
B18: Articular con actores locales, comunidades, y las entidades que corresponda, facilitando su participación en el proyecto. | C18: =IF(COUNTIFS($B$11:$B$79,B18)=0,"",COUNTIFS($B$11:$B$79,B18)) -> 1 | D18: COORDINADOR DEL PROYECTO | E18: P | G18: 0.2 | H18: 0.2 | I18: 0.2 | J18: 0.2 | K18: 0.2 | L18: 0.2 | M18: 0.2 | N18: 0.2 | O18: 0.2 | P18: 0.2 | Q18: 0.2 | R18: 0.2 | S18: 0.2 | T18: 0.2 | U18: 0.2 | V18: 0.2 | W18: 0.2 | X18: 0.2 | Y18: 0.2 | Z18: 0.2 | AA18: 0.2 | AB18: 0.2 | AC18: 0.2 | AD18: 0.2 | AE18: 0.2 | AF18: 0.2 | AG18: 0.2 | AH18: 0.2 | AI18: 0.2 | AJ18: 0.2 | AK18: 0.2 | AL18: 0.2 | AM18: 0.2 | AN18: 0.2 | AO18: 0.2 | AP18: 0.2 | AQ18: 0.2 | CL18: =SUM(F18:CK18) -> 7.4 | CN18: Cordinar con el equipo de profesionales del proyecto una ejecución participativa e inerdiciplinaria
B19: Preparar y entregar informes periódicos y finales, así como documentos que incluyan resultados técnicos, administrativos, sociales y financieros, con el paso a paso para replicar la experiencia. | C19: =IF(COUNTIFS($B$11:$B$79,B19)=0,"",COUNTIFS($B$11:$B$79,B19)) -> 1 | D19: COORDINADOR DEL PROYECTO | E19: P | I19: 1 | M19: 1 | Q19: 1 | U19: 1 | Y19: 1 | AC19: 1 | AG19: 1 | AK19: 1 | AO19: 1 | AR19: 0.2 | AS19: 3 | CL19: =SUM(F19:CK19) -> 12.2 | CM19: Informes bimensuales de acuerdo a los terminos definidos en el contrato
B20: Implementar un sistema de monitoreo SIG que permita la digitalización, espacialización y georreferenciación de información primaria, así como el análisis de cambios en las áreas de intervención, incluyendo el cálculo de áreas, mapas de coberturas y actualización de imágenes satelitales o por uso de drones. | D20: PROFESIONAL DE APOYO SIG | E20: P | F20: 0.7 | G20: 0.7 | H20: 0.7 | I20: 0.7 | J20: 0.7 | K20: 0.7 | L20: 0.7 | M20: 0.7 | N20: 0.7 | O20: 0.7 | P20: 0.7 | Q20: 0.7 | R20: 0.7 | S20: 0.7 | T20: 0.7 | U20: 0.7 | V20: 0.7 | W20: 0.7 | X20: 0.7 | Y20: 0.7 | Z20: 0.7 | AA20: 0.7 | AB20: 0.7 | AC20: 0.7 | AD20: 0.7 | AE20: 0.7 | AF20: 0.7 | AG20: 0.7 | AH20: 0.7 | AI20: 0.7 | AJ20: 0.7 | AK20: 0.7 | AL20: 0.7 | AM20: 0.7 | AN20: 0.7 | AO20: 0.7 | AP20: 0.7 | AQ20: 0.7 | AR20: 0.7 | AS20: 0.7 | CL20: =SUM(F20:CK20) -> 28 | CM20: Mapas temáticos que representen aspectos críticos como la distribución de recursos hídricos, áreas de intervención, zonas degradadas por procesos erosivos. | CN20: Realizar un monitoreo continuo de las intervenciones realizadas | CO20: Apoyar la ejecución de un proyecto de restauración de microcuencas, mediante la elaboración de mapas temáticos que representen la distribución y estado de los recursos hídricos, áreas prioritarias para reforestación y conservación, zonas afectadas por contaminación y degradación ambiental.
B21: Apoyar la socialización de los resultados y avances del proyecto con las partes interesadas, garantizando que la información sea accesible y comprensible para todos los involucrados | D21: PROFESIONAL DE APOYO SIG | E21: P | F21: 0.3 | G21: 0.3 | H21: 0.3 | I21: 0.3 | J21: 0.3 | K21: 0.3 | L21: 0.3 | M21: 0.3 | N21: 0.3 | O21: 0.3 | P21: 0.3 | Q21: 0.3 | R21: 0.3 | S21: 0.3 | T21: 0.3 | U21: 0.3 | V21: 0.3 | W21: 0.3 | X21: 0.3 | Y21: 0.3 | Z21: 0.3 | AA21: 0.3 | AB21: 0.3 | AC21: 0.3 | AD21: 0.3 | AE21: 0.3 | AF21: 0.3 | AG21: 0.3 | AH21: 0.3 | AI21: 0.3 | AJ21: 0.3 | AK21: 0.3 | AL21: 0.3 | AM21: 0.3 | AN21: 0.3 | AO21: 0.3 | AP21: 0.3 | AQ21: 0.3 | AR21: 0.3 | AS21: 0.3 | CL21: =SUM(F21:CK21) -> 12 | CN21: Elaborar la información cartográficas necesaria para comunicar oportunamente el avance del proyecto en sus diferentes aspectos técnicos y sociales
B22: Trabajar en conjunto con otros profesionales, como ecologistas, ingenieros y gestores de recursos hídricos, para asegurar un enfoque integral en la restauración de microcuencas | D22: PROFESIONAL DE APOYO SIG | E22: P | F22: 0.2 | G22: 0.2 | H22: 0.2 | I22: 0.2 | J22: 0.2 | K22: 0.2 | L22: 0.2 | M22: 0.2 | N22: 0.2 | O22: 0.2 | P22: 0.2 | Q22: 0.2 | R22: 0.2 | S22: 0.2 | T22: 0.2 | U22: 0.2 | V22: 0.2 | W22: 0.2 | X22: 0.2 | Y22: 0.2 | Z22: 0.2 | AA22: 0.2 | AB22: 0.2 | AC22: 0.2 | AD22: 0.2 | AE22: 0.2 | AF22: 0.2 | AG22: 0.2 | AH22: 0.2 | AI22: 0.2 | AJ22: 0.2 | AK22: 0.2 | AL22: 0.2 | AM22: 0.2 | AN22: 0.2 | AO22: 0.2 | AP22: 0.2 | AQ22: 0.2 | AR22: 0.2 | AS22: 0.2 | CL22: =SUM(F22:CK22) -> 8 | CN22: Desarrllar las actividades del proyecto con un enfoque interdiciplinario
B23: Elaborar los informes mensuales y los solicitados por el coordinador del proyecto. | D23: PROFESIONAL DE APOYO SIG | E23: P | I23: 1 | M23: 1 | Q23: 1 | U23: 1 | Y23: 1 | AC23: 1 | AG23: 1 | AK23: 1 | AO23: 1 | AS23: 2 | CL23: =SUM(F23:CK23) -> 11 | CM23: Informes mensuales de actividades. | CN23: Informar oportunamente el avance del proyecto a través de información georeferenciada
B24: Coordinar la implementación de los procesos de rehabilitación y enriquecimiento ecológico participativo con enfoque ecosistémico en las áreas definidas en la microcuenca del río Tejar. | C24: =IF(COUNTIFS($B$11:$B$79,B24)=0,"",COUNTIFS($B$11:$B$79,B24)) -> 1 | D24: PROFESIONAL BIÓLOGO CON ÉNFASIS EN RESTAURACIÓN ECOLÓGICA | E24: P | F24: 0.4 | G24: 1.1 | H24: 1.1 | I24: 0.5 | J24: 1.6 | K24: 0.6 | L24: 1.1 | M24: 0.5 | N24: 1.6 | O24: 1.1 | P24: 1.1 | Q24: 0.6 | R24: 1.6 | S24: 2.2 | T24: 1.1 | U24: 0.5 | V24: 2.1 | W24: 2.1 | X24: 1.8 | Y24: 1.5 | Z24: 2.1 | AA24: 1.8 | AB24: 1.8 | AC24: 1.5 | AD24: 1.6 | AE24: 2.1 | AF24: 1.6 | AG24: 1.5 | AH24: 1.6 | AI24: 2.1 | AJ24: 2.1 | AK24: 1.5 | AL24: 1.6 | AM24: 1.6 | AN24: 2.1 | AO24: 1.1 | CL24: =SUM(F24:CK24) -> 51.9 | CM24: Informes mensuales de actividades. | CN24: Coordinar la implementación de los procesos de rehabilitación y enriquecimiento ecológico participativo en la microcuenca del río Tejar | CO24: Implementar los procesos de rehabilitación y enriquecimiento ecológico participativo con enfoque ecosistémico en las áreas definidas en la microcuenca del río Tejar
B25: Apoyar y coordinar con los componentes de Gestión Integral del territorio y de Prácticas Sostenibles la gestión y firma de acuerdos de conservación con actores sociales para el desarrollo de procesos de rehabilitación ecológica, enriquecimiento ecológico y sistemas sostenibles. | C25: =IF(COUNTIFS($B$11:$B$79,B25)=0,"",COUNTIFS($B$11:$B$79,B25)) -> #VALUE! | D25: PROFESIONAL BIÓLOGO CON ÉNFASIS EN RESTAURACIÓN ECOLÓGICA | E25: P | F25: 1.5 | G25: 0.5 | H25: 1 | I25: 1 | J25: 1 | K25: 1.5 | L25: 1 | M25: 1 | N25: 1 | O25: 1 | P25: 1 | R25: 1 | T25: 1 | U25: 1 | CL25: =SUM(F25:CK25) -> 14.5 | CM25: Acuerdos de conservación firmados | CN25: Apoyar y coordinar la firma de acuerdos de conservación con actores sociales para el desarrollo de procesos de rehabilitación ecológica, enriquecimiento ecológico y sistemas sostenibles.
B26: Apoyar con el coordinador del proyecto la elaboración del cronograma y metodologías de trabajo. | C26: =IF(COUNTIFS($B$11:$B$79,B26)=0,"",COUNTIFS($B$11:$B$79,B26)) -> 1 | D26: PROFESIONAL BIÓLOGO CON ÉNFASIS EN RESTAURACIÓN ECOLÓGICA | E26: P | F26: 2 | CL26: =SUM(F26:CK26) -> 2 | CM26: Cronograma y metodologías de trabajo concertadas | CN26: Apoyar la elaboración del cronograma y metodologías de trabajo.
B27: Coordinar y desarrollar con el equipo del componente de Gestión Integral del Territorio las reuniones y talleres de participación comunitaria en los procesos de restauración ecológica. | C27: =IF(COUNTIFS($B$11:$B$79,B27)=0,"",COUNTIFS($B$11:$B$79,B27)) -> 1 | D27: PROFESIONAL BIÓLOGO CON ÉNFASIS EN RESTAURACIÓN ECOLÓGICA | E27: P | F27: 1.5 | G27: 2.5 | H27: 2 | I27: 1.8 | J27: 1.5 | K27: 2 | L27: 2 | M27: 1.8 | N27: 1.5 | O27: 2 | P27: 2 | Q27: 2.5 | R27: 1.5 | S27: 2 | T27: 2 | U27: 1.8 | V27: 2 | W27: 2 | X27: 2.3 | Y27: 1.8 | Z27: 2 | AA27: 2.3 | AB27: 2.3 | AC27: 1.8 | AD27: 2.5 | AE27: 2 | AF27: 2.5 | AG27: 1.8 | AH27: 2.5 | AI27: 2 | AJ27: 2 | AK27: 1.8 | AL27: 2.5 | AM27: 2.5 | AN27: 2 | AO27: 2 | AP27: 2 | AQ27: 2 | AR27: 2.5 | AS27: 1.5 | CL27: =SUM(F27:CK27) -> 81 | CM27: Listados de asistencia y actas de reunión | CN27: Coordinar y desarrollar reuniones y talleres de participación comunitaria enfocadas a promover procesos de restauración ecológica.
B28: Elaboración de los informes mensuales de cumplimiento de obligaciones asignadas y ejecución de productos del proyecto. | C28: =IF(COUNTIFS($B$11:$B$79,B28)=0,"",COUNTIFS($B$11:$B$79,B28)) -> 1 | D28: PROFESIONAL BIÓLOGO CON ÉNFASIS EN RESTAURACIÓN ECOLÓGICA | E28: P | I28: 1 | M28: 1 | Q28: 1 | U28: 1 | Y28: 1 | AC28: 1 | AG28: 1 | AK28: 1 | AO28: 3.8 | AP28: 2.1 | AQ28: 2.1 | AR28: 1.6 | AS28: 2.6 | CL28: =SUM(F28:CK28) -> 20.2 | CM28: 10 informes mensuales y 1 final | CN28: Elaborar informes mensuales de cumplimiento de obligaciones asignadas y ejecución de productos del proyecto.
B29: Coordinación y apoyo en las labores de campo, en el establecimiento y mantenimiento de las actividades de restauración/rehabilitación ecológica de las estrategias a implementar. | C29: =IF(COUNTIFS($B$11:$B$79,B29)=0,"",COUNTIFS($B$11:$B$79,B29)) -> 1 | D29: TÉCNICO AMBIENTAL RESIDENTE | E29: P | F29: 5 | G29: 5 | H29: 5 | I29: 4 | J29: 4.8 | K29: 4.8 | L29: 4.8 | M29: 4.1 | N29: 4.8 | O29: 4.8 | P29: 4.8 | Q29: 4.1 | R29: 4.8 | S29: 4.8 | T29: 4.8 | U29: 4.1 | V29: 4.8 | W29: 4.8 | X29: 4.8 | Y29: 4.1 | Z29: 4.8 | AA29: 4.8 | AB29: 4.8 | AC29: 4.1 | AD29: 4.8 | AE29: 4.8 | AF29: 4.8 | AG29: 4.8 | AH29: 5.8 | AI29: 5.8 | AJ29: 5.8 | AK29: 5 | AL29: 5.8 | AM29: 5.8 | AN29: 4.8 | AO29: 4.8 | AP29: 1 | AQ29: 1 | CL29: =SUM(F29:CK29) -> 176.3 | CM29: Informe mensual de actividades. | CN29: Apoyar el adecuado desarrollo de las actividades de restauración/rehabilitación ecológica de las zonas priorazadas en las microcuencas. | CO29: Apoyar en campo el establecimiento de todas las estrategias de rehabilitación ecológica en las microcuencas El Tunjo y Lagunero.
B30: Apoyo en el establecimiento de los sistemas silvopastoriles y de las estrategias a implementar en los procesos de reconversión productiva. | C30: =IF(COUNTIFS($B$11:$B$79,B30)=0,"",COUNTIFS($B$11:$B$79,B30)) -> 1 | D30: TÉCNICO AMBIENTAL RESIDENTE | E30: P | F30: 1 | G30: 1 | H30: 1 | I30: 1 | J30: 1 | K30: 1 | L30: 1 | M30: 1 | N30: 1 | O30: 1 | P30: 1 | Q30: 1 | R30: 1 | S30: 1 | T30: 1 | U30: 1 | V30: 1 | W30: 1 | X30: 1 | Y30: 1 | Z30: 1 | AA30: 1 | AB30: 1 | AC30: 1 | AD30: 1 | AE30: 1 | AF30: 1 | AN30: 1 | AO30: 1 | AP30: 1 | AQ30: 1 | AR30: 1 | CL30: =SUM(F30:CK30) -> 32
B31: Elaboración de los informes periódicos de cumplimiento de obligaciones asignadas y ejecución de productos del proyecto. | C31: =IF(COUNTIFS($B$11:$B$79,B31)=0,"",COUNTIFS($B$11:$B$79,B31)) -> 1 | D31: TÉCNICO AMBIENTAL RESIDENTE | E31: P | F31: 0 | G31: 0 | H31: 0 | I31: 1 | J31: 0 | K31: 0 | L31: 0 | M31: 1 | N31: 0 | O31: 0 | P31: 0 | Q31: 1 | R31: 0 | S31: 0 | T31: 0 | U31: 1 | V31: 0 | W31: 0 | X31: 0 | Y31: 1 | Z31: 0 | AA31: 0 | AB31: 0 | AC31: 1 | AD31: 0 | AE31: 0 | AF31: 0 | AG31: 1 | AH31: 0 | AI31: 0 | AJ31: 0 | AK31: 1 | AL31: 0 | AM31: 0 | AN31: 0 | AO31: 1 | AP31: 3.8 | AQ31: 3.8 | AR31: 4.8 | AS31: 5.8 | CL31: =SUM(F31:CK31) -> 27.2 | CM31: Informes periodicos debidamente soportados. | CN31: Elaborar los soportes correspondientes de las actividades realizadas para el proceso de restauración/rehabilitación ecológica.
B32: Participar con el coordinador y el resto del equipo técnico del proyecto la elaboración del cronograma y metodologías de trabajo. | C32: =IF(COUNTIFS($B$11:$B$79,B32)=0,"",COUNTIFS($B$11:$B$79,B32)) -> 1 | D32: PROFESIONAL AGROECOSISTEMAS, INGENIERO FORESTAL O INGENIERO AGRÓNOMO | E32: P | F32: 2 | CL32: =SUM(F32:CK32) -> 2
B33: Dirigir la implementación de los sistemas silvopastoriles (SSP), de acuerdo con el diseño agroecológico iniciando con el establecimiento de cercas | C33: =IF(COUNTIFS($B$11:$B$79,B33)=0,"",COUNTIFS($B$11:$B$79,B33)) -> 1 | D33: PROFESIONAL AGROECOSISTEMAS, INGENIERO FORESTAL O INGENIERO AGRÓNOMO | E33: P | F33: 1 | G33: 4.3 | H33: 3 | I33: 3 | J33: 2.8 | CL33: =SUM(F33:CK33) -> 14.1 | CM33: Informe mensual con el estado de la implementación de los sistemas silvopastoriles | CN33: Implementar los sistemas silvopastoriles iniciando con el establecimiento de cercas. | CO33: Realizar la implementación, mantenimiento y seguimiento, de las estrategias de agroecosistemas sostenibles propuestos durante la fase de consultoría, para el componente productivo de los predios, que apunten al mejoramiento del uso y conservación de los recursos naturales suelo, agua y aire, además de implementar medidas de adaptación al cambio climático
B34: Dirigir la plantación de árboles para los sistemas silvopastoriles | C34: =IF(COUNTIFS($B$11:$B$79,B34)=0,"",COUNTIFS($B$11:$B$79,B34)) -> 1 | D34: PROFESIONAL AGROECOSISTEMAS, INGENIERO FORESTAL O INGENIERO AGRÓNOMO | E34: P | K34: 3.8 | L34: 2.8 | M34: 3 | N34: 1.8 | CL34: =SUM(F34:CK34) -> 11.4 | CM34: Documento con las evidencias de la siembra de los árboles y de la implementación de los sistemas silvopastoriles
B35: Dirigir la implementación del establecimiento de abonos verdes, de acuerdo con el diseño agroecológico. | D35: PROFESIONAL AGROECOSISTEMAS, INGENIERO FORESTAL O INGENIERO AGRÓNOMO | E35: P | O35: 3.8 | P35: 2.3 | Q35: 3 | R35: 1.8 | AC35: 2 | AD35: 2 | CL35: =SUM(F35:CK35) -> 14.9 | CM35: Documento que detalle las técnicas seleccionadas y aplicadas para la recuperación de suelos, incluyendo la implementación de bioregeneradores. Informe que registre el monitoreo mensual de las áreas intervenidas, incluyendo el estado del suelo, la efectividad de las prácticas de recuperación y las acciones correctivas necesarias.
B36: Dirigir la implementación del establecimiento del aumento de coberturas, de acuerdo con el diseño agroecológico. | D36: PROFESIONAL AGROECOSISTEMAS, INGENIERO FORESTAL O INGENIERO AGRÓNOMO | E36: P | R36: 2 | S36: 1.5 | T36: 0.5 | U36: 2.2 | V36: 2 | CL36: =SUM(F36:CK36) -> 8.2
B37: Dirigir el primer mantenimiento de la plantación de árboles de los sistemas silvopastoriles | C37: =IF(COUNTIFS($B$11:$B$79,B37)=0,"",COUNTIFS($B$11:$B$79,B37)) -> 1 | D37: PROFESIONAL AGROECOSISTEMAS, INGENIERO FORESTAL O INGENIERO AGRÓNOMO | E37: P | Z37: 1.5 | AA37: 1.5 | AB37: 2 | AC37: 0.8 | CL37: =SUM(F37:CK37) -> 5.8 | CM37: Documento que detalle el estado de los árboles y de todos los componentes de los sistemas silvopastoriles | CN37: Realizar la resiembra del material forestal y dos mantenimientos a todo el material plantado en los sistemas silvopastoriles.
B38: Dirigir el segundo mantenimiento de la plantación de árboles de los sistemas silvopastoriles | C38: =IF(COUNTIFS($B$11:$B$79,B38)=0,"",COUNTIFS($B$11:$B$79,B38)) -> 1 | D38: PROFESIONAL AGROECOSISTEMAS, INGENIERO FORESTAL O INGENIERO AGRÓNOMO | E38: P | AP38: 1 | AQ38: 1.5 | AR38: 0.5 | AS38: 1.5 | CL38: =SUM(F38:CK38) -> 4.5
B39: Implementar las prácticas de ensilaje comunitario. Realizar 4 prácticas de ensilaje | C39: =IF(COUNTIFS($B$11:$B$79,B39)=0,"",COUNTIFS($B$11:$B$79,B39)) -> 1 | D39: PROFESIONAL AGROECOSISTEMAS, INGENIERO FORESTAL O INGENIERO AGRÓNOMO | E39: P | AM39: 1.5 | AO39: 1.5 | AP39: 1.5 | AQ39: 1.5 | CL39: =SUM(F39:CK39) -> 6 | CM39: Documento informe de las 4 jornadas pedagógicas de ensilaje realizadas con la comunidad, detallando los temas tratados, materias primas, cantidades, procedimientos y recomendaciones brindadas para garantizar el exíto de las actividades al ser replicadas por los productores. | CN39: Realizar jornadas pedagójicas que brinden a los productores herramientas que les permitan desarrollar un sistema productivo de manera orgánica, conservando y mejorando los recursos naturales con un uso racional, a fin de ser sostenibles en el tiempo.
B40: Dirigir la implementación del manejo sostenible de la materia orgánica mediante la construcción de una estructura adecuada para la elaboración de abonos sólidos y líquidos orgánicos. | C40: =IF(COUNTIFS($B$11:$B$79,B40)=0,"",COUNTIFS($B$11:$B$79,B40)) -> 1 | D40: PROFESIONAL AGROECOSISTEMAS, INGENIERO FORESTAL O INGENIERO AGRÓNOMO | E40: P | T40: 0.5 | U40: 0.5 | V40: 0.8 | W40: 1 | X40: 1.8 | Y40: 2 | Z40: 1 | AA40: 0.8 | AB40: 0.3 | AC40: 0.7 | AD40: 1.3 | AE40: 4 | AF40: 1.3 | AG40: 4 | AH40: 2 | AI40: 3 | AJ40: 2.3 | AK40: 3 | AL40: 1 | CL40: =SUM(F40:CK40) -> 31.3 | CM40: Documento de las implementación de las estructuras y la elaboración de abono bocashi y abonos líquidos, en los predios priorizados.
B41: Construir planes de fertilidad, incluyendo abonos verdes y enmiendas, según los arreglos agroforestales y diseños de restauración ecológica, acorde con las condiciones edafoclimáticas prevalentes. | C41: =IF(COUNTIFS($B$11:$B$79,B41)=0,"",COUNTIFS($B$11:$B$79,B41)) -> 1 | D41: PROFESIONAL AGROECOSISTEMAS, INGENIERO FORESTAL O INGENIERO AGRÓNOMO | E41: P | H41: 0.5 | I41: 0.5 | J41: 0.5 | K41: 0.5 | M41: 0.5 | N41: 0.5 | O41: 0.5 | Q41: 0.5 | R41: 0.5 | S41: 0.5 | W41: 1.5 | X41: 0.5 | Y41: 1.5 | Z41: 1.5 | AA41: 1.5 | AD41: 0.5 | CL41: =SUM(F41:CK41) -> 12 | CM41: Documento que contenga cada uno de los planes de fertilidad entregado en cada predio intervenido.
B42: Coordinar las jornadas pedagógicas: Aforo y capacidad de carga de las pasturas; sistema silvopastoril (Qué es), componentes, cómo se implementa, beneficios ecosistémicos; elaboración de planes de manejo agroecológico y BPA y BPG para la reducción de contaminación a fuentes hídricas y recolección y disposición de envases de plaguicidas; elaboración de bocashi y urea orgánica (teórico práctico); aprendizaje de la implementación de abonos verdes; proceso adecuado para la renovación de praderas, donde se explica el proceso con intersiembra y el adecuado manejo de semillas para el aumento de la cobertura del suelo. | C42: =IF(COUNTIFS($B$11:$B$79,B42)=0,"",COUNTIFS($B$11:$B$79,B42)) -> #VALUE! | D42: PROFESIONAL AGROECOSISTEMAS, INGENIERO FORESTAL O INGENIERO AGRÓNOMO | E42: P | L42: 1.5 | P42: 1.5 | T42: 1.5 | X42: 1.5 | AB42: 1.5 | AF42: 1.5 | AJ42: 1.5 | AN42: 1.5 | AR42: 1.5 | CL42: =SUM(F42:CK42) -> 13.5 | CM42: Informe de las jornadas pedagógicas realizadas con la comunidad, detallando los temas tratados, y los resultados obtenidos en las implementaciones realizadas.
B43: Coordinar la implementación de sistemas de cosecha de agua. | C43: =IF(COUNTIFS($B$11:$B$79,B43)=0,"",COUNTIFS($B$11:$B$79,B43)) -> 1 | D43: PROFESIONAL AGROECOSISTEMAS, INGENIERO FORESTAL O INGENIERO AGRÓNOMO | E43: P | H43: 0.5 | I43: 0.5 | J43: 0.5 | K43: 0.5 | L43: 0.5 | M43: 0.5 | N43: 0.5 | O43: 0.5 | P43: 0.5 | Q43: 0.5 | R43: 0.5 | S43: 0.5 | T43: 0.5 | U43: 0.5 | V43: 0.5 | W43: 0.5 | CL43: =SUM(F43:CK43) -> 8 | CM43: Documento con la evidecnia de la implementación de los sistemas de cosecha de agua mediante tanques Zamorano, en los predios priorizados.
B44: Identificar y fortalecer las cadenas de valor de los nuevos productos (SPP). | C44: =IF(COUNTIFS($B$11:$B$79,B44)=0,"",COUNTIFS($B$11:$B$79,B44)) -> 1 | D44: PROFESIONAL AGROECOSISTEMAS, INGENIERO FORESTAL O INGENIERO AGRÓNOMO | E44: P | F44: 0.8 | N44: 0.3 | S44: 0.5 | V44: 0.5 | Y44: 0.5 | AF44: 1 | AH44: 1 | AI44: 1 | AK44: 0.8 | AM44: 1 | AN44: 0.5 | AP44: 0.5 | AQ44: 1 | AS44: 0.8 | CL44: =SUM(F44:CK44) -> 10.2 | CM44: Documento que de cuenta del proceso llevado a cabo para fortalecer las cadenas de valor de los nuevos productos. | CN44: Fortalecer las cadenas de valor de los nuevos productos SPP.
B45: Fomentar la relación entre productores, procesadores y mercados. | C45: =IF(COUNTIFS($B$11:$B$79,B45)=0,"",COUNTIFS($B$11:$B$79,B45)) -> 1 | D45: PROFESIONAL AGROECOSISTEMAS, INGENIERO FORESTAL O INGENIERO AGRÓNOMO | E45: P | F45: 1 | H45: 0.8 | N45: 0.8 | S45: 0.8 | T45: 0.8 | W45: 0.8 | Z45: 0.8 | AC45: 0.5 | AE45: 0.8 | AH45: 0.8 | AI45: 0.8 | AL45: 0.8 | AM45: 0.8 | AN45: 0.8 | AO45: 0.8 | AP45: 0.8 | AQ45: 0.8 | AR45: 0.8 | CL45: =SUM(F45:CK45) -> 14.3 | CM45: Documento que de cuenta de los vínculos generados entre productores-procesadores y mercados. | CN45: Promover la relación entre productores, procesadores y mercados.
B46: Establecer sistemas de monitoreo para evaluar el rendimiento de los nuevos cultivos o actividades (SSP) y del suelo, cumpliendo los criterios básicos de georreferenciación, con el fin de hacer seguimiento y control a las obras, los procesos de recuperación de los suelos y sistemas silvopastoriles. | C46: =IF(COUNTIFS($B$11:$B$79,B46)=0,"",COUNTIFS($B$11:$B$79,B46)) -> #VALUE! | D46: PROFESIONAL AGROECOSISTEMAS, INGENIERO FORESTAL O INGENIERO AGRÓNOMO | E46: P | G46: 1 | H46: 0.5 | I46: 0.5 | J46: 0.5 | K46: 0.5 | L46: 0.5 | M46: 0.5 | N46: 0.5 | O46: 0.5 | P46: 1 | Q46: 0.5 | R46: 0.5 | S46: 0.5 | T46: 0.5 | U46: 0.5 | V46: 0.5 | W46: 0.5 | X46: 0.5 | Y46: 0.5 | Z46: 0.5 | AA46: 0.5 | AB46: 0.5 | AC46: 0.5 | AD46: 0.5 | AE46: 0.5 | AF46: 0.5 | AG46: 0.5 | AH46: 0.5 | AI46: 0.5 | AJ46: 0.5 | AK46: 0.5 | AL46: 0.5 | AM46: 0.5 | AN46: 0.5 | AP46: 0.5 | AQ46: 0.5 | AR46: 0.5 | CL46: =SUM(F46:CK46) -> 19.5 | CM46: Documento con el sistema de monitoreo participativo para evaluar el rendimiento de los nuevos cultivos o praderas para la alimentación de los animales. | CN46: Implementar sistemas de monitoreo para evaluar el rendimiento de los nuevos cultivos o actividades SSP.
B47: Establecer comités de gestión del agua y promover la toma de decisiones participativa. | C47: =IF(COUNTIFS($B$11:$B$79,B47)=0,"",COUNTIFS($B$11:$B$79,B47)) -> 1 | D47: PROFESIONAL AGROECOSISTEMAS, INGENIERO FORESTAL O INGENIERO AGRÓNOMO | E47: P | F47: 1 | J47: 1 | N47: 0.9 | S47: 1 | T47: 1 | U47: 0.8 | V47: 1 | W47: 1 | X47: 1 | AA47: 1 | AB47: 1 | AD47: 1 | AF47: 1 | AH47: 1 | AJ47: 1 | AL47: 1 | AN47: 1 | AP47: 1 | AR47: 1 | CL47: =SUM(F47:CK47) -> 18.7 | CM47: Documento que de cuenta del proceso organizativo generado mediante comités de gestión del agua, en articulación con el componente de Gestión Integral Territorial | CN47: Conformar comités de gestión del agua para fomentar la toma de decisiones participativa.
B48: Apoyo en la ejecución de procesos participativos de gestion del territorio. | C48: =IF(COUNTIFS($B$11:$B$79,B48)=0,"",COUNTIFS($B$11:$B$79,B48)) -> 1 | D48: PROFESIONAL AGROECOSISTEMAS, INGENIERO FORESTAL O INGENIERO AGRÓNOMO | E48: P | G48: 0.5 | H48: 0.5 | I48: 0.5 | J48: 0.5 | K48: 0.5 | L48: 0.5 | M48: 0.5 | N48: 0.5 | O48: 0.5 | P48: 0.5 | Q48: 0.5 | R48: 0.5 | S48: 0.5 | T48: 0.5 | U48: 0.5 | V48: 0.5 | W48: 0.5 | X48: 0.5 | Y48: 0.5 | Z48: 0.5 | AA48: 0.5 | AB48: 0.5 | AC48: 0.5 | AD48: 0.5 | AE48: 0.5 | AF48: 0.5 | AG48: 0.5 | AH48: 0.5 | AI48: 0.5 | AJ48: 0.5 | AK48: 0.7 | AL48: 2.5 | AM48: 2 | AN48: 1.5 | AO48: 2.7 | AP48: 0.5 | AQ48: 0.5 | AR48: 0.5 | AS48: 0.7 | CL48: =SUM(F48:CK48) -> 26.6 | CM48: Aporte en los documentos realizados por el profesional social. | CN48: Documentar el proceso de implementación, seguimiento y resultados obtenidos producto del desarrollo de las actividades del componente de agroecología.
B49: Elaboración de informes periódicos que detallen el cumplimiento de obligaciones asignadas y ejecución de productos del proyecto. | C49: =IF(COUNTIFS($B$11:$B$79,B49)=0,"",COUNTIFS($B$11:$B$79,B49)) -> 1 | D49: PROFESIONAL AGROECOSISTEMAS, INGENIERO FORESTAL O INGENIERO AGRÓNOMO | E49: P | I49: 1 | M49: 1 | Q49: 1 | U49: 1 | Y49: 1 | AC49: 1 | AG49: 1 | AK49: 1 | AO49: 1 | AR49: 1 | AS49: 3 | CL49: =SUM(F49:CK49) -> 13 | CM49: Informes periodicos del avanceo de las actividades, y consolidados correspondientes. Documento final que refleje el impacto de las actividades realizadas de los sistemas silvopastoriles, procesos de recuperación y conservación de suelos, actividades de sostenibilidad, etc, las técnicas aplicadas y las áreas productivas recuperadas.
B50: Promover el proceso de seguimiento y monitoreo comunitatario de las intervenciones del proyecto (convocar, formular con la comunidad el plan de formación y ejecución, cordinar con el equipo profesionales el apoyo a las jornadas, elaboración de informes) | D50: PROFESIONAL SOCIAL I | E50: P | F50: 2.5 | G50: 2.5 | H50: 2.5 | I50: 2.5 | J50: 2.8 | K50: 2.8 | L50: 2.8 | M50: 3 | N50: 3.2 | O50: 2 | P50: 2.3 | Q50: 2.7 | R50: 2.5 | S50: 2.5 | T50: 2.5 | U50: 2.5 | V50: 2.5 | W50: 2 | X50: 2.3 | Y50: 2 | Z50: 2.5 | AA50: 1.5 | AB50: 2.5 | AC50: 3 | AD50: 2 | AE50: 1.5 | AF50: 2.5 | AG50: 1.5 | AH50: 1.5 | AI50: 1.5 | AJ50: 1.5 | AK50: 1.5 | AL50: 2.5 | AM50: 1 | AN50: 2 | AO50: 1.5 | AP50: 1.5 | AQ50: 2.5 | AR50: 3 | AS50: 2.5 | CL50: =SUM(F50:CK50) -> 89.9 | CM50: Documento con la metodologia de Indicadores de seguimiento comunitario y ejecución de la propuesta desde una visión de cuenca | CN50: Realizar el seguimiento y monitoreo comunitario a las intervenciones en la microcuenca. | CO50: Articular los procesos sociales con la gestión ambiental del territorio a traves del reconocimiento de la microcuenca, el fortalecimiento y empoderamiento organizativo, intercambio de saberes, y acciones de sostenibilidad ambiental de la microcuenca
B51: Ejecutar el plan de trabajo con los organizaciones de acueductos rurales para el fortalecimiento administrativo, organizativo y técnico. | D51: PROFESIONAL SOCIAL I | E51: P | F51: 1.3 | G51: 1.3 | H51: 1.5 | I51: 1.3 | J51: 1.5 | K51: 1.5 | L51: 1.5 | M51: 1.5 | N51: 1.5 | O51: 1.5 | P51: 1.5 | Q51: 1.5 | R51: 1.5 | S51: 1.5 | T51: 1 | U51: 1.5 | V51: 1.5 | W51: 1.5 | X51: 1.5 | Y51: 1.5 | Z51: 1.5 | AA51: 1.5 | AB51: 1.5 | AC51: 1.5 | AD51: 1.5 | AE51: 1.5 | AF51: 1.5 | AG51: 1.5 | AH51: 2.3 | AI51: 1.5 | AJ51: 1.8 | AK51: 2.3 | AL51: 1.5 | AM51: 1.5 | AN51: 1.5 | AO51: 1.5 | AP51: 1.5 | AQ51: 1.5 | AR51: 1.5 | AS51: 1.5 | CL51: =SUM(F51:CK51) -> 60.8 | CM51: Documento de diagnósitco de los acueductos y balance del plan de trabajo para el fortalecimiento organizativo de los acuedutos rurales | CN51: Fortaleciiento de los acueductos rurales en lo administrativo, tecnico y organizativo
B52: Programar con los miembros del equipo y realizar las jornadas comunitarias de intervención del proyecto. | D52: PROFESIONAL SOCIAL I | E52: P | F52: 1.5 | G52: 0.5 | H52: 1.3 | I52: 0.5 | J52: 1 | L52: 1 | N52: 1 | O52: 0.8 | P52: 1 | Q52: 0.6 | R52: 1 | T52: 1 | V52: 1 | X52: 1 | Z52: 1 | AD52: 1 | AH52: 1 | AK52: 1 | AP52: 1 | CL52: =SUM(F52:CK52) -> 18.2 | CM52: Documentos que de cuenta de las Jornadas pedagógicas ambientales realizadas en los temas de restauración y agroecosistemas | CN52: Realizar las jornadas pedagógicas de participación en temas ambientales (restauración-agroecosistemas)
B53: Orientar el plan de trabajo ambiental escolar elaborado con la comunidad educativa. | D53: PROFESIONAL SOCIAL I | E53: P | F53: 0.5 | J53: 0.5 | O53: 0.5 | P53: 0.5 | T53: 0.5 | W53: 0.5 | AA53: 0.5 | AE53: 0.5 | AI53: 0.5 | AM53: 0.5 | CL53: =SUM(F53:CK53) -> 5 | CM53: Documento que de cuenta de la propuesta ambiental escolar desarrollada | CN53: Implementar una propuesta ambiental escolar de aprendizaje experencial
B54: Estructurar y coordinar la convocatoria y la capacitación audiovisual, así como las expociciones audiovisuales y fotográficas en las veredas y el casco urbano. | D54: PROFESIONAL SOCIAL I | E54: P | R54: 0.8 | S54: 0.8 | T54: 0.3 | U54: 0.3 | V54: 0.8 | W54: 0.8 | X54: 0.5 | Y54: 0.8 | Z54: 0.8 | AA54: 0.8 | AB54: 0.8 | AC54: 0.8 | AD54: 0.5 | AE54: 0.5 | AF54: 0.5 | AG54: 0.8 | AH54: 0.5 | AI54: 0.5 | AJ54: 0.5 | AK54: 0.5 | AL54: 0.8 | AM54: 0.5 | AN54: 0.8 | AO54: 0.8 | CL54: =SUM(F54:CK54) -> 15.5 | CM54: Documento que de cuenta de la estructuración de la propuesta de capacitación y exposición audiovisual y fotográfica | CN54: Promover la expresión cultural y ambiental de la comunidad de la microcuenca a traves de la producción creativa y exposición fotográfica y audiovisual
B55: Elaboración de los textos para la cartilla | D55: PROFESIONAL SOCIAL I | E55: P | AA55: 0.5 | AB55: 0.5 | AC55: 0.5 | AD55: 0.8 | AE55: 0.8 | AF55: 0.8 | AG55: 1 | AH55: 0.5 | AI55: 0.8 | AJ55: 0.5 | AK55: 0.5 | AL55: 1 | AM55: 0.5 | AN55: 1 | AO55: 1 | CL55: =SUM(F55:CK55) -> 10.7 | CM55: Documento con el contenido de la cartilla digital a publicar | CN55: Producir una publicación que recoja la experiencia de la restauración ecologica integral del proyecto
B56: Formulación comunitaria del plan de vida de la microcuenca | D56: PROFESIONAL SOCIAL I | E56: P | AO56: 1 | AP56: 1 | AR56: 0.8 | AS56: 0.8 | CL56: =SUM(F56:CK56) -> 3.6 | CM56: Documento con la propuesta del plan de vida de la microcuenca elaborado por la comunidad. | CN56: Contar con una propuesta prospectiva de manejo hacia la sostenibilidad de la microcuencas el Tunjo y Laguneros
B57: Acuerdos de correponsabilidad | D57: PROFESIONAL SOCIAL I | E57: P | AM57: 0.5 | AP57: 0.8 | AQ57: 0.8 | CL57: =SUM(F57:CK57) -> 2.1
B58: Ejecución de la propuesta comunitaria para el manejo de conflictos socio ambientales identificados. | D58: PROFESIONAL SOCIAL I | E58: P | G58: 1.5 | I58: 1.5 | K58: 1.5 | M58: 1.3 | O58: 1 | Q58: 1 | S58: 1 | U58: 1.5 | W58: 1 | Y58: 1.5 | AA58: 1 | AE58: 1 | AG58: 1 | AI58: 1 | AJ58: 1 | AM58: 1.3 | AQ58: 1 | AS58: 1 | CL58: =SUM(F58:CK58) -> 21.1 | CM58: Documento que de cuenta del proceso de tramitación comunitaria de los conflictos socioambientales existentes en la microcuenca | CN58: Dar tramite y manejo a los conflictos socioambientales identificados por las comunidades en la microcuenca
B59: Garantizar pertinencia de las respuestas a las peticiones, quejas y reclamos de los actores sociales en relación a la ejecución del proyecto. | D59: PROFESIONAL SOCIAL I | E59: P | H59: 0.5 | L59: 0.5 | P59: 0.5 | T59: 0.5 | X59: 0.5 | AB59: 0.5 | AF59: 0.5 | AJ59: 0.5 | AN59: 0.5 | AR59: 0.5 | CL59: =SUM(F59:CK59) -> 5 | CM59: Documento que de cuenta de los PQR (temas, oportunidad de las respuestas y tendencia en el tiempo) | CN59: Atender de manera oportuna y satisfactoria las peticiones, quejas y reclamos por las intervenciones del proyecto en la microcuenca
B60: Elaborar intersiciplinariamente según las tematicas las metodologias de las jornadas pedagógicas programadas. | D60: PROFESIONAL SOCIAL II | E60: P | F60: 0.5 | G60: 0.5 | H60: 0.4 | I60: 0.5 | J60: 0.5 | K60: 0.5 | L60: 0.5 | M60: 0.5 | N60: 0.5 | O60: 0.5 | P60: 0.5 | Q60: 0.5 | R60: 0.5 | S60: 0.5 | T60: 0.5 | U60: 0.5 | V60: 0.5 | W60: 0.5 | X60: 0.5 | Y60: 0.5 | Z60: 0.5 | AA60: 0.5 | AB60: 0.5 | AC60: 0.5 | AD60: 0.5 | AE60: 0.5 | AF60: 0.5 | AG60: 0.5 | AH60: 0.5 | AI60: 0.5 | AJ60: 0.5 | AK60: 0.5 | AL60: 0.5 | AM60: 0.5 | AO60: 0.5 | AP60: 0.5 | AQ60: 0.5 | AR60: 0.5 | AS60: 0.5 | CL60: =SUM(F60:CK60) -> 18.9 | CM60: Documentos que de cuenta de las metodologias de las Jornadas pedagógicas ambientales en los temas de restauración y agroecosistemas | CN60: Diseñar jornadas pedagógicas con metodologias participativas que partan del conocimiento de las comunidades y posibilite el intercambio de conocimiento técnico y comunitario | CO60: Articular y fortalecer los procesos sociales con la gestión ambiental del territorio a traves del reconocimiento de la microcuenca, el fortalecimiento y empoderamiento organizativo, intercambio de saberes, y acciones de sostenibilidad ambiental de la microcuenca
B61: Ejecutar el plan de trabajo ambiental escolar elaborado con la comunidad educativa, y elaborar los informes correspondientes. | D61: PROFESIONAL SOCIAL II | E61: P | F61: 1 | G61: 0.5 | H61: 1 | I61: 0.5 | J61: 1 | K61: 0.5 | L61: 1 | M61: 0.5 | N61: 1 | O61: 1 | P61: 1 | Q61: 1 | R61: 1 | S61: 1 | T61: 1 | U61: 1 | V61: 1 | W61: 1 | X61: 1 | Y61: 1 | Z61: 1 | AA61: 1 | AB61: 1 | AC61: 1 | AD61: 1 | AE61: 1 | AF61: 1 | AG61: 1 | AH61: 1 | AI61: 1 | AJ61: 1 | AK61: 1 | AL61: 1 | AM61: 1 | AN61: 1 | AO61: 1 | CL61: =SUM(F61:CK61) -> 34 | CM61: Documento que de cuenta de la ejecución y aprendizaje del plan experencial ambiental escolar ejecutado con la comunidad educativa | CN61: Involucrar a la comunidad educativa al proyecto a traves del plan ambiental experencial
B62: Apoyar el trabajo de campo de seguimiento y monitoreo comunitatario, (elaborar los informes y actas de reuniones). | D62: PROFESIONAL SOCIAL II | E62: P | F62: 1 | G62: 1 | H62: 0.5 | I62: 0.5 | J62: 0.5 | K62: 0.5 | L62: 0.5 | M62: 0.5 | N62: 0.5 | O62: 0.5 | P62: 1 | Q62: 1 | R62: 0.5 | S62: 0.5 | T62: 0.5 | U62: 0.5 | V62: 0.5 | W62: 0.5 | X62: 0.5 | Y62: 0.5 | Z62: 0.5 | AA62: 0.5 | AB62: 0.5 | AC62: 0.5 | AD62: 0.5 | AE62: 0.5 | AF62: 0.5 | AG62: 0.5 | AH62: 0.5 | AI62: 0.5 | AJ62: 0.5 | AK62: 0.5 | AL62: 0.5 | AM62: 0.5 | AN62: 0.5 | AP62: 0.5 | AQ62: 0.5 | AR62: 0.5 | AS62: 0.5 | CL62: =SUM(F62:CK62) -> 21.5 | CM62: Documento que de cuenta del proceso de valoración realizado por la comunidad de las diversas interveciones en la microcuenca sus aportes, avances o retrocesos hacia la sostenibilidad ambiental. | CN62: Incrementar la capacidad de acción y evaluación de las intervenciónes en la microcuenca por parte de las comunidades
B63: Apoyar la realización de las jornadas pedagógicas de intervención del proyecto. | D63: PROFESIONAL SOCIAL II | E63: P | F63: 0.5 | G63: 0.5 | H63: 1 | I63: 0.5 | J63: 0.5 | K63: 0.5 | L63: 1 | M63: 0.5 | N63: 0.5 | O63: 0.5 | P63: 0.5 | Q63: 1 | R63: 1 | S63: 1 | T63: 1 | U63: 1 | V63: 1 | W63: 0.5 | X63: 1 | Y63: 1 | Z63: 1 | AA63: 0.5 | AB63: 1 | AC63: 1 | AD63: 1 | AE63: 1 | AF63: 1 | AG63: 0.5 | AH63: 0.5 | AI63: 0.5 | AJ63: 1 | AK63: 0.5 | AL63: 0.5 | AN63: 0.5 | AP63: 1 | AQ63: 1 | AR63: 1 | AS63: 1 | CL63: =SUM(F63:CK63) -> 29.5 | CM63: Documento que de cuenta del desarrollo de las jornadas pedagógicas ambientales y logros obtenidos | CN63: Llevar a cabo las jornadas pedagógicas en temas ecosistemicos y agroecologicos y participativos
B64: Apoyar la preparación de las exposiciónes audiovisuales y fotográficas en las veredas y el casco urbano. | D64: PROFESIONAL SOCIAL II | E64: P | V64: 0.5 | W64: 1 | X64: 0.5 | Y64: 1 | Z64: 0.5 | AA64: 1 | AB64: 0.5 | AC64: 1 | AD64: 0.5 | AE64: 1 | AF64: 0.5 | AG64: 1 | AH64: 0.5 | AI64: 1 | AJ64: 0.5 | AK64: 0.5 | AL64: 2 | AM64: 2 | AN64: 1 | AO64: 1 | CL64: =SUM(F64:CK64) -> 17.5 | CM64: Documento que de cuenta de la estructuración de la propuesta de capacitación y exposición audiovisual y fotográfica | CN64: Promover la expresión cultural y ambiental de la comunidad de la microcuenca a traves de la producción creativa y exposición fotográfica y audiovisual
B65: Elaborar las convocatorias de las jornadas pedagógicas previstas, realizar las memorias, elaboración de informes de ejecución. | D65: PROFESIONAL SOCIAL II | E65: P | F65: 0.3 | G65: 0.3 | H65: 0.3 | I65: 0.8 | J65: 0.8 | K65: 0.3 | L65: 0.3 | M65: 0.8 | N65: 0.8 | O65: 0.3 | P65: 0.8 | Q65: 0.8 | R65: 0.8 | S65: 0.8 | T65: 0.3 | U65: 0.3 | V65: 0.3 | W65: 0.3 | X65: 0.3 | Y65: 0.3 | Z65: 0.3 | AA65: 0.3 | AB65: 0.3 | AC65: 0.3 | AD65: 0.3 | AE65: 0.3 | AF65: 0.3 | AG65: 0.3 | AH65: 0.3 | AI65: 0.3 | AJ65: 0.3 | AK65: 0.3 | AL65: 0.3 | AM65: 0.3 | AN65: 0.3 | AO65: 0.3 | AP65: 0.3 | AQ65: 1.3 | AR65: 1.3 | AS65: 1.3 | CL65: =SUM(F65:CK65) -> 19 | CM65: Soportes (actas, memorias, registros de asistencia e informes) que den cuenta del desarrollo de las jornadas pedagógicas ambientales. | CN65: Realizar los registros de las jornadas pedagógicas en temas ecosistemicos y agroecologicos y participativos
B66: Apoyar la formulación comunitaria del plan de vida de la microcuenca . | D66: PROFESIONAL SOCIAL II | E66: P | AH66: 0.5 | AI66: 0.5 | AJ66: 0.5 | AK66: 1 | AN66: 1.5 | AO66: 1 | AP66: 1.5 | AQ66: 0.5 | AR66: 0.5 | CL66: =SUM(F66:CK66) -> 7.5 | CM66: Documento con la propuesta del plan de vida de la microcuenca elaborado por la comunidad. | CN66: Contar con una propuesta prospectiva de manejo hacia la sostenibilidad de la microcuencas el Tunjo y Laguneros
B67: Recibir, responder o coordinar las respuestas según el caso de los PQR del proyecto. | D67: PROFESIONAL SOCIAL II | E67: P | F67: 0.5 | G67: 0.5 | H67: 0.5 | I67: 0.5 | J67: 0.5 | K67: 0.5 | L67: 0.5 | M67: 0.5 | N67: 0.5 | O67: 0.5 | P67: 0.5 | Q67: 0.5 | R67: 0.5 | S67: 0.5 | T67: 0.5 | U67: 0.5 | V67: 0.5 | W67: 0.5 | X67: 0.5 | Y67: 0.5 | Z67: 0.5 | AA67: 0.5 | AB67: 0.5 | AC67: 0.5 | AD67: 0.5 | AE67: 0.5 | AF67: 0.5 | AG67: 0.5 | AH67: 0.5 | AI67: 0.5 | AJ67: 0.5 | AK67: 0.25 | AL67: 0.25 | AM67: 0.5 | AN67: 0.25 | AO67: 0.5 | AP67: 0.5 | AQ67: 1 | AR67: 0.5 | AS67: 1 | CL67: =SUM(F67:CK67) -> 20.25 | CM67: Documento que de cuenta de los PQR (temas, oportunidad de las respuestas y tendencia en el tiempo) | CN67: Atender de manera oportuna y satisfactoria las peticiones, quejas y reclamos por las intervenciones del proyecto en la microcuenca
B68: Toma y organización de los registros audiovisuales y fotográficos. | D68: PROFESIONAL SOCIAL II | E68: P | F68: 0.5 | G68: 0.5 | H68: 0.5 | I68: 0.5 | J68: 0.5 | K68: 0.5 | L68: 0.5 | M68: 0.5 | N68: 0.5 | O68: 0.5 | P68: 0.5 | Q68: 0.5 | R68: 0.5 | S68: 0.5 | T68: 0.5 | U68: 0.5 | V68: 0.5 | W68: 0.5 | X68: 0.5 | Y68: 0.5 | Z68: 0.5 | AA68: 0.5 | AB68: 0.5 | AC68: 0.5 | AD68: 0.5 | AE68: 0.5 | AF68: 0.5 | AG68: 0.5 | AH68: 0.5 | AI68: 0.5 | AJ68: 0.5 | AK68: 0.5 | AL68: 0.5 | AM68: 0.5 | AN68: 0.5 | AO68: 0.5 | AP68: 0.5 | AQ68: 0.5 | AR68: 0.5 | AS68: 0.5 | CL68: =SUM(F68:CK68) -> 20 | CM68: Registros fotográficos y audiovisuales del proyecto organizados | CN68: Contar con registros fotográficos y audiovisuales que den cuenta de las diferentes actividades del proyecto
B69: Apoyar la concertación y firma de acuerdos sociambientales. | D69: PROFESIONAL SOCIAL II | E69: P | F69: 1.5 | G69: 0.5 | H69: 1 | I69: 1 | J69: 1 | K69: 1.5 | L69: 1 | M69: 1 | N69: 1 | O69: 1 | P69: 1 | R69: 1 | T69: 1 | U69: 1 | CL69: =SUM(F69:CK69) -> 14.5 | CM69: Áreas a intervenir con acuerdos socioambientales firmados con los propietarios | CN69: Contar con acuerdos socioambientales firmados con los propietarios en las áreas a intervenir
B70: Apoyar el manejo de los conflictos socio ambientales identificados. | D70: PROFESIONAL SOCIAL II | E70: P | G70: 0.5 | K70: 0.5 | O70: 0.5 | S70: 0.5 | W70: 0.5 | Z70: 0.5 | AG70: 0.5 | AK70: 0.5 | AO70: 0.5 | AP70: 0.5 | CL70: =SUM(F70:CK70) -> 5 | CM70: Documento que de cuenta del proceso de tramitación comunitaria de los conflictos socioambientales existentes en la microcuenca | CN70: Dar tramite y manejo a los conflictos socioambientales identificados por las comunidades en la microcuenca
B71: Apoyar la ejecución del plan de trabajo con los acueductos rurales para el fortalecimiento administrativo, organizativo y técnico. | D71: PROFESIONAL SOCIAL II | E71: P | G71: 1 | H71: 0.6 | I71: 1 | J71: 0.5 | K71: 0.5 | L71: 0.5 | M71: 1 | N71: 0.5 | O71: 0.5 | P71: 0.5 | Q71: 0.5 | S71: 0.5 | T71: 0.5 | U71: 0.5 | V71: 1 | W71: 0.5 | X71: 1 | Y71: 0.5 | Z71: 0.5 | AA71: 1 | AB71: 1 | AC71: 0.5 | AD71: 1 | AE71: 0.5 | AF71: 1 | AG71: 0.5 | AH71: 1 | AI71: 0.5 | AJ71: 0.5 | AK71: 0.25 | AL71: 0.25 | AM71: 0.5 | AN71: 0.25 | AO71: 0.5 | AP71: 0.5 | AQ71: 0.5 | AR71: 1 | AS71: 1 | CL71: =SUM(F71:CK71) -> 24.35 | CM71: Documento de diagnósitco de los acueductos y balance del plan de trabajo para el fortalecimiento organizativo de los acuedutos rurales | CN71: Fortaleciiento de los acueductos rurales en lo administrativo, tecnico y organizativo
B72: Participar en la elaboración del cronograma de trabajo con el resto del equipo. | D72: PROFESIONAL EN RIESGOS | E72: P | F72: 1 | CL72: =SUM(F72:CK72) -> 1 | CM72: Documento de diagnóstico de información secundaria e identificación de áreas vulnerables dentro del proyecto | CN72: Realizar el analisis y evaluación de la información secundaria con el fin de determinar las areas de posible afectación dentro del proyecto | CO72: Formular el plan de formación comunitaria para la adaptación al cambio climático y la gestión del riesgo de desastres.
B73: Estudio de los documentos disponibles correspondientes a la información de gestión del riesgo de la zona. | D73: PROFESIONAL EN RIESGOS | E73: P | F73: 1.5 | CL73: =SUM(F73:CK73) -> 1.5
B74: Realizar la estimación de áreas de posible afectación para cada evento amenazante identificado. | D74: PROFESIONAL EN RIESGOS | E74: P | G74: 2 | H74: 2 | I74: 1 | J74: 2 | K74: 2 | L74: 1 | CL74: =SUM(F74:CK74) -> 10
B75: Realización de dos jornadas pedagógicas conceptos básicos adaptación al cambio climático y la gestión del riesgo y conformación del equipo comunitario. | D75: PROFESIONAL EN RIESGOS | E75: P | L75: 1 | M75: 1 | N75: 1 | O75: 2 | P75: 2 | Q75: 1 | R75: 1 | S75: 1 | CL75: =SUM(F75:CK75) -> 10 | CM75: Listado de asistencia, actas o memorias de jornadas pedagógicas. | CN75: Realizar las jornadas pedagógicas con el fin de generar la formación comunitaria para la adaptación al cambio climático y la gestión del riesgo.
B76: Realización de dos jornadas pedagógicas de sistemas de alertas comunitarias, inundaciones y cambio climático. | D76: PROFESIONAL EN RIESGOS | E76: P | S76: 1 | T76: 2 | U76: 1 | V76: 1 | W76: 1 | X76: 2 | Y76: 1 | Z76: 1 | CL76: =SUM(F76:CK76) -> 10
B77: Realización de dos jornadas pedagógicas prevención y atención de eventos de origen natural, manejo integral del fuego. | D77: PROFESIONAL EN RIESGOS | E77: P | Z77: 1 | AA77: 1 | AB77: 2 | AC77: 1 | AD77: 2 | AE77: 2 | AF77: 1 | CL77: =SUM(F77:CK77) -> 10
B78: Realización de la simulación y simulacros . | D78: PROFESIONAL EN RIESGOS | E78: P | N78: 1 | R78: 1 | V78: 1 | W78: 1 | AA78: 1 | AF78: 1 | AG78: 1 | AH78: 2 | AI78: 2 | AJ78: 2 | CL78: =SUM(F78:CK78) -> 13 | CN78: Realizar la simulación y el simulacro con el fin de poner e práctica los conocimientos adquiridos
B79: Elaboración de informes del desarrollo de sus actividades y entregarlos al coordinador del proyecto. | D79: PROFESIONAL EN RIESGOS | E79: P | I79: 1 | M79: 1 | Q79: 1 | U79: 1 | Y79: 1 | AC79: 1 | AG79: 1 | AK79: 2 | CL79: =SUM(F79:CK79) -> 9 | CM79: Informe de las actividades desarrolladas. | CN79: Realizar los informes de las actividades desarrolladas con los respectivos soportes .
E80: P | I80: 2 | M80: 2 | Q80: 2 | U80: 2 | Y80: 2 | AC80: 2 | AG80: 2 | CL80: =SUM(F80:CK80) -> 14
B82: =IF(D82<>"","ALERTA","") -> #VALUE! | D82: =IF((SUM($C$11:$C$79)-COUNT($C$11:$C$79))>0,"ALERTA: EXISTEN ACTIVIDADES REPETIDAS","") -> #VALUE!
B84: TOTAL ACTIVIDADES | D84: {=_xlfn.UNIQUE(D11:D79)} -> COORDINADOR DEL PROYECTO | E84: =IF(D84="","","P") -> P | F84: =IF($D84="","",SUMIFS(F$11:F$79,_xlnm.Criteria,$D84)) -> 4.3 | G84: =IF($D84="","",SUMIFS(G$11:G$79,_xlnm.Criteria,$D84)) -> 2.9 | H84: =IF($D84="","",SUMIFS(H$11:H$79,_xlnm.Criteria,$D84)) -> 2.9 | I84: =IF($D84="","",SUMIFS(I$11:I$79,_xlnm.Criteria,$D84)) -> 2.9 | J84: =IF($D84="","",SUMIFS(J$11:J$79,_xlnm.Criteria,$D84)) -> 2.9 | K84: =IF($D84="","",SUMIFS(K$11:K$79,_xlnm.Criteria,$D84)) -> 2.9 | L84: =IF($D84="","",SUMIFS(L$11:L$79,_xlnm.Criteria,$D84)) -> 2.9 | M84: =IF($D84="","",SUMIFS(M$11:M$79,_xlnm.Criteria,$D84)) -> 2.9 | ... CK84: =IF($D84="","",SUMIFS(CK$11:CK$79,_xlnm.Criteria,$D84)) -> 0
D85: PROFESIONAL DE APOYO SIG | E85: =IF(D85="","","P") -> P | F85: =IF($D85="","",SUMIFS(F$11:F$79,_xlnm.Criteria,$D85)) -> 1.2 | G85: =IF($D85="","",SUMIFS(G$11:G$79,_xlnm.Criteria,$D85)) -> 1.2 | H85: =IF($D85="","",SUMIFS(H$11:H$79,_xlnm.Criteria,$D85)) -> 1.2 | I85: =IF($D85="","",SUMIFS(I$11:I$79,_xlnm.Criteria,$D85)) -> 2.2 | J85: =IF($D85="","",SUMIFS(J$11:J$79,_xlnm.Criteria,$D85)) -> 1.2 | K85: =IF($D85="","",SUMIFS(K$11:K$79,_xlnm.Criteria,$D85)) -> 1.2 | L85: =IF($D85="","",SUMIFS(L$11:L$79,_xlnm.Criteria,$D85)) -> 1.2 | M85: =IF($D85="","",SUMIFS(M$11:M$79,_xlnm.Criteria,$D85)) -> 2.2 | ... CK85: =IF($D85="","",SUMIFS(CK$11:CK$79,_xlnm.Criteria,$D85)) -> 0
D86: PROFESIONAL BIÓLOGO CON ÉNFASIS EN RESTAURACIÓN ECOLÓGICA | E86: =IF(D86="","","P") -> P | F86: =IF($D86="","",SUMIFS(F$11:F$79,_xlnm.Criteria,$D86)) -> 5.4 | G86: =IF($D86="","",SUMIFS(G$11:G$79,_xlnm.Criteria,$D86)) -> 4.1 | H86: =IF($D86="","",SUMIFS(H$11:H$79,_xlnm.Criteria,$D86)) -> 4.1 | I86: =IF($D86="","",SUMIFS(I$11:I$79,_xlnm.Criteria,$D86)) -> 4.3 | J86: =IF($D86="","",SUMIFS(J$11:J$79,_xlnm.Criteria,$D86)) -> 4.1 | K86: =IF($D86="","",SUMIFS(K$11:K$79,_xlnm.Criteria,$D86)) -> 4.1 | L86: =IF($D86="","",SUMIFS(L$11:L$79,_xlnm.Criteria,$D86)) -> 4.1 | M86: =IF($D86="","",SUMIFS(M$11:M$79,_xlnm.Criteria,$D86)) -> 4.3 | ... CK86: =IF($D86="","",SUMIFS(CK$11:CK$79,_xlnm.Criteria,$D86)) -> 0
D87: TÉCNICO AMBIENTAL RESIDENTE | E87: =IF(D87="","","P") -> P | F87: =IF($D87="","",SUMIFS(F$11:F$79,_xlnm.Criteria,$D87)) -> 6 | G87: =IF($D87="","",SUMIFS(G$11:G$79,_xlnm.Criteria,$D87)) -> 6 | H87: =IF($D87="","",SUMIFS(H$11:H$79,_xlnm.Criteria,$D87)) -> 6 | I87: =IF($D87="","",SUMIFS(I$11:I$79,_xlnm.Criteria,$D87)) -> 6 | J87: =IF($D87="","",SUMIFS(J$11:J$79,_xlnm.Criteria,$D87)) -> 5.8 | K87: =IF($D87="","",SUMIFS(K$11:K$79,_xlnm.Criteria,$D87)) -> 5.8 | L87: =IF($D87="","",SUMIFS(L$11:L$79,_xlnm.Criteria,$D87)) -> 5.8 | M87: =IF($D87="","",SUMIFS(M$11:M$79,_xlnm.Criteria,$D87)) -> 6.1 | ... CK87: =IF($D87="","",SUMIFS(CK$11:CK$79,_xlnm.Criteria,$D87)) -> 0
D88: PROFESIONAL AGROECOSISTEMAS, INGENIERO FORESTAL O INGENIERO AGRÓNOMO | E88: =IF(D88="","","P") -> P | F88: =IF($D88="","",SUMIFS(F$11:F$79,_xlnm.Criteria,$D88)) -> 5.8 | G88: =IF($D88="","",SUMIFS(G$11:G$79,_xlnm.Criteria,$D88)) -> 5.8 | H88: =IF($D88="","",SUMIFS(H$11:H$79,_xlnm.Criteria,$D88)) -> 5.8 | I88: =IF($D88="","",SUMIFS(I$11:I$79,_xlnm.Criteria,$D88)) -> 6 | J88: =IF($D88="","",SUMIFS(J$11:J$79,_xlnm.Criteria,$D88)) -> 5.8 | K88: =IF($D88="","",SUMIFS(K$11:K$79,_xlnm.Criteria,$D88)) -> 5.8 | L88: =IF($D88="","",SUMIFS(L$11:L$79,_xlnm.Criteria,$D88)) -> 5.8 | M88: =IF($D88="","",SUMIFS(M$11:M$79,_xlnm.Criteria,$D88)) -> 6 | ... CK88: =IF($D88="","",SUMIFS(CK$11:CK$79,_xlnm.Criteria,$D88)) -> 0
D89: PROFESIONAL SOCIAL I | E89: =IF(D89="","","P") -> P | F89: =IF($D89="","",SUMIFS(F$11:F$79,_xlnm.Criteria,$D89)) -> 5.8 | G89: =IF($D89="","",SUMIFS(G$11:G$79,_xlnm.Criteria,$D89)) -> 5.8 | H89: =IF($D89="","",SUMIFS(H$11:H$79,_xlnm.Criteria,$D89)) -> 5.8 | I89: =IF($D89="","",SUMIFS(I$11:I$79,_xlnm.Criteria,$D89)) -> 5.8 | J89: =IF($D89="","",SUMIFS(J$11:J$79,_xlnm.Criteria,$D89)) -> 5.8 | K89: =IF($D89="","",SUMIFS(K$11:K$79,_xlnm.Criteria,$D89)) -> 5.8 | L89: =IF($D89="","",SUMIFS(L$11:L$79,_xlnm.Criteria,$D89)) -> 5.8 | M89: =IF($D89="","",SUMIFS(M$11:M$79,_xlnm.Criteria,$D89)) -> 5.8 | ... CK89: =IF($D89="","",SUMIFS(CK$11:CK$79,_xlnm.Criteria,$D89)) -> 0
D90: PROFESIONAL SOCIAL II | E90: =IF(D90="","","P") -> P | F90: =IF($D90="","",SUMIFS(F$11:F$79,_xlnm.Criteria,$D90)) -> 5.8 | G90: =IF($D90="","",SUMIFS(G$11:G$79,_xlnm.Criteria,$D90)) -> 5.8 | H90: =IF($D90="","",SUMIFS(H$11:H$79,_xlnm.Criteria,$D90)) -> 5.8 | I90: =IF($D90="","",SUMIFS(I$11:I$79,_xlnm.Criteria,$D90)) -> 5.8 | J90: =IF($D90="","",SUMIFS(J$11:J$79,_xlnm.Criteria,$D90)) -> 5.8 | K90: =IF($D90="","",SUMIFS(K$11:K$79,_xlnm.Criteria,$D90)) -> 5.8 | L90: =IF($D90="","",SUMIFS(L$11:L$79,_xlnm.Criteria,$D90)) -> 5.8 | M90: =IF($D90="","",SUMIFS(M$11:M$79,_xlnm.Criteria,$D90)) -> 5.8 | ... CK90: =IF($D90="","",SUMIFS(CK$11:CK$79,_xlnm.Criteria,$D90)) -> 0
D91: PROFESIONAL EN RIESGOS | E91: =IF(D91="","","P") -> P | F91: =IF($D91="","",SUMIFS(F$11:F$79,_xlnm.Criteria,$D91)) -> 2.5 | G91: =IF($D91="","",SUMIFS(G$11:G$79,_xlnm.Criteria,$D91)) -> 2 | H91: =IF($D91="","",SUMIFS(H$11:H$79,_xlnm.Criteria,$D91)) -> 2 | I91: =IF($D91="","",SUMIFS(I$11:I$79,_xlnm.Criteria,$D91)) -> 2 | J91: =IF($D91="","",SUMIFS(J$11:J$79,_xlnm.Criteria,$D91)) -> 2 | K91: =IF($D91="","",SUMIFS(K$11:K$79,_xlnm.Criteria,$D91)) -> 2 | L91: =IF($D91="","",SUMIFS(L$11:L$79,_xlnm.Criteria,$D91)) -> 2 | M91: =IF($D91="","",SUMIFS(M$11:M$79,_xlnm.Criteria,$D91)) -> 2 | ... CK91: =IF($D91="","",SUMIFS(CK$11:CK$79,_xlnm.Criteria,$D91)) -> 0
E92: =IF(D92="","","P") | F92: =IF($D92="","",SUMIFS(F$11:F$79,_xlnm.Criteria,$D92)) | G92: =IF($D92="","",SUMIFS(G$11:G$79,_xlnm.Criteria,$D92)) | H92: =IF($D92="","",SUMIFS(H$11:H$79,_xlnm.Criteria,$D92)) | I92: =IF($D92="","",SUMIFS(I$11:I$79,_xlnm.Criteria,$D92)) | J92: =IF($D92="","",SUMIFS(J$11:J$79,_xlnm.Criteria,$D92)) | K92: =IF($D92="","",SUMIFS(K$11:K$79,_xlnm.Criteria,$D92)) | L92: =IF($D92="","",SUMIFS(L$11:L$79,_xlnm.Criteria,$D92)) | M92: =IF($D92="","",SUMIFS(M$11:M$79,_xlnm.Criteria,$D92)) | ... CK92: =IF($D92="","",SUMIFS(CK$11:CK$79,_xlnm.Criteria,$D92))
E93: =IF(D93="","","P") | F93: =IF($D93="","",SUMIFS(F$11:F$79,_xlnm.Criteria,$D93)) | G93: =IF($D93="","",SUMIFS(G$11:G$79,_xlnm.Criteria,$D93)) | H93: =IF($D93="","",SUMIFS(H$11:H$79,_xlnm.Criteria,$D93)) | I93: =IF($D93="","",SUMIFS(I$11:I$79,_xlnm.Criteria,$D93)) | J93: =IF($D93="","",SUMIFS(J$11:J$79,_xlnm.Criteria,$D93)) | K93: =IF($D93="","",SUMIFS(K$11:K$79,_xlnm.Criteria,$D93)) | L93: =IF($D93="","",SUMIFS(L$11:L$79,_xlnm.Criteria,$D93)) | M93: =IF($D93="","",SUMIFS(M$11:M$79,_xlnm.Criteria,$D93)) | ... CK93: =IF($D93="","",SUMIFS(CK$11:CK$79,_xlnm.Criteria,$D93))
E94: =IF(D94="","","P") | F94: =IF($D94="","",SUMIFS(F$11:F$79,_xlnm.Criteria,$D94)) | G94: =IF($D94="","",SUMIFS(G$11:G$79,_xlnm.Criteria,$D94)) | H94: =IF($D94="","",SUMIFS(H$11:H$79,_xlnm.Criteria,$D94)) | I94: =IF($D94="","",SUMIFS(I$11:I$79,_xlnm.Criteria,$D94)) | J94: =IF($D94="","",SUMIFS(J$11:J$79,_xlnm.Criteria,$D94)) | K94: =IF($D94="","",SUMIFS(K$11:K$79,_xlnm.Criteria,$D94)) | L94: =IF($D94="","",SUMIFS(L$11:L$79,_xlnm.Criteria,$D94)) | M94: =IF($D94="","",SUMIFS(M$11:M$79,_xlnm.Criteria,$D94)) | ... CK94: =IF($D94="","",SUMIFS(CK$11:CK$79,_xlnm.Criteria,$D94))
E95: =IF(D95="","","P") | F95: =IF($D95="","",SUMIFS(F$11:F$79,_xlnm.Criteria,$D95)) | G95: =IF($D95="","",SUMIFS(G$11:G$79,_xlnm.Criteria,$D95)) | H95: =IF($D95="","",SUMIFS(H$11:H$79,_xlnm.Criteria,$D95)) | I95: =IF($D95="","",SUMIFS(I$11:I$79,_xlnm.Criteria,$D95)) | J95: =IF($D95="","",SUMIFS(J$11:J$79,_xlnm.Criteria,$D95)) | K95: =IF($D95="","",SUMIFS(K$11:K$79,_xlnm.Criteria,$D95)) | L95: =IF($D95="","",SUMIFS(L$11:L$79,_xlnm.Criteria,$D95)) | M95: =IF($D95="","",SUMIFS(M$11:M$79,_xlnm.Criteria,$D95)) | ... CK95: =IF($D95="","",SUMIFS(CK$11:CK$79,_xlnm.Criteria,$D95))
E96: =IF(D96="","","P") | F96: =IF($D96="","",SUMIFS(F$11:F$79,_xlnm.Criteria,$D96)) | G96: =IF($D96="","",SUMIFS(G$11:G$79,_xlnm.Criteria,$D96)) | H96: =IF($D96="","",SUMIFS(H$11:H$79,_xlnm.Criteria,$D96)) | I96: =IF($D96="","",SUMIFS(I$11:I$79,_xlnm.Criteria,$D96)) | J96: =IF($D96="","",SUMIFS(J$11:J$79,_xlnm.Criteria,$D96)) | K96: =IF($D96="","",SUMIFS(K$11:K$79,_xlnm.Criteria,$D96)) | L96: =IF($D96="","",SUMIFS(L$11:L$79,_xlnm.Criteria,$D96)) | M96: =IF($D96="","",SUMIFS(M$11:M$79,_xlnm.Criteria,$D96)) | ... CK96: =IF($D96="","",SUMIFS(CK$11:CK$79,_xlnm.Criteria,$D96))
E97: =IF(D97="","","P") | F97: =IF($D97="","",SUMIFS(F$11:F$79,_xlnm.Criteria,$D97)) | G97: =IF($D97="","",SUMIFS(G$11:G$79,_xlnm.Criteria,$D97)) | H97: =IF($D97="","",SUMIFS(H$11:H$79,_xlnm.Criteria,$D97)) | I97: =IF($D97="","",SUMIFS(I$11:I$79,_xlnm.Criteria,$D97)) | J97: =IF($D97="","",SUMIFS(J$11:J$79,_xlnm.Criteria,$D97)) | K97: =IF($D97="","",SUMIFS(K$11:K$79,_xlnm.Criteria,$D97)) | L97: =IF($D97="","",SUMIFS(L$11:L$79,_xlnm.Criteria,$D97)) | M97: =IF($D97="","",SUMIFS(M$11:M$79,_xlnm.Criteria,$D97)) | ... CK97: =IF($D97="","",SUMIFS(CK$11:CK$79,_xlnm.Criteria,$D97))
E98: =IF(D98="","","P") | F98: =IF($D98="","",SUMIFS(F$11:F$79,_xlnm.Criteria,$D98)) | G98: =IF($D98="","",SUMIFS(G$11:G$79,_xlnm.Criteria,$D98)) | H98: =IF($D98="","",SUMIFS(H$11:H$79,_xlnm.Criteria,$D98)) | I98: =IF($D98="","",SUMIFS(I$11:I$79,_xlnm.Criteria,$D98)) | J98: =IF($D98="","",SUMIFS(J$11:J$79,_xlnm.Criteria,$D98)) | K98: =IF($D98="","",SUMIFS(K$11:K$79,_xlnm.Criteria,$D98)) | L98: =IF($D98="","",SUMIFS(L$11:L$79,_xlnm.Criteria,$D98)) | M98: =IF($D98="","",SUMIFS(M$11:M$79,_xlnm.Criteria,$D98)) | ... CK98: =IF($D98="","",SUMIFS(CK$11:CK$79,_xlnm.Criteria,$D98))
E99: =IF(D99="","","P") | F99: =IF($D99="","",SUMIFS(F$11:F$79,_xlnm.Criteria,$D99)) | G99: =IF($D99="","",SUMIFS(G$11:G$79,_xlnm.Criteria,$D99)) | H99: =IF($D99="","",SUMIFS(H$11:H$79,_xlnm.Criteria,$D99)) | I99: =IF($D99="","",SUMIFS(I$11:I$79,_xlnm.Criteria,$D99)) | J99: =IF($D99="","",SUMIFS(J$11:J$79,_xlnm.Criteria,$D99)) | K99: =IF($D99="","",SUMIFS(K$11:K$79,_xlnm.Criteria,$D99)) | L99: =IF($D99="","",SUMIFS(L$11:L$79,_xlnm.Criteria,$D99)) | M99: =IF($D99="","",SUMIFS(M$11:M$79,_xlnm.Criteria,$D99)) | ... CK99: =IF($D99="","",SUMIFS(CK$11:CK$79,_xlnm.Criteria,$D99))
E100: =IF(D100="","","P") | F100: =IF($D100="","",SUMIFS(F$11:F$79,_xlnm.Criteria,$D100)) | G100: =IF($D100="","",SUMIFS(G$11:G$79,_xlnm.Criteria,$D100)) | H100: =IF($D100="","",SUMIFS(H$11:H$79,_xlnm.Criteria,$D100)) | I100: =IF($D100="","",SUMIFS(I$11:I$79,_xlnm.Criteria,$D100)) | J100: =IF($D100="","",SUMIFS(J$11:J$79,_xlnm.Criteria,$D100)) | K100: =IF($D100="","",SUMIFS(K$11:K$79,_xlnm.Criteria,$D100)) | L100: =IF($D100="","",SUMIFS(L$11:L$79,_xlnm.Criteria,$D100)) | M100: =IF($D100="","",SUMIFS(M$11:M$79,_xlnm.Criteria,$D100)) | ... CK100: =IF($D100="","",SUMIFS(CK$11:CK$79,_xlnm.Criteria,$D100))
E101: =IF(D101="","","P") | F101: =IF($D101="","",SUMIFS(F$11:F$79,_xlnm.Criteria,$D101)) | G101: =IF($D101="","",SUMIFS(G$11:G$79,_xlnm.Criteria,$D101)) | H101: =IF($D101="","",SUMIFS(H$11:H$79,_xlnm.Criteria,$D101)) | I101: =IF($D101="","",SUMIFS(I$11:I$79,_xlnm.Criteria,$D101)) | J101: =IF($D101="","",SUMIFS(J$11:J$79,_xlnm.Criteria,$D101)) | K101: =IF($D101="","",SUMIFS(K$11:K$79,_xlnm.Criteria,$D101)) | L101: =IF($D101="","",SUMIFS(L$11:L$79,_xlnm.Criteria,$D101)) | M101: =IF($D101="","",SUMIFS(M$11:M$79,_xlnm.Criteria,$D101)) | ... CK101: =IF($D101="","",SUMIFS(CK$11:CK$79,_xlnm.Criteria,$D101))
E102: =IF(D102="","","P") | F102: =IF($D102="","",SUMIFS(F$11:F$79,_xlnm.Criteria,$D102)) | G102: =IF($D102="","",SUMIFS(G$11:G$79,_xlnm.Criteria,$D102)) | H102: =IF($D102="","",SUMIFS(H$11:H$79,_xlnm.Criteria,$D102)) | I102: =IF($D102="","",SUMIFS(I$11:I$79,_xlnm.Criteria,$D102)) | J102: =IF($D102="","",SUMIFS(J$11:J$79,_xlnm.Criteria,$D102)) | K102: =IF($D102="","",SUMIFS(K$11:K$79,_xlnm.Criteria,$D102)) | L102: =IF($D102="","",SUMIFS(L$11:L$79,_xlnm.Criteria,$D102)) | M102: =IF($D102="","",SUMIFS(M$11:M$79,_xlnm.Criteria,$D102)) | ... CK102: =IF($D102="","",SUMIFS(CK$11:CK$79,_xlnm.Criteria,$D102))
E103: =IF(D103="","","P") | F103: =IF($D103="","",SUMIFS(F$11:F$79,_xlnm.Criteria,$D103)) | G103: =IF($D103="","",SUMIFS(G$11:G$79,_xlnm.Criteria,$D103)) | H103: =IF($D103="","",SUMIFS(H$11:H$79,_xlnm.Criteria,$D103)) | I103: =IF($D103="","",SUMIFS(I$11:I$79,_xlnm.Criteria,$D103)) | J103: =IF($D103="","",SUMIFS(J$11:J$79,_xlnm.Criteria,$D103)) | K103: =IF($D103="","",SUMIFS(K$11:K$79,_xlnm.Criteria,$D103)) | L103: =IF($D103="","",SUMIFS(L$11:L$79,_xlnm.Criteria,$D103)) | M103: =IF($D103="","",SUMIFS(M$11:M$79,_xlnm.Criteria,$D103)) | ... CK103: =IF($D103="","",SUMIFS(CK$11:CK$79,_xlnm.Criteria,$D103))
... E109: =IF(D109="","","P") | F109: =IF($D109="","",SUMIFS(F$11:F$79,_xlnm.Criteria,$D109)) | G109: =IF($D109="","",SUMIFS(G$11:G$79,_xlnm.Criteria,$D109)) | H109: =IF($D109="","",SUMIFS(H$11:H$79,_xlnm.Criteria,$D109)) | I109: =IF($D109="","",SUMIFS(I$11:I$79,_xlnm.Criteria,$D109)) | J109: =IF($D109="","",SUMIFS(J$11:J$79,_xlnm.Criteria,$D109)) | K109: =IF($D109="","",SUMIFS(K$11:K$79,_xlnm.Criteria,$D109)) | L109: =IF($D109="","",SUMIFS(L$11:L$79,_xlnm.Criteria,$D109)) | M109: =IF($D109="","",SUMIFS(M$11:M$79,_xlnm.Criteria,$D109)) | ... CK109: =IF($D109="","",SUMIFS(CK$11:CK$79,_xlnm.Criteria,$D109))
E110: =IF(D110="","","P") | F110: =IF($D110="","",SUMIFS($F$11:$F$79,_xlnm.Criteria,D110)) | G110: =IF($D110="","",SUMIFS($F$11:$F$79,_xlnm.Criteria,E110)) | H110: =IF($D110="","",SUMIFS($F$11:$F$79,_xlnm.Criteria,F110)) | I110: =IF($D110="","",SUMIFS($F$11:$F$79,_xlnm.Criteria,G110)) | J110: =IF($D110="","",SUMIFS($F$11:$F$79,_xlnm.Criteria,H110)) | K110: =IF($D110="","",SUMIFS($F$11:$F$79,_xlnm.Criteria,I110)) | L110: =IF($D110="","",SUMIFS($F$11:$F$79,_xlnm.Criteria,J110)) | M110: =IF($D110="","",SUMIFS($F$11:$F$79,_xlnm.Criteria,K110)) | ... CK110: =IF($D110="","",SUMIFS($F$11:$F$79,_xlnm.Criteria,CI110))
...

Sheet FACTOR PRESTACIONAL
B3: 1 | F3: 2 | J3: 3 | N3: 4 | R3: 5 | V3: 6 | Z3: 7 | AD3: 8 | AH3: 9 | AL3: 10 | AP3: 11 | AT3: 12 | AX3: 13 | BB3: 14 | BF3: 15 | BJ3: 16 | BN3: 17 | BR3: 18
B6: SALARIO | D6: =+'RECURSO HUMANO'!F9 -> 8946068 | F6: SALARIO | H6: =+'RECURSO HUMANO'!F10 -> 6553517 | J6: SALARIO | L6: =+'RECURSO HUMANO'!F11 -> 6553517 | N6: SALARIO | P6: =+'RECURSO HUMANO'!F12 -> 2600604 | R6: SALARIO | T6: =+'RECURSO HUMANO'!F13 -> 8946068 | V6: SALARIO | X6: =+'RECURSO HUMANO'!F14 -> 8946068 | Z6: SALARIO | AB6: =+'RECURSO HUMANO'!F15 -> 5409251 | AD6: SALARIO | AF6: =+'RECURSO HUMANO'!F16 -> 6553517 | AH6: SALARIO | AJ6: =+'RECURSO HUMANO'!#REF! -> #REF! | AL6: SALARIO | AN6: =+'RECURSO HUMANO'!#REF! -> #REF! | AP6: SALARIO | AR6: =+'RECURSO HUMANO'!#REF! -> #REF! | AT6: SALARIO | AV6: =+'RECURSO HUMANO'!#REF! -> #REF! | AX6: SALARIO | AZ6: =+'RECURSO HUMANO'!#REF! -> #REF! | BB6: SALARIO | BD6: =+'RECURSO HUMANO'!#REF! -> #REF! | BF6: SALARIO | BH6: =+'RECURSO HUMANO'!#REF! -> #REF! | BJ6: SALARIO | BL6: =+'RECURSO HUMANO'!#REF! -> #REF! | BN6: SALARIO | BP6: =+'RECURSO HUMANO'!#REF! -> #REF! | BR6: SALARIO | BT6: =+'RECURSO HUMANO'!#REF! -> #REF!
B7: SMMLV | C7: ='INFO GENERAL'!$H$10 -> 1300000 | D7: =D6/C7 -> 6.8815908 | F7: SMMLV | G7: ='INFO GENERAL'!$H$10 -> 1300000 | H7: =H6/G7 -> 5.0411669 | J7: SMMLV | K7: ='INFO GENERAL'!$H$10 -> 1300000 | L7: =L6/K7 -> 5.0411669 | N7: SMMLV | O7: ='INFO GENERAL'!$H$10 -> 1300000 | P7: =P6/O7 -> 2.0004646 | R7: SMMLV | S7: ='INFO GENERAL'!$H$10 -> 1300000 | T7: =T6/S7 -> 6.8815908 | V7: SMMLV | W7: ='INFO GENERAL'!$H$10 -> 1300000 | X7: =X6/W7 -> 6.8815908 | Z7: SMMLV | AA7: ='INFO GENERAL'!$H$10 -> 1300000 | AB7: =AB6/AA7 -> 4.1609623 | AD7: SMMLV | AE7: ='INFO GENERAL'!$H$10 -> 1300000 | AF7: =AF6/AE7 -> 5.0411669 | AH7: SMMLV | AI7: ='INFO GENERAL'!$H$10 -> 1300000 | AJ7: =AJ6/AI7 -> #REF! | AL7: SMMLV | AM7: ='INFO GENERAL'!$H$10 -> 1300000 | AN7: =AN6/AM7 -> #REF! | AP7: SMMLV | AQ7: ='INFO GENERAL'!$H$10 -> 1300000 | AR7: =AR6/AQ7 -> #REF! | AT7: SMMLV | AU7: ='INFO GENERAL'!$H$10 -> 1300000 | AV7: =AV6/AU7 -> #REF! | AX7: SMMLV | AY7: ='INFO GENERAL'!$H$10 -> 1300000 | AZ7: =AZ6/AY7 -> #REF! | BB7: SMMLV | BC7: ='INFO GENERAL'!$H$10 -> 1300000 | BD7: =BD6/BC7 -> #REF! | BF7: SMMLV | BG7: ='INFO GENERAL'!$H$10 -> 1300000 | BH7: =BH6/BG7 -> #REF! | BJ7: SMMLV | BK7: ='INFO GENERAL'!$H$10 -> 1300000 | BL7: =BL6/BK7 -> #REF! | BN7: SMMLV | BO7: ='INFO GENERAL'!$H$10 -> 1300000 | BP7: =BP6/BO7 -> #REF! | BR7: SMMLV | BS7: ='INFO GENERAL'!$H$10 -> 1300000 | BT7: =BT6/BS7 -> #REF!
B8: Subsidio de trasporte | C8: 162000 | D8: =IF($D$7<2,C8,0) -> 0 | F8: Subsidio de trasporte | G8: 162000 | H8: =IF(H7<2,G8,0) -> 0 | J8: Subsidio de trasporte | K8: 162000 | L8: =IF(L7<2,K8,0) -> 0 | N8: Subsidio de trasporte | O8: 162000 | P8: =IF(P7<2,O8,0) -> 0 | R8: Subsidio de trasporte | S8: 162000 | T8: =IF(T7<2,S8,0) -> 0 | V8: Subsidio de trasporte | W8: 162000 | X8: =IF(X7<2,W8,0) -> 0 | Z8: Subsidio de trasporte | AA8: 162000 | AB8: =IF(AB7<2,AA8,0) -> 0 | AD8: Subsidio de trasporte | AE8: 162000 | AF8: =IF(AF7<2,AE8,0) -> 0 | AH8: Subsidio de trasporte | AI8: 162000 | AJ8: =IF(AJ7<2,AI8,0) -> #REF! | AL8: Subsidio de trasporte | AM8: 162000 | AN8: =IF(AN7<2,AM8,0) -> #REF! | AP8: Subsidio de trasporte | AQ8: 162000 | AR8: =IF(AR7<2,AQ8,0) -> #REF! | AT8: Subsidio de trasporte | AU8: 162000 | AV8: =IF(AV7<2,AU8,0) -> #REF! | AX8: Subsidio de trasporte | AY8: 162000 | AZ8: =IF(AZ7<2,AY8,0) -> #REF! | BB8: Subsidio de trasporte | BC8: 162000 | BD8: =IF(BD7<2,BC8,0) -> #REF! | BF8: Subsidio de trasporte | BG8: 162000 | BH8: =IF(BH7<2,BG8,0) -> #REF! | BJ8: Subsidio de trasporte | BK8: 162000 | BL8: =IF(BL7<2,BK8,0) -> #REF! | BN8: Subsidio de trasporte | BO8: 162000 | BP8: =IF(BP7<2,BO8,0) -> #REF! | BR8: Subsidio de trasporte | BS8: 162000 | BT8: =IF(BT7<2,BS8,0) -> #REF!
B9: Total mensual | D9: =D6+D8 -> 8946068 | F9: Total mensual | H9: =H6+H8 -> 6553517 | J9: Total mensual | L9: =L6+L8 -> 6553517 | N9: Total mensual | P9: =P6+P8 -> 2600604 | R9: Total mensual | T9: =T6+T8 -> 8946068 | V9: Total mensual | X9: =X6+X8 -> 8946068 | Z9: Total mensual | AB9: =AB6+AB8 -> 5409251 | AD9: Total mensual | AF9: =AF6+AF8 -> 6553517 | AH9: Total mensual | AJ9: =AJ6+AJ8 -> #REF! | AL9: Total mensual | AN9: =AN6+AN8 -> #REF! | AP9: Total mensual | AR9: =AR6+AR8 -> #REF! | AT9: Total mensual | AV9: =AV6+AV8 -> #REF! | AX9: Total mensual | AZ9: =AZ6+AZ8 -> #REF! | BB9: Total mensual | BD9: =BD6+BD8 -> #REF! | BF9: Total mensual | BH9: =BH6+BH8 -> #REF! | BJ9: Total mensual | BL9: =BL6+BL8 -> #REF! | BN9: Total mensual | BP9: =BP6+BP8 -> #REF! | BR9: Total mensual | BT9: =BT6+BT8 -> #REF!
B10: Anual (A/30X360) | D10: =D6*C14 -> 107352816 | F10: Anual (A/30X360) | H10: =H6*G14 -> 78642204 | J10: Anual (A/30X360) | L10: =L6*K14 -> 78642204 | N10: Anual (A/30X360) | P10: =P6*O14 -> 31207248 | R10: Anual (A/30X360) | T10: =T6*S14 -> 107352816 | V10: Anual (A/30X360) | X10: =X6*W14 -> 107352816 | Z10: Anual (A/30X360) | AB10: =AB6*AA14 -> 64911012 | AD10: Anual (A/30X360) | AF10: =AF6*AE14 -> 78642204 | AH10: Anual (A/30X360) | AJ10: =AJ6*AI14 -> #REF! | AL10: Anual (A/30X360) | AN10: =AN6*AM14 -> #REF! | AP10: Anual (A/30X360) | AR10: =AR6*AQ14 -> #REF! | AT10: Anual (A/30X360) | AV10: =AV6*AU14 -> #REF! | AX10: Anual (A/30X360) | AZ10: =AZ6*AY14 -> #REF! | BB10: Anual (A/30X360) | BD10: =BD6*BC14 -> #REF! | BF10: Anual (A/30X360) | BH10: =BH6*BG14 -> #REF! | BJ10: Anual (A/30X360) | BL10: =BL6*BK14 -> #REF! | BN10: Anual (A/30X360) | BP10: =BP6*BO14 -> #REF! | BR10: Anual (A/30X360) | BT10: =BT6*BS14 -> #REF!
B11: Anual con subsidio de trasporte | D11: =D9*C15 -> 107352816 | F11: Anual con subsidio de trasporte | H11: =H9*G15 -> 78642204 | J11: Anual con subsidio de trasporte | L11: =L9*K15 -> 78642204 | N11: Anual con subsidio de trasporte | P11: =P9*O15 -> 31207248 | R11: Anual con subsidio de trasporte | T11: =T9*S15 -> 107352816 | V11: Anual con subsidio de trasporte | X11: =X9*W15 -> 107352816 | Z11: Anual con subsidio de trasporte | AB11: =AB9*AA15 -> 64911012 | AD11: Anual con subsidio de trasporte | AF11: =AF9*AE15 -> 78642204 | AH11: Anual con subsidio de trasporte | AJ11: =AJ9*AI15 -> #REF! | AL11: Anual con subsidio de trasporte | AN11: =AN9*AM15 -> #REF! | AP11: Anual con subsidio de trasporte | AR11: =AR9*AQ15 -> #REF! | AT11: Anual con subsidio de trasporte | AV11: =AV9*AU15 -> #REF! | AX11: Anual con subsidio de trasporte | AZ11: =AZ9*AY15 -> #REF! | BB11: Anual con subsidio de trasporte | BD11: =BD9*BC15 -> #REF! | BF11: Anual con subsidio de trasporte | BH11: =BH9*BG15 -> #REF! | BJ11: Anual con subsidio de trasporte | BL11: =BL9*BK15 -> #REF! | BN11: Anual con subsidio de trasporte | BP11: =BP9*BO15 -> #REF! | BR11: Anual con subsidio de trasporte | BT11: =BT9*BS15 -> #REF!
B12: Subsidio trasporte anual | D12: =D8*C15 -> 0 | F12: Subsidio trasporte anual | H12: =H8*G15 -> 0 | J12: Subsidio trasporte anual | L12: =L8*K15 -> 0 | N12: Subsidio trasporte anual | P12: =P8*O15 -> 0 | R12: Subsidio trasporte anual | T12: =T8*S15 -> 0 | V12: Subsidio trasporte anual | X12: =X8*W15 -> 0 | Z12: Subsidio trasporte anual | AB12: =AB8*AA15 -> 0 | AD12: Subsidio trasporte anual | AF12: =AF8*AE15 -> 0 | AH12: Subsidio trasporte anual | AJ12: =AJ8*AI15 -> #REF! | AL12: Subsidio trasporte anual | AN12: =AN8*AM15 -> #REF! | AP12: Subsidio trasporte anual | AR12: =AR8*AQ15 -> #REF! | AT12: Subsidio trasporte anual | AV12: =AV8*AU15 -> #REF! | AX12: Subsidio trasporte anual | AZ12: =AZ8*AY15 -> #REF! | BB12: Subsidio trasporte anual | BD12: =BD8*BC15 -> #REF! | BF12: Subsidio trasporte anual | BH12: =BH8*BG15 -> #REF! | BJ12: Subsidio trasporte anual | BL12: =BL8*BK15 -> #REF! | BN12: Subsidio trasporte anual | BP12: =BP8*BO15 -> #REF! | BR12: Subsidio trasporte anual | BT12: =BT8*BS15 -> #REF!
B13: SALARIO NOMINAL | F13: SALARIO NOMINAL | J13: SALARIO NOMINAL | N13: SALARIO NOMINAL | R13: SALARIO NOMINAL | V13: SALARIO NOMINAL | Z13: SALARIO NOMINAL | AD13: SALARIO NOMINAL | AH13: SALARIO NOMINAL | AL13: SALARIO NOMINAL | AP13: SALARIO NOMINAL | AT13: SALARIO NOMINAL | AX13: SALARIO NOMINAL | BB13: SALARIO NOMINAL | BF13: SALARIO NOMINAL | BJ13: SALARIO NOMINAL | BN13: SALARIO NOMINAL | BR13: SALARIO NOMINAL
B14: Salario anual | C14: 12 | F14: Salario anual | G14: 12 | J14: Salario anual | K14: 12 | N14: Salario anual | O14: 12 | R14: Salario anual | S14: 12 | V14: Salario anual | W14: 12 | Z14: Salario anual | AA14: 12 | AD14: Salario anual | AE14: 12 | AH14: Salario anual | AI14: 12 | AL14: Salario anual | AM14: 12 | AP14: Salario anual | AQ14: 12 | AT14: Salario anual | AU14: 12 | AX14: Salario anual | AY14: 12 | BB14: Salario anual | BC14: 12 | BF14: Salario anual | BG14: 12 | BJ14: Salario anual | BK14: 12 | BN14: Salario anual | BO14: 12 | BR14: Salario anual | BS14: 12
B15: Subsidio trasporte anual | C15: 12 | F15: Subsidio trasporte anual | G15: 12 | J15: Subsidio trasporte anual | K15: 12 | N15: Subsidio trasporte anual | O15: 12 | R15: Subsidio trasporte anual | S15: 12 | V15: Subsidio trasporte anual | W15: 12 | Z15: Subsidio trasporte anual | AA15: 12 | AD15: Subsidio trasporte anual | AE15: 12 | AH15: Subsidio trasporte anual | AI15: 12 | AL15: Subsidio trasporte anual | AM15: 12 | AP15: Subsidio trasporte anual | AQ15: 12 | AT15: Subsidio trasporte anual | AU15: 12 | AX15: Subsidio trasporte anual | AY15: 12 | BB15: Subsidio trasporte anual | BC15: 12 | BF15: Subsidio trasporte anual | BG15: 12 | BJ15: Subsidio trasporte anual | BK15: 12 | BN15: Subsidio trasporte anual | BO15: 12 | BR15: Subsidio trasporte anual | BS15: 12
B16: PRESTACIONES | F16: PRESTACIONES | J16: PRESTACIONES | N16: PRESTACIONES | R16: PRESTACIONES | V16: PRESTACIONES | Z16: PRESTACIONES | AD16: PRESTACIONES | AH16: PRESTACIONES | AL16: PRESTACIONES | AP16: PRESTACIONES | AT16: PRESTACIONES | AX16: PRESTACIONES | BB16: PRESTACIONES | BF16: PRESTACIONES | BJ16: PRESTACIONES | BN16: PRESTACIONES | BR16: PRESTACIONES
B17: Cesantias anual E36/365 | C17: 1 | D17: =D9 -> 8946068 | F17: Cesantias anual E36/365 | G17: 1 | H17: =H9 -> 6553517 | J17: Cesantias anual E36/365 | K17: 1 | L17: =L9 -> 6553517 | N17: Cesantias anual E36/365 | O17: 1 | P17: =P9 -> 2600604 | R17: Cesantias anual E36/365 | S17: 1 | T17: =T9 -> 8946068 | V17: Cesantias anual E36/365 | W17: 1 | X17: =X9 -> 8946068 | Z17: Cesantias anual E36/365 | AA17: 1 | AB17: =AB9 -> 5409251 | AD17: Cesantias anual E36/365 | AE17: 1 | AF17: =AF9 -> 6553517 | AH17: Cesantias anual E36/365 | AI17: 1 | AJ17: =AJ9 -> #REF! | AL17: Cesantias anual E36/365 | AM17: 1 | AN17: =AN9 -> #REF! | AP17: Cesantias anual E36/365 | AQ17: 1 | AR17: =AR9 -> #REF! | AT17: Cesantias anual E36/365 | AU17: 1 | AV17: =AV9 -> #REF! | AX17: Cesantias anual E36/365 | AY17: 1 | AZ17: =AZ9 -> #REF! | BB17: Cesantias anual E36/365 | BC17: 1 | BD17: =BD9 -> #REF! | BF17: Cesantias anual E36/365 | BG17: 1 | BH17: =BH9 -> #REF! | BJ17: Cesantias anual E36/365 | BK17: 1 | BL17: =BL9 -> #REF! | BN17: Cesantias anual E36/365 | BO17: 1 | BP17: =BP9 -> #REF! | BR17: Cesantias anual E36/365 | BS17: 1 | BT17: =BT9 -> #REF!
B18: Intereses cesantias 12% | C18: 0.12 | D18: =D9*C18 -> 1073528.2 | F18: Intereses cesantias 12% | G18: 0.12 | H18: =H9*G18 -> 786422.04 | J18: Intereses cesantias 12% | K18: 0.12 | L18: =L9*K18 -> 786422.04 | N18: Intereses cesantias 12% | O18: 0.12 | P18: =P9*O18 -> 312072.48 | R18: Intereses cesantias 12% | S18: 0.12 | T18: =T9*S18 -> 1073528.2 | V18: Intereses cesantias 12% | W18: 0.12 | X18: =X9*W18 -> 1073528.2 | Z18: Intereses cesantias 12% | AA18: 0.12 | AB18: =AB9*AA18 -> 649110.12 | AD18: Intereses cesantias 12% | AE18: 0.12 | AF18: =AF9*AE18 -> 786422.04 | AH18: Intereses cesantias 12% | AI18: 0.12 | AJ18: =AJ9*AI18 -> #REF! | AL18: Intereses cesantias 12% | AM18: 0.12 | AN18: =AN9*AM18 -> #REF! | AP18: Intereses cesantias 12% | AQ18: 0.12 | AR18: =AR9*AQ18 -> #REF! | AT18: Intereses cesantias 12% | AU18: 0.12 | AV18: =AV9*AU18 -> #REF! | AX18: Intereses cesantias 12% | AY18: 0.12 | AZ18: =AZ9*AY18 -> #REF! | BB18: Intereses cesantias 12% | BC18: 0.12 | BD18: =BD9*BC18 -> #REF! | BF18: Intereses cesantias 12% | BG18: 0.12 | BH18: =BH9*BG18 -> #REF! | BJ18: Intereses cesantias 12% | BK18: 0.12 | BL18: =BL9*BK18 -> #REF! | BN18: Intereses cesantias 12% | BO18: 0.12 | BP18: =BP9*BO18 -> #REF! | BR18: Intereses cesantias 12% | BS18: 0.12 | BT18: =BT9*BS18 -> #REF!
B19: Vacaciones -15 dias A 0.50% | C19: 0.5 | D19: =D9*C19 -> 4473034 | F19: Vacaciones -15 dias A 0.50% | G19: 0.5 | H19: =H9*G19 -> 3276758.5 | J19: Vacaciones -15 dias A 0.50% | K19: 0.5 | L19: =L9*K19 -> 3276758.5 | N19: Vacaciones -15 dias A 0.50% | O19: 0.5 | P19: =P9*O19 -> 1300302 | R19: Vacaciones -15 dias A 0.50% | S19: 0.5 | T19: =T9*S19 -> 4473034 | V19: Vacaciones -15 dias A 0.50% | W19: 0.5 | X19: =X9*W19 -> 4473034 | Z19: Vacaciones -15 dias A 0.50% | AA19: 0.5 | AB19: =AB9*AA19 -> 2704625.5 | AD19: Vacaciones -15 dias A 0.50% | AE19: 0.5 | AF19: =AF9*AE19 -> 3276758.5 | AH19: Vacaciones -15 dias A 0.50% | AI19: 0.5 | AJ19: =AJ9*AI19 -> #REF! | AL19: Vacaciones -15 dias A 0.50% | AM19: 0.5 | AN19: =AN9*AM19 -> #REF! | AP19: Vacaciones -15 dias A 0.50% | AQ19: 0.5 | AR19: =AR9*AQ19 -> #REF! | AT19: Vacaciones -15 dias A 0.50% | AU19: 0.5 | AV19: =AV9*AU19 -> #REF! | AX19: Vacaciones -15 dias A 0.50% | AY19: 0.5 | AZ19: =AZ9*AY19 -> #REF! | BB19: Vacaciones -15 dias A 0.50% | BC19: 0.5 | BD19: =BD9*BC19 -> #REF! | BF19: Vacaciones -15 dias A 0.50% | BG19: 0.5 | BH19: =BH9*BG19 -> #REF! | BJ19: Vacaciones -15 dias A 0.50% | BK19: 0.5 | BL19: =BL9*BK19 -> #REF! | BN19: Vacaciones -15 dias A 0.50% | BO19: 0.5 | BP19: =BP9*BO19 -> #REF! | BR19: Vacaciones -15 dias A 0.50% | BS19: 0.5 | BT19: =BT9*BS19 -> #REF!
B20: Prima-30 dias C 100% | C20: 1 | D20: =D9 -> 8946068 | F20: Prima-30 dias C 100% | G20: 1 | H20: =H9 -> 6553517 | J20: Prima-30 dias C 100% | K20: 1 | L20: =L9 -> 6553517 | N20: Prima-30 dias C 100% | O20: 1 | P20: =P9 -> 2600604 | R20: Prima-30 dias C 100% | S20: 1 | T20: =T9 -> 8946068 | V20: Prima-30 dias C 100% | W20: 1 | X20: =X9 -> 8946068 | Z20: Prima-30 dias C 100% | AA20: 1 | AB20: =AB9 -> 5409251 | AD20: Prima-30 dias C 100% | AE20: 1 | AF20: =AF9 -> 6553517 | AH20: Prima-30 dias C 100% | AI20: 1 | AJ20: =AJ9 -> #REF! | AL20: Prima-30 dias C 100% | AM20: 1 | AN20: =AN9 -> #REF! | AP20: Prima-30 dias C 100% | AQ20: 1 | AR20: =AR9 -> #REF! | AT20: Prima-30 dias C 100% | AU20: 1 | AV20: =AV9 -> #REF! | AX20: Prima-30 dias C 100% | AY20: 1 | AZ20: =AZ9 -> #REF! | BB20: Prima-30 dias C 100% | BC20: 1 | BD20: =BD9 -> #REF! | BF20: Prima-30 dias C 100% | BG20: 1 | BH20: =BH9 -> #REF! | BJ20: Prima-30 dias C 100% | BK20: 1 | BL20: =BL9 -> #REF! | BN20: Prima-30 dias C 100% | BO20: 1 | BP20: =BP9 -> #REF! | BR20: Prima-30 dias C 100% | BS20: 1 | BT20: =BT9 -> #REF!
B21: Otros costos | F21: Otros costos | J21: Otros costos | N21: Otros costos | R21: Otros costos | V21: Otros costos | Z21: Otros costos | AD21: Otros costos | AH21: Otros costos | AL21: Otros costos | AP21: Otros costos | AT21: Otros costos | AX21: Otros costos | BB21: Otros costos | BF21: Otros costos | BJ21: Otros costos | BN21: Otros costos | BR21: Otros costos
B22: Dotación | C22: 0,2153 CADA 4 MESES | D22: =IF(D7<2,ROUNDDOWN('INFO GENERAL'!PLAZO/4,0)*(C7*0.2153),0) -> 0 | F22: Dotación | G22: 0,2153 CADA 4 MESES | H22: =IF(H7<2,ROUNDDOWN('INFO GENERAL'!PLAZO/4,0)*(G7*0.2153),0) -> 0 | J22: Dotación | K22: 0,2153 CADA 4 MESES | L22: =IF(L7<2,ROUNDDOWN('INFO GENERAL'!PLAZO/4,0)*(K7*0.2153),0) -> 0 | N22: Dotación | O22: 0,2153 CADA 4 MESES | P22: =IF(P7<2,ROUNDDOWN('INFO GENERAL'!PLAZO/4,0)*(O7*0.2153),0) -> 0 | R22: Dotación | S22: 0,2153 CADA 4 MESES | T22: =IF(T7<2,ROUNDDOWN('INFO GENERAL'!PLAZO/4,0)*(S7*0.2153),0) -> 0 | V22: Dotación | W22: 0,2153 CADA 4 MESES | X22: =IF(X7<2,ROUNDDOWN('INFO GENERAL'!PLAZO/4,0)*(W7*0.2153),0) -> 0 | Z22: Dotación | AA22: 0,2153 CADA 4 MESES | AB22: =IF(AB7<2,ROUNDDOWN('INFO GENERAL'!PLAZO/4,0)*(AA7*0.2153),0) -> 0 | AD22: Dotación | AE22: 0,2153 CADA 4 MESES | AF22: =IF(AF7<2,ROUNDDOWN('INFO GENERAL'!PLAZO/4,0)*(AE7*0.2153),0) -> 0 | AH22: Dotación | AI22: 0,2153 CADA 4 MESES | AJ22: =IF(AJ7<2,ROUNDDOWN('INFO GENERAL'!PLAZO/4,0)*(AI7*0.2153),0) -> #REF! | AL22: Dotación | AM22: 0,2153 CADA 4 MESES | AN22: =IF(AN7<2,ROUNDDOWN('INFO GENERAL'!PLAZO/4,0)*(AM7*0.2153),0) -> #REF! | AP22: Dotación | AQ22: 0,2153 CADA 4 MESES | AR22: =IF(AR7<2,ROUNDDOWN('INFO GENERAL'!PLAZO/4,0)*(AQ7*0.2153),0) -> #REF! | AT22: Dotación | AU22: 0,2153 CADA 4 MESES | AV22: =IF(AV7<2,ROUNDDOWN('INFO GENERAL'!PLAZO/4,0)*(AU7*0.2153),0) -> #REF! | AX22: Dotación | AY22: 0,2153 CADA 4 MESES | AZ22: =IF(AZ7<2,ROUNDDOWN('INFO GENERAL'!PLAZO/4,0)*(AY7*0.2153),0) -> #REF! | BB22: Dotación | BC22: 0,2153 CADA 4 MESES | BD22: =IF(BD7<2,ROUNDDOWN('INFO GENERAL'!PLAZO/4,0)*(BC7*0.2153),0) -> #REF! | BF22: Dotación | BG22: 0,2153 CADA 4 MESES | BH22: =IF(BH7<2,ROUNDDOWN('INFO GENERAL'!PLAZO/4,0)*(BG7*0.2153),0) -> #REF! | BJ22: Dotación | BK22: 0,2153 CADA 4 MESES | BL22: =IF(BL7<2,ROUNDDOWN('INFO GENERAL'!PLAZO/4,0)*(BK7*0.2153),0) -> #REF! | BN22: Dotación | BO22: 0,2153 CADA 4 MESES | BP22: =IF(BP7<2,ROUNDDOWN('INFO GENERAL'!PLAZO/4,0)*(BO7*0.2153),0) -> #REF! | BR22: Dotación | BS22: 0,2153 CADA 4 MESES | BT22: =IF(BT7<2,ROUNDDOWN('INFO GENERAL'!PLAZO/4,0)*(BS7*0.2153),0) -> #REF!
B23: Seguridad Social | F23: Seguridad Social | J23: Seguridad Social | N23: Seguridad Social | R23: Seguridad Social | V23: Seguridad Social | Z23: Seguridad Social | AD23: Seguridad Social | AH23: Seguridad Social | AL23: Seguridad Social | AP23: Seguridad Social | AT23: Seguridad Social | AX23: Seguridad Social | BB23: Seguridad Social | BF23: Seguridad Social | BJ23: Seguridad Social | BN23: Seguridad Social | BR23: Seguridad Social
B24: Pensiones | C24: 0.16 | D24: =D11*C24 -> 17176451 | F24: Pensiones | G24: 0.16 | H24: =H11*G24 -> 12582753 | J24: Pensiones | K24: 0.16 | L24: =L11*K24 -> 12582753 | N24: Pensiones | O24: 0.16 | P24: =P11*O24 -> 4993159.7 | R24: Pensiones | S24: 0.16 | T24: =T11*S24 -> 17176451 | V24: Pensiones | W24: 0.16 | X24: =X11*W24 -> 17176451 | Z24: Pensiones | AA24: 0.16 | AB24: =AB11*AA24 -> 10385762 | AD24: Pensiones | AE24: 0.16 | AF24: =AF11*AE24 -> 12582753 | AH24: Pensiones | AI24: 0.16 | AJ24: =AJ11*AI24 -> #REF! | AL24: Pensiones | AM24: 0.16 | AN24: =AN11*AM24 -> #REF! | AP24: Pensiones | AQ24: 0.16 | AR24: =AR11*AQ24 -> #REF! | AT24: Pensiones | AU24: 0.16 | AV24: =AV11*AU24 -> #REF! | AX24: Pensiones | AY24: 0.16 | AZ24: =AZ11*AY24 -> #REF! | BB24: Pensiones | BC24: 0.16 | BD24: =BD11*BC24 -> #REF! | BF24: Pensiones | BG24: 0.16 | BH24: =BH11*BG24 -> #REF! | BJ24: Pensiones | BK24: 0.16 | BL24: =BL11*BK24 -> #REF! | BN24: Pensiones | BO24: 0.16 | BP24: =BP11*BO24 -> #REF! | BR24: Pensiones | BS24: 0.16 | BT24: =BT11*BS24 -> #REF!
B25: Salud | C25: 0.125 | D25: =D11*C25 -> 13419102 | F25: Salud | G25: 0.125 | H25: =H11*G25 -> 9830275.5 | J25: Salud | K25: 0.125 | L25: =L11*K25 -> 9830275.5 | N25: Salud | O25: 0.125 | P25: =P11*O25 -> 3900906 | R25: Salud | S25: 0.125 | T25: =T11*S25 -> 13419102 | V25: Salud | W25: 0.125 | X25: =X11*W25 -> 13419102 | Z25: Salud | AA25: 0.125 | AB25: =AB11*AA25 -> 8113876.5 | AD25: Salud | AE25: 0.125 | AF25: =AF11*AE25 -> 9830275.5 | AH25: Salud | AI25: 0.125 | AJ25: =AJ11*AI25 -> #REF! | AL25: Salud | AM25: 0.125 | AN25: =AN11*AM25 -> #REF! | AP25: Salud | AQ25: 0.125 | AR25: =AR11*AQ25 -> #REF! | AT25: Salud | AU25: 0.125 | AV25: =AV11*AU25 -> #REF! | AX25: Salud | AY25: 0.125 | AZ25: =AZ11*AY25 -> #REF! | BB25: Salud | BC25: 0.125 | BD25: =BD11*BC25 -> #REF! | BF25: Salud | BG25: 0.125 | BH25: =BH11*BG25 -> #REF! | BJ25: Salud | BK25: 0.125 | BL25: =BL11*BK25 -> #REF! | BN25: Salud | BO25: 0.125 | BP25: =BP11*BO25 -> #REF! | BR25: Salud | BS25: 0.125 | BT25: =BT11*BS25 -> #REF!
B26: Riesgos Profesionales | C26: 0.069 | D26: =D11*C26 -> 7407344.3 | F26: Riesgos Profesionales | G26: 0.069 | H26: =H11*G26 -> 5426312.1 | J26: Riesgos Profesionales | K26: 0.069 | L26: =L11*K26 -> 5426312.1 | N26: Riesgos Profesionales | O26: 0.069 | P26: =P11*O26 -> 2153300.1 | R26: Riesgos Profesionales | S26: 0.069 | T26: =T11*S26 -> 7407344.3 | V26: Riesgos Profesionales | W26: 0.069 | X26: =X11*W26 -> 7407344.3 | Z26: Riesgos Profesionales | AA26: 0.069 | AB26: =AB11*AA26 -> 4478859.8 | AD26: Riesgos Profesionales | AE26: 0.069 | AF26: =AF11*AE26 -> 5426312.1 | AH26: Riesgos Profesionales | AI26: 0.069 | AJ26: =AJ11*AI26 -> #REF! | AL26: Riesgos Profesionales | AM26: 0.069 | AN26: =AN11*AM26 -> #REF! | AP26: Riesgos Profesionales | AQ26: 0.069 | AR26: =AR11*AQ26 -> #REF! | AT26: Riesgos Profesionales | AU26: 0.069 | AV26: =AV11*AU26 -> #REF! | AX26: Riesgos Profesionales | AY26: 0.069 | AZ26: =AZ11*AY26 -> #REF! | BB26: Riesgos Profesionales | BC26: 0.069 | BD26: =BD11*BC26 -> #REF! | BF26: Riesgos Profesionales | BG26: 0.069 | BH26: =BH11*BG26 -> #REF! | BJ26: Riesgos Profesionales | BK26: 0.069 | BL26: =BL11*BK26 -> #REF! | BN26: Riesgos Profesionales | BO26: 0.069 | BP26: =BP11*BO26 -> #REF! | BR26: Riesgos Profesionales | BS26: 0.069 | BT26: =BT11*BS26 -> #REF!
B27: Aportes | F27: Aportes | J27: Aportes | N27: Aportes | R27: Aportes | V27: Aportes | Z27: Aportes | AD27: Aportes | AH27: Aportes | AL27: Aportes | AP27: Aportes | AT27: Aportes | AX27: Aportes | BB27: Aportes | BF27: Aportes | BJ27: Aportes | BN27: Aportes | BR27: Aportes
B28: FIC Fondo Nacional de Formación Profesional de la Industria de la Construcción | C28: 0.0025 | D28: =D6*C28 -> 22365.17 | F28: FIC Fondo Nacional de Formación Profesional de la Industria de la Construcción | G28: 0.0025 | H28: =H6*G28 -> 16383.792 | J28: FIC Fondo Nacional de Formación Profesional de la Industria de la Construcción | K28: 0.0025 | L28: =L6*K28 -> 16383.792 | N28: FIC Fondo Nacional de Formación Profesional de la Industria de la Construcción | O28: 0.0025 | P28: =P6*O28 -> 6501.51 | R28: FIC Fondo Nacional de Formación Profesional de la Industria de la Construcción | S28: 0.0025 | T28: =T6*S28 -> 22365.17 | V28: FIC Fondo Nacional de Formación Profesional de la Industria de la Construcción | W28: 0.0025 | X28: =X6*W28 -> 22365.17 | Z28: FIC Fondo Nacional de Formación Profesional de la Industria de la Construcción | AA28: 0.0025 | AB28: =AB6*AA28 -> 13523.128 | AD28: FIC Fondo Nacional de Formación Profesional de la Industria de la Construcción | AE28: 0.0025 | AF28: =AF6*AE28 -> 16383.792 | AH28: FIC Fondo Nacional de Formación Profesional de la Industria de la Construcción | AI28: 0.0025 | AJ28: =AJ6*AI28 -> #REF! | AL28: FIC Fondo Nacional de Formación Profesional de la Industria de la Construcción | AM28: 0.0025 | AN28: =AN6*AM28 -> #REF! | AP28: FIC Fondo Nacional de Formación Profesional de la Industria de la Construcción | AQ28: 0.0025 | AR28: =AR6*AQ28 -> #REF! | AT28: FIC Fondo Nacional de Formación Profesional de la Industria de la Construcción | AU28: 0.0025 | AV28: =AV6*AU28 -> #REF! | AX28: FIC Fondo Nacional de Formación Profesional de la Industria de la Construcción | AY28: 0.0025 | AZ28: =AZ6*AY28 -> #REF! | BB28: FIC Fondo Nacional de Formación Profesional de la Industria de la Construcción | BC28: 0.0025 | BD28: =BD6*BC28 -> #REF! | BF28: FIC Fondo Nacional de Formación Profesional de la Industria de la Construcción | BG28: 0.0025 | BH28: =BH6*BG28 -> #REF! | BJ28: FIC Fondo Nacional de Formación Profesional de la Industria de la Construcción | BK28: 0.0025 | BL28: =BL6*BK28 -> #REF! | BN28: FIC Fondo Nacional de Formación Profesional de la Industria de la Construcción | BO28: 0.0025 | BP28: =BP6*BO28 -> #REF! | BR28: FIC Fondo Nacional de Formación Profesional de la Industria de la Construcción | BS28: 0.0025 | BT28: =BT6*BS28 -> #REF!
B29: Otros aportes | F29: Otros aportes | J29: Otros aportes | N29: Otros aportes | R29: Otros aportes | V29: Otros aportes | Z29: Otros aportes | AD29: Otros aportes | AH29: Otros aportes | AL29: Otros aportes | AP29: Otros aportes | AT29: Otros aportes | AX29: Otros aportes | BB29: Otros aportes | BF29: Otros aportes | BJ29: Otros aportes | BN29: Otros aportes | BR29: Otros aportes
B30: Caja de compensacion Familiar D | C30: 0.04 | D30: =D10*C30 -> 4294112.6 | F30: Caja de compensacion Familiar D | G30: 0.04 | H30: =H10*G30 -> 3145688.2 | J30: Caja de compensacion Familiar D | K30: 0.04 | L30: =L10*K30 -> 3145688.2 | N30: Caja de compensacion Familiar D | O30: 0.04 | P30: =P10*O30 -> 1248289.9 | R30: Caja de compensacion Familiar D | S30: 0.04 | T30: =T10*S30 -> 4294112.6 | V30: Caja de compensacion Familiar D | W30: 0.04 | X30: =X10*W30 -> 4294112.6 | Z30: Caja de compensacion Familiar D | AA30: 0.04 | AB30: =AB10*AA30 -> 2596440.5 | AD30: Caja de compensacion Familiar D | AE30: 0.04 | AF30: =AF10*AE30 -> 3145688.2 | AH30: Caja de compensacion Familiar D | AI30: 0.04 | AJ30: =AJ10*AI30 -> #REF! | AL30: Caja de compensacion Familiar D | AM30: 0.04 | AN30: =AN10*AM30 -> #REF! | AP30: Caja de compensacion Familiar D | AQ30: 0.04 | AR30: =AR10*AQ30 -> #REF! | AT30: Caja de compensacion Familiar D | AU30: 0.04 | AV30: =AV10*AU30 -> #REF! | AX30: Caja de compensacion Familiar D | AY30: 0.04 | AZ30: =AZ10*AY30 -> #REF! | BB30: Caja de compensacion Familiar D | BC30: 0.04 | BD30: =BD10*BC30 -> #REF! | BF30: Caja de compensacion Familiar D | BG30: 0.04 | BH30: =BH10*BG30 -> #REF! | BJ30: Caja de compensacion Familiar D | BK30: 0.04 | BL30: =BL10*BK30 -> #REF! | BN30: Caja de compensacion Familiar D | BO30: 0.04 | BP30: =BP10*BO30 -> #REF! | BR30: Caja de compensacion Familiar D | BS30: 0.04 | BT30: =BT10*BS30 -> #REF!
B31: SENA | C31: 0.02 | D31: =D10*C31 -> 2147056.3 | F31: SENA | G31: 0.02 | H31: =H10*G31 -> 1572844.1 | J31: SENA | K31: 0.02 | L31: =L10*K31 -> 1572844.1 | N31: SENA | O31: 0.02 | P31: =P10*O31 -> 624144.96 | R31: SENA | S31: 0.02 | T31: =T10*S31 -> 2147056.3 | V31: SENA | W31: 0.02 | X31: =X10*W31 -> 2147056.3 | Z31: SENA | AA31: 0.02 | AB31: =AB10*AA31 -> 1298220.2 | AD31: SENA | AE31: 0.02 | AF31: =AF10*AE31 -> 1572844.1 | AH31: SENA | AI31: 0.02 | AJ31: =AJ10*AI31 -> #REF! | AL31: SENA | AM31: 0.02 | AN31: =AN10*AM31 -> #REF! | AP31: SENA | AQ31: 0.02 | AR31: =AR10*AQ31 -> #REF! | AT31: SENA | AU31: 0.02 | AV31: =AV10*AU31 -> #REF! | AX31: SENA | AY31: 0.02 | AZ31: =AZ10*AY31 -> #REF! | BB31: SENA | BC31: 0.02 | BD31: =BD10*BC31 -> #REF! | BF31: SENA | BG31: 0.02 | BH31: =BH10*BG31 -> #REF! | BJ31: SENA | BK31: 0.02 | BL31: =BL10*BK31 -> #REF! | BN31: SENA | BO31: 0.02 | BP31: =BP10*BO31 -> #REF! | BR31: SENA | BS31: 0.02 | BT31: =BT10*BS31 -> #REF!
B32: ICBF | C32: 0.03 | D32: =D10*C32 -> 3220584.5 | F32: ICBF | G32: 0.03 | H32: =H10*G32 -> 2359266.1 | J32: ICBF | K32: 0.03 | L32: =L10*K32 -> 2359266.1 | N32: ICBF | O32: 0.03 | P32: =P10*O32 -> 936217.44 | R32: ICBF | S32: 0.03 | T32: =T10*S32 -> 3220584.5 | V32: ICBF | W32: 0.03 | X32: =X10*W32 -> 3220584.5 | Z32: ICBF | AA32: 0.03 | AB32: =AB10*AA32 -> 1947330.4 | AD32: ICBF | AE32: 0.03 | AF32: =AF10*AE32 -> 2359266.1 | AH32: ICBF | AI32: 0.03 | AJ32: =AJ10*AI32 -> #REF! | AL32: ICBF | AM32: 0.03 | AN32: =AN10*AM32 -> #REF! | AP32: ICBF | AQ32: 0.03 | AR32: =AR10*AQ32 -> #REF! | AT32: ICBF | AU32: 0.03 | AV32: =AV10*AU32 -> #REF! | AX32: ICBF | AY32: 0.03 | AZ32: =AZ10*AY32 -> #REF! | BB32: ICBF | BC32: 0.03 | BD32: =BD10*BC32 -> #REF! | BF32: ICBF | BG32: 0.03 | BH32: =BH10*BG32 -> #REF! | BJ32: ICBF | BK32: 0.03 | BL32: =BL10*BK32 -> #REF! | BN32: ICBF | BO32: 0.03 | BP32: =BP10*BO32 -> #REF! | BR32: ICBF | BS32: 0.03 | BT32: =BT10*BS32 -> #REF!
B34: VALOR REAL DEL SALARIO | D34: =SUM(D17:D32)+D10+D12 -> 1.7847853e+08 | F34: VALOR REAL DEL SALARIO | H34: =SUM(H17:H32)+H10+H12 -> 1.3074594e+08 | J34: VALOR REAL DEL SALARIO | L34: =SUM(L17:L32)+L10+L12 -> 1.3074594e+08 | N34: VALOR REAL DEL SALARIO | P34: =SUM(P17:P32)+P10+P12 -> 51883350 | R34: VALOR REAL DEL SALARIO | T34: =SUM(T17:T32)+T10+T12 -> 1.7847853e+08 | V34: VALOR REAL DEL SALARIO | X34: =SUM(X17:X32)+X10+X12 -> 1.7847853e+08 | Z34: VALOR REAL DEL SALARIO | AB34: =SUM(AB17:AB32)+AB10+AB12 -> 1.0791726e+08 | AD34: VALOR REAL DEL SALARIO | AF34: =SUM(AF17:AF32)+AF10+AF12 -> 1.3074594e+08 | AH34: VALOR REAL DEL SALARIO | AJ34: =SUM(AJ17:AJ32)+AJ10+AJ12 -> #REF! | AL34: VALOR REAL DEL SALARIO | AN34: =SUM(AN17:AN32)+AN10+AN12 -> #REF! | AP34: VALOR REAL DEL SALARIO | AR34: =SUM(AR17:AR32)+AR10+AR12 -> #REF! | AT34: VALOR REAL DEL SALARIO | AV34: =SUM(AV17:AV32)+AV10+AV12 -> #REF! | AX34: VALOR REAL DEL SALARIO | AZ34: =SUM(AZ17:AZ32)+AZ10+AZ12 -> #REF! | BB34: VALOR REAL DEL SALARIO | BD34: =SUM(BD17:BD32)+BD10+BD12 -> #REF! | BF34: VALOR REAL DEL SALARIO | BH34: =SUM(BH17:BH32)+BH10+BH12 -> #REF! | BJ34: VALOR REAL DEL SALARIO | BL34: =SUM(BL17:BL32)+BL10+BL12 -> #REF! | BN34: VALOR REAL DEL SALARIO | BP34: =SUM(BP17:BP32)+BP10+BP12 -> #REF! | BR34: VALOR REAL DEL SALARIO | BT34: =SUM(BT17:BT32)+BT10+BT12 -> #REF!
B36: VALOR PRESTACIONAL | D36: =D34/D11 -> 1.6625417 | F36: VALOR PRESTACIONAL | H36: =H34/H11 -> 1.6625417 | J36: VALOR PRESTACIONAL | L36: =L34/L11 -> 1.6625417 | N36: VALOR PRESTACIONAL | P36: =P34/P11 -> 1.6625417 | R36: VALOR PRESTACIONAL | T36: =T34/T11 -> 1.6625417 | V36: VALOR PRESTACIONAL | X36: =X34/X11 -> 1.6625417 | Z36: VALOR PRESTACIONAL | AB36: =AB34/AB11 -> 1.6625417 | AD36: VALOR PRESTACIONAL | AF36: =AF34/AF11 -> 1.6625417 | AH36: VALOR PRESTACIONAL | AJ36: =AJ34/AJ11 -> #REF! | AL36: VALOR PRESTACIONAL | AN36: =AN34/AN11 -> #REF! | AP36: VALOR PRESTACIONAL | AR36: =AR34/AR11 -> #REF! | AT36: VALOR PRESTACIONAL | AV36: =AV34/AV11 -> #REF! | AX36: VALOR PRESTACIONAL | AZ36: =AZ34/AZ11 -> #REF! | BB36: VALOR PRESTACIONAL | BD36: =BD34/BD11 -> #REF! | BF36: VALOR PRESTACIONAL | BH36: =BH34/BH11 -> #REF! | BJ36: VALOR PRESTACIONAL | BL36: =BL34/BL11 -> #REF! | BN36: VALOR PRESTACIONAL | BP36: =BP34/BP11 -> #REF! | BR36: VALOR PRESTACIONAL | BT36: =BT34/BT11 -> #REF!
B38: 19 | F38: 20 | J38: 21
B41: SALARIO | D41: =+'RECURSO HUMANO'!#REF! -> #REF! | F41: SALARIO | H41: =+'RECURSO HUMANO'!#REF! -> #REF! | J41: SALARIO | L41: =+'RECURSO HUMANO'!#REF! -> #REF!
B42: SMMLV | C42: ='INFO GENERAL'!$H$10 -> 1300000 | D42: =D41/C42 -> #REF! | F42: SMMLV | G42: ='INFO GENERAL'!$H$10 -> 1300000 | H42: =H41/G42 -> #REF! | J42: SMMLV | K42: ='INFO GENERAL'!$H$10 -> 1300000 | L42: =L41/K42 -> #REF!
B43: Subsidio de trasporte | C43: 162000 | D43: =IF($D$7<2,C43,0) -> 0 | F43: Subsidio de trasporte | G43: 162000 | H43: =IF(H42<2,G43,0) -> #REF! | J43: Subsidio de trasporte | K43: 162000 | L43: =IF(L42<2,K43,0) -> #REF!
B44: Total mensual | D44: =D41+D43 -> #REF! | F44: Total mensual | H44: =H41+H43 -> #REF! | J44: Total mensual | L44: =L41+L43 -> #REF!
B45: Anual (A/30X360) | D45: =D41*C49 -> #REF! | F45: Anual (A/30X360) | H45: =H41*G49 -> #REF! | J45: Anual (A/30X360) | L45: =L41*K49 -> #REF!
B46: Anual con subsidio de trasporte | D46: =D44*C50 -> #REF! | F46: Anual con subsidio de trasporte | H46: =H44*G50 -> #REF! | J46: Anual con subsidio de trasporte | L46: =L44*K50 -> #REF!
B47: Subsidio trasporte anual | D47: =D43*C50 -> 0 | F47: Subsidio trasporte anual | H47: =H43*G50 -> #REF! | J47: Subsidio trasporte anual | L47: =L43*K50 -> #REF!
B48: SALARIO NOMINAL | F48: SALARIO NOMINAL | J48: SALARIO NOMINAL
B49: Salario anual | C49: 12 | F49: Salario anual | G49: 12 | J49: Salario anual | K49: 12
B50: Subsidio trasporte anual | C50: 12 | F50: Subsidio trasporte anual | G50: 12 | J50: Subsidio trasporte anual | K50: 12
B51: PRESTACIONES | F51: PRESTACIONES | J51: PRESTACIONES
B52: Cesantias anual E36/365 | C52: 1 | D52: =D44 -> #REF! | F52: Cesantias anual E36/365 | G52: 1 | H52: =H44 -> #REF! | J52: Cesantias anual E36/365 | K52: 1 | L52: =L44 -> #REF!
B53: Intereses cesantias 12% | C53: 0.12 | D53: =D44*C53 -> #REF! | F53: Intereses cesantias 12% | G53: 0.12 | H53: =H44*G53 -> #REF! | J53: Intereses cesantias 12% | K53: 0.12 | L53: =L44*K53 -> #REF!
B54: Vacaciones -15 dias A 0.50% | C54: 0.5 | D54: =D44*C54 -> #REF! | F54: Vacaciones -15 dias A 0.50% | G54: 0.5 | H54: =H44*G54 -> #REF! | J54: Vacaciones -15 dias A 0.50% | K54: 0.5 | L54: =L44*K54 -> #REF!
B55: Prima-30 dias C 100% | C55: 1 | D55: =D44 -> #REF! | F55: Prima-30 dias C 100% | G55: 1 | H55: =H44 -> #REF! | J55: Prima-30 dias C 100% | K55: 1 | L55: =L44 -> #REF!
B56: Otros costos | F56: Otros costos | J56: Otros costos
B57: Dotación | C57: 0,2153 CADA 4 MESES | D57: =IF(D42<2,ROUNDDOWN('INFO GENERAL'!PLAZO/4,0)*(C42*0.2153),0) -> #REF! | F57: Dotación | G57: 0,2153 CADA 4 MESES | H57: =IF(H42<2,ROUNDDOWN('INFO GENERAL'!PLAZO/4,0)*(G42*0.2153),0) -> #REF! | J57: Dotación | K57: 0,2153 CADA 4 MESES | L57: =IF(L42<2,ROUNDDOWN('INFO GENERAL'!PLAZO/4,0)*(K42*0.2153),0) -> #REF!
B58: Seguridad Social | F58: Seguridad Social | J58: Seguridad Social
B59: Pensiones | C59: 0.16 | D59: =D46*C59 -> #REF! | F59: Pensiones | G59: 0.16 | H59: =H46*G59 -> #REF! | J59: Pensiones | K59: 0.16 | L59: =L46*K59 -> #REF!
B60: Salud | C60: 0.125 | D60: =D46*C60 -> #REF! | F60: Salud | G60: 0.125 | H60: =H46*G60 -> #REF! | J60: Salud | K60: 0.125 | L60: =L46*K60 -> #REF!
B61: Riesgos Profesionales | C61: 0.069 | D61: =D46*C61 -> #REF! | F61: Riesgos Profesionales | G61: 0.069 | H61: =H46*G61 -> #REF! | J61: Riesgos Profesionales | K61: 0.069 | L61: =L46*K61 -> #REF!
B62: Aportes | F62: Aportes | J62: Aportes
B63: FIC Fondo Nacional de Formación Profesional de la Industria de la Construcción | C63: 0.0025 | D63: =D41*C63 -> #REF! | F63: FIC Fondo Nacional de Formación Profesional de la Industria de la Construcción | G63: 0.0025 | H63: =H41*G63 -> #REF! | J63: FIC Fondo Nacional de Formación Profesional de la Industria de la Construcción | K63: 0.0025 | L63: =L41*K63 -> #REF!
B64: Otros aportes | F64: Otros aportes | J64: Otros aportes
B65: Caja de compensacion Familiar D | C65: 0.04 | D65: =D45*C65 -> #REF! | F65: Caja de compensacion Familiar D | G65: 0.04 | H65: =H45*G65 -> #REF! | J65: Caja de compensacion Familiar D | K65: 0.04 | L65: =L45*K65 -> #REF!
B66: SENA | C66: 0.02 | D66: =D45*C66 -> #REF! | F66: SENA | G66: 0.02 | H66: =H45*G66 -> #REF! | J66: SENA | K66: 0.02 | L66: =L45*K66 -> #REF!
B67: ICBF | C67: 0.03 | D67: =D45*C67 -> #REF! | F67: ICBF | G67: 0.03 | H67: =H45*G67 -> #REF! | J67: ICBF | K67: 0.03 | L67: =L45*K67 -> #REF!
B69: VALOR REAL DEL SALARIO | D69: =SUM(D52:D67)+D45+D47 -> #REF! | F69: VALOR REAL DEL SALARIO | H69: =SUM(H52:H67)+H45+H47 -> #REF! | J69: VALOR REAL DEL SALARIO | L69: =SUM(L52:L67)+L45+L47 -> #REF!
B71: VALOR PRESTACIONAL | D71: =D69/D46 -> #REF! | F71: VALOR PRESTACIONAL | H71: =H69/H46 -> #REF! | J71: VALOR PRESTACIONAL | L71: =L69/L46 -> #REF!
B73: 22 | F73: 23 | J73: 24 | N73: 25 | R73: 26
B76: SALARIO | D76: =+'RECURSO HUMANO'!#REF! -> #REF! | F76: SALARIO | H76: =+'RECURSO HUMANO'!#REF! -> #REF! | J76: SALARIO | L76: =+'RECURSO HUMANO'!#REF! -> #REF! | N76: SALARIO | P76: =+'RECURSO HUMANO'!#REF! -> #REF! | R76: SALARIO | T76: =+'RECURSO HUMANO'!#REF! -> #REF!
B77: SMMLV | C77: 1300000 | D77: =D76/C77 -> #REF! | F77: SMMLV | G77: 1300000 | H77: =H76/G77 -> #REF! | J77: SMMLV | K77: 1300000 | L77: =L76/K77 -> #REF! | N77: SMMLV | O77: 1300000 | P77: =P76/O77 -> #REF! | R77: SMMLV | S77: 1300000 | T77: =T76/S77 -> #REF!
B78: Subsidio de trasporte | C78: 162000 | D78: =IF($D$7<2,C78,0) -> 0 | F78: Subsidio de trasporte | G78: 162000 | H78: =IF(H77<2,G78,0) -> #REF! | J78: Subsidio de trasporte | K78: 162000 | L78: =IF(L77<2,K78,0) -> #REF! | N78: Subsidio de trasporte | O78: 162000 | P78: =IF(P77<2,O78,0) -> #REF! | R78: Subsidio de trasporte | S78: 162000 | T78: =IF(T77<2,S78,0) -> #REF!
B79: Total mensual | D79: =D76+D78 -> #REF! | F79: Total mensual | H79: =H76+H78 -> #REF! | J79: Total mensual | L79: =L76+L78 -> #REF! | N79: Total mensual | P79: =P76+P78 -> #REF! | R79: Total mensual | T79: =T76+T78 -> #REF!
B80: Anual (A/30X360) | D80: =D76*C84 -> #REF! | F80: Anual (A/30X360) | H80: =H76*G84 -> #REF! | J80: Anual (A/30X360) | L80: =L76*K84 -> #REF! | N80: Anual (A/30X360) | P80: =P76*O84 -> #REF! | R80: Anual (A/30X360) | T80: =T76*S84 -> #REF!
B81: Anual con subsidio de trasporte | D81: =D79*C85 -> #REF! | F81: Anual con subsidio de trasporte | H81: =H79*G85 -> #REF! | J81: Anual con subsidio de trasporte | L81: =L79*K85 -> #REF! | N81: Anual con subsidio de trasporte | P81: =P79*O85 -> #REF! | R81: Anual con subsidio de trasporte | T81: =T79*S85 -> #REF!
B82: Subsidio trasporte anual | D82: =D78*C85 -> 0 | F82: Subsidio trasporte anual | H82: =H78*G85 -> #REF! | J82: Subsidio trasporte anual | L82: =L78*K85 -> #REF! | N82: Subsidio trasporte anual | P82: =P78*O85 -> #REF! | R82: Subsidio trasporte anual | T82: =T78*S85 -> #REF!
B83: SALARIO NOMINAL | F83: SALARIO NOMINAL | J83: SALARIO NOMINAL | N83: SALARIO NOMINAL | R83: SALARIO NOMINAL
B84: Salario anual | C84: 12 | F84: Salario anual | G84: 12 | J84: Salario anual | K84: 12 | N84: Salario anual | O84: 12 | R84: Salario anual | S84: 12
B85: Subsidio trasporte anual | C85: 12 | F85: Subsidio trasporte anual | G85: 12 | J85: Subsidio trasporte anual | K85: 12 | N85: Subsidio trasporte anual | O85: 12 | R85: Subsidio trasporte anual | S85: 12
B86: PRESTACIONES | F86: PRESTACIONES | J86: PRESTACIONES | N86: PRESTACIONES | R86: PRESTACIONES
B87: Cesantias anual E36/365 | C87: 1 | D87: =D79 -> #REF! | F87: Cesantias anual E36/365 | G87: 1 | H87: =H79 -> #REF! | J87: Cesantias anual E36/365 | K87: 1 | L87: =L79 -> #REF! | N87: Cesantias anual E36/365 | O87: 1 | P87: =P79 -> #REF! | R87: Cesantias anual E36/365 | S87: 1 | T87: =T79 -> #REF!
B88: Intereses cesantias 12% | C88: 0.12 | D88: =D79*C88 -> #REF! | F88: Intereses cesantias 12% | G88: 0.12 | H88: =H79*G88 -> #REF! | J88: Intereses cesantias 12% | K88: 0.12 | L88: =L79*K88 -> #REF! | N88: Intereses cesantias 12% | O88: 0.12 | P88: =P79*O88 -> #REF! | R88: Intereses cesantias 12% | S88: 0.12 | T88: =T79*S88 -> #REF!
B89: Vacaciones -15 dias A 0.50% | C89: 0.5 | D89: =D79*C89 -> #REF! | F89: Vacaciones -15 dias A 0.50% | G89: 0.5 | H89: =H79*G89 -> #REF! | J89: Vacaciones -15 dias A 0.50% | K89: 0.5 | L89: =L79*K89 -> #REF! | N89: Vacaciones -15 dias A 0.50% | O89: 0.5 | P89: =P79*O89 -> #REF! | R89: Vacaciones -15 dias A 0.50% | S89: 0.5 | T89: =T79*S89 -> #REF!
B90: Prima-30 dias C 100% | C90: 1 | D90: =D79 -> #REF! | F90: Prima-30 dias C 100% | G90: 1 | H90: =H79 -> #REF! | J90: Prima-30 dias C 100% | K90: 1 | L90: =L79 -> #REF! | N90: Prima-30 dias C 100% | O90: 1 | P90: =P79 -> #REF! | R90: Prima-30 dias C 100% | S90: 1 | T90: =T79 -> #REF!
B91: Otros costos | F91: Otros costos | J91: Otros costos | N91: Otros costos | R91: Otros costos
B92: Dotación | C92: 0.3 | D92: =IF(D77<2,D76*C92,0) -> #REF! | F92: Dotación | G92: 0.3 | H92: =IF(H77<2,H76*G92,0) -> #REF! | J92: Dotación | K92: 0.3 | L92: =IF(L77<2,L76*K92,0) -> #REF! | N92: Dotación | O92: 0.3 | P92: =IF(P77<2,P76*O92,0) -> #REF! | R92: Dotación | S92: 0.3 | T92: =IF(T77<2,T76*S92,0) -> #REF!
B93: Seguridad Social | F93: Seguridad Social | J93: Seguridad Social | N93: Seguridad Social | R93: Seguridad Social
B94: Pensiones | C94: 0.16 | D94: =D81*C94 -> #REF! | F94: Pensiones | G94: 0.16 | H94: =H81*G94 -> #REF! | J94: Pensiones | K94: 0.16 | L94: =L81*K94 -> #REF! | N94: Pensiones | O94: 0.16 | P94: =P81*O94 -> #REF! | R94: Pensiones | S94: 0.16 | T94: =T81*S94 -> #REF!
B95: Salud | C95: 0.125 | D95: =D81*C95 -> #REF! | F95: Salud | G95: 0.125 | H95: =H81*G95 -> #REF! | J95: Salud | K95: 0.125 | L95: =L81*K95 -> #REF! | N95: Salud | O95: 0.125 | P95: =P81*O95 -> #REF! | R95: Salud | S95: 0.125 | T95: =T81*S95 -> #REF!
B96: Riesgos Profesionales | C96: 0.069 | D96: =D81*C96 -> #REF! | F96: Riesgos Profesionales | G96: 0.069 | H96: =H81*G96 -> #REF! | J96: Riesgos Profesionales | K96: 0.069 | L96: =L81*K96 -> #REF! | N96: Riesgos Profesionales | O96: 0.069 | P96: =P81*O96 -> #REF! | R96: Riesgos Profesionales | S96: 0.069 | T96: =T81*S96 -> #REF!
B97: Aportes | F97: Aportes | J97: Aportes | N97: Aportes | R97: Aportes
B98: FIC Fondo Nacional de Formación Profesional de la Industria de la Construcción | C98: 0.0025 | D98: =D76*C98 -> #REF! | F98: FIC Fondo Nacional de Formación Profesional de la Industria de la Construcción | G98: 0.0025 | H98: =H76*G98 -> #REF! | J98: FIC Fondo Nacional de Formación Profesional de la Industria de la Construcción | K98: 0.0025 | L98: =L76*K98 -> #REF! | N98: FIC Fondo Nacional de Formación Profesional de la Industria de la Construcción | O98: 0.0025 | P98: =P76*O98 -> #REF! | R98: FIC Fondo Nacional de Formación Profesional de la Industria de la Construcción | S98: 0.0025 | T98: =T76*S98 -> #REF!
B99: Otros aportes | F99: Otros aportes | J99: Otros aportes | N99: Otros aportes | R99: Otros aportes
B100: Caja de compensacion Familiar D | C100: 0.04 | D100: =D80*C100 -> #REF! | F100: Caja de compensacion Familiar D | G100: 0.04 | H100: =H80*G100 -> #REF! | J100: Caja de compensacion Familiar D | K100: 0.04 | L100: =L80*K100 -> #REF! | N100: Caja de compensacion Familiar D | O100: 0.04 | P100: =P80*O100 -> #REF! | R100: Caja de compensacion Familiar D | S100: 0.04 | T100: =T80*S100 -> #REF!
B101: SENA | C101: 0.02 | D101: =D80*C101 -> #REF! | F101: SENA | G101: 0.02 | H101: =H80*G101 -> #REF! | J101: SENA | K101: 0.02 | L101: =L80*K101 -> #REF! | N101: SENA | O101: 0.02 | P101: =P80*O101 -> #REF! | R101: SENA | S101: 0.02 | T101: =T80*S101 -> #REF!
B102: ICBF | C102: 0.03 | D102: =D80*C102 -> #REF! | F102: ICBF | G102: 0.03 | H102: =H80*G102 -> #REF! | J102: ICBF | K102: 0.03 | L102: =L80*K102 -> #REF! | N102: ICBF | O102: 0.03 | P102: =P80*O102 -> #REF! | R102: ICBF | S102: 0.03 | T102: =T80*S102 -> #REF!
B104: VALOR REAL DEL SALARIO | D104: =SUM(D87:D102)+D80+D82 -> #REF! | F104: VALOR REAL DEL SALARIO | H104: =SUM(H87:H102)+H80+H82 -> #REF! | J104: VALOR REAL DEL SALARIO | L104: =SUM(L87:L102)+L80+L82 -> #REF! | N104: VALOR REAL DEL SALARIO | P104: =SUM(P87:P102)+P80+P82 -> #REF! | R104: VALOR REAL DEL SALARIO | T104: =SUM(T87:T102)+T80+T82 -> #REF!
B106: VALOR PRESTACIONAL | D106: =D104/D81 -> #REF! | F106: VALOR PRESTACIONAL | H106: =H104/H81 -> #REF! | J106: VALOR PRESTACIONAL | L106: =L104/L81 -> #REF! | N106: VALOR PRESTACIONAL | P106: =P104/P81 -> #REF! | R106: VALOR PRESTACIONAL | T106: =T104/T81 -> #REF!

Sheet DEDICACIÓN
B2: SECRETARIA GENERAL | H2: #VALUE! | X2: DIAS DE SEMA | Y2: 6
B3: GRUPO TÉCNICO | X3: DIAS MES | Y3: 24
B4: =+'INFO GENERAL'!B4 -> CALCULO ADMINISTRACIÓN, IMPREVISTOS, UTILIDAD - AIU
X5: DIAS | Y5: ='INFO GENERAL'!PLAZO*24 -> 240 | Z5: =+Y5/6 -> 40
B6: MATRIZ DEFINICIÓN PORCENTAJES DE DEDICACIÓN O PLAN DE CARGAS
B8: ACTIVIDADES PERSONAL
C10: ='RECURSO HUMANO'!B9 -> COORDINADOR DEL PROYECTO | E10: ='RECURSO HUMANO'!B10 -> PROFESIONAL DE APOYO SIG | G10: =+'RECURSO HUMANO'!B11 -> PROFESIONAL BIÓLOGO CON ÉNFASIS EN RESTAURACIÓN ECOLÓGICA | I10: =+'RECURSO HUMANO'!B12 -> TÉCNICO AMBIENTAL RESIDENTE | K10: =+'RECURSO HUMANO'!B13 -> PROFESIONAL AGROECOSISTEMAS, INGENIERO FORESTAL O INGENIERO AGRÓNOMO | M10: =+'RECURSO HUMANO'!B14 -> PROFESIONAL SOCIAL I | O10: =+'RECURSO HUMANO'!B15 -> PROFESIONAL SOCIAL II | Q10: =+'RECURSO HUMANO'!B16 -> PROFESIONAL EN RIESGOS | S10: =+'RECURSO HUMANO'!#REF! -> #REF! | U10: =+'RECURSO HUMANO'!#REF! -> #REF! | W10: =+'RECURSO HUMANO'!#REF! -> #REF! | Y10: =+'RECURSO HUMANO'!#REF! -> #REF! | AA10: =+'RECURSO HUMANO'!#REF! -> #REF! | AC10: =+'RECURSO HUMANO'!#REF! -> #REF! | AE10: =+'RECURSO HUMANO'!#REF! -> #REF! | AG10: =+'RECURSO HUMANO'!#REF! -> #REF! | AI10: =+'RECURSO HUMANO'!#REF! -> #REF! | AM10: =+'RECURSO HUMANO'!#REF! -> #REF! | AQ10: =+'RECURSO HUMANO'!#REF! -> #REF! | AU10: {=TRANSPOSE('RECURSO HUMANO'!#REF!)} -> #REF! | AY10: =+'RECURSO HUMANO'!#REF! -> #REF! | BC10: =+'RECURSO HUMANO'!#REF! -> #REF! | BG10: =+'RECURSO HUMANO'!#REF! -> #REF! | BK10: =+'RECURSO HUMANO'!#REF! -> #REF! | BO10: =+'RECURSO HUMANO'!#REF! -> #REF!
C11: DIAS DE EJECUCIÓN | D11: MESES POR ACTIVIDAD | E11: DIAS DE EJECUCIÓN | F11: MESES POR ACTIVIDAD | G11: DIAS DE EJECUCIÓN | H11: MESES POR ACTIVIDAD | I11: DIAS DE EJECUCIÓN | J11: MESES POR ACTIVIDAD | K11: DIAS DE EJECUCIÓN | L11: MESES POR ACTIVIDAD | M11: DIAS DE EJECUCIÓN | N11: MESES POR ACTIVIDAD | O11: DIAS DE EJECUCIÓN | P11: MESES POR ACTIVIDAD | Q11: DIAS DE EJECUCIÓN | R11: MESES POR ACTIVIDAD | S11: DIAS DE EJECUCIÓN | T11: MESES POR ACTIVIDAD | U11: DIAS DE EJECUCIÓN | V11: MESES POR ACTIVIDAD | W11: DIAS DE EJECUCIÓN | X11: MESES POR ACTIVIDAD | Y11: DIAS DE EJECUCIÓN | Z11: MESES POR ACTIVIDAD | AA11: DIAS DE EJECUCIÓN | AB11: MESES POR ACTIVIDAD | AC11: DIAS DE EJECUCIÓN | AD11: MESES POR ACTIVIDAD | AE11: DIAS DE EJECUCIÓN | AF11: MESES POR ACTIVIDAD | AG11: DIAS DE EJECUCIÓN | AH11: MESES POR ACTIVIDAD | AI11: REITERACIÓN | AJ11: DIAS DE EJECUCIÓN | AK11: MESES POR ACTIVIDAD | AL11: VALOR ACTIVIDAD | AM11: REITERACIÓN | AN11: DIAS DE EJECUCIÓN | AO11: MESES POR ACTIVIDAD | AP11: VALOR ACTIVIDAD | AQ11: REITERACIÓN | AR11: DIAS DE EJECUCIÓN | AS11: MESES POR ACTIVIDAD | AT11: VALOR ACTIVIDAD | AU11: REITERACIÓN | AV11: DIAS DE EJECUCIÓN | AW11: MESES POR ACTIVIDAD | AX11: VALOR ACTIVIDAD | AY11: REITERACIÓN | AZ11: DIAS DE EJECUCIÓN | BA11: MESES POR ACTIVIDAD | BB11: VALOR ACTIVIDAD | BC11: REITERACIÓN | BD11: DIAS DE EJECUCIÓN | BE11: MESES POR ACTIVIDAD | BF11: VALOR ACTIVIDAD | BG11: REITERACIÓN | BH11: DIAS DE EJECUCIÓN | BI11: MESES POR ACTIVIDAD | BJ11: VALOR ACTIVIDAD | BK11: REITERACIÓN | BL11: DIAS DE EJECUCIÓN | BM11: MESES POR ACTIVIDAD | BN11: VALOR ACTIVIDAD | BO11: REITERACIÓN | BP11: DIAS DE EJECUCIÓN | BQ11: MESES POR ACTIVIDAD | BR11: VALOR ACTIVIDAD
B12: ='PLAN OPERATIVO'!B11 -> Estudios de los documentos del proyecto (diseños, especificaciones, documentos y demas informacion para el desarrollo del contrato). | C12: =SUMIFS('PLAN OPERATIVO'!$CL$11:$CL$79,'PLAN OPERATIVO'!$B$11:$B$79,DEDICACIÓN!$B12,'PLAN OPERATIVO'!$D$11:$D$79,DEDICACIÓN!C$10) -> 2 | D12: =ROUND(C12/$Y$3,2) -> 0.08 | E12: =SUMIFS('PLAN OPERATIVO'!$CL$11:$CL$79,'PLAN OPERATIVO'!$B$11:$B$79,DEDICACIÓN!$B12,'PLAN OPERATIVO'!$D$11:$D$79,DEDICACIÓN!E$10) -> 0 | F12: =ROUND(E12/$Y$3,2) -> 0 | G12: =SUMIFS('PLAN OPERATIVO'!$CL$11:$CL$79,'PLAN OPERATIVO'!$B$11:$B$79,DEDICACIÓN!$B12,'PLAN OPERATIVO'!$D$11:$D$79,DEDICACIÓN!G$10) -> 0 | H12: =ROUND(G12/$Y$3,2) -> 0 | I12: =SUMIFS('PLAN OPERATIVO'!$CL$11:$CL$79,'PLAN OPERATIVO'!$B$11:$B$79,DEDICACIÓN!$B12,'PLAN OPERATIVO'!$D$11:$D$79,DEDICACIÓN!I$10) -> 0 | J12: =ROUND(I12/$Y$3,2) -> 0 | K12: =SUMIFS('PLAN OPERATIVO'!$CL$11:$CL$79,'PLAN OPERATIVO'!$B$11:$B$79,DEDICACIÓN!$B12,'PLAN OPERATIVO'!$D$11:$D$79,DEDICACIÓN!K$10) -> 0 | L12: =ROUND(K12/$Y$3,2) -> 0 | M12: =SUMIFS('PLAN OPERATIVO'!$CL$11:$CL$79,'PLAN OPERATIVO'!$B$11:$B$79,DEDICACIÓN!$B12,'PLAN OPERATIVO'!$D$11:$D$79,DEDICACIÓN!M$10) -> 0 | N12: =ROUND(M12/$Y$3,2) -> 0 | O12: =SUMIFS('PLAN OPERATIVO'!$CL$11:$CL$79,'PLAN OPERATIVO'!$B$11:$B$79,DEDICACIÓN!$B12,'PLAN OPERATIVO'!$D$11:$D$79,DEDICACIÓN!O$10) -> 0 | P12: =ROUND(O12/$Y$3,2) -> 0 | Q12: =SUMIFS('PLAN OPERATIVO'!$CL$11:$CL$79,'PLAN OPERATIVO'!$B$11:$B$79,DEDICACIÓN!$B12,'PLAN OPERATIVO'!$D$11:$D$79,DEDICACIÓN!Q$10) -> 0 | R12: =ROUND(Q12/$Y$3,2) -> 0 | S12: =SUMIFS('PLAN OPERATIVO'!$CL$11:$CL$79,'PLAN OPERATIVO'!$B$11:$B$79,DEDICACIÓN!$B12,'PLAN OPERATIVO'!$D$11:$D$79,DEDICACIÓN!S$10) -> 0 | T12: =ROUND(S12/$Y$3,2) -> 0 | U12: =SUMIFS('PLAN OPERATIVO'!$CL$11:$CL$79,'PLAN OPERATIVO'!$B$11:$B$79,DEDICACIÓN!$B12,'PLAN OPERATIVO'!$D$11:$D$79,DEDICACIÓN!U$10) -> 0 | V12: =ROUND(U12/$Y$3,2) -> 0 | W12: =SUMIFS('PLAN OPERATIVO'!$CL$11:$CL$79,'PLAN OPERATIVO'!$B$11:$B$79,DEDICACIÓN!$B12,'PLAN OPERATIVO'!$D$11:$D$79,DEDICACIÓN!W$10) -> 0 | X12: =ROUND(W12/$Y$3,2) -> 0 | Y12: =SUMIFS('PLAN OPERATIVO'!$CL$11:$CL$79,'PLAN OPERATIVO'!$B$11:$B$79,DEDICACIÓN!$B12,'PLAN OPERATIVO'!$D$11:$D$79,DEDICACIÓN!Y$10) -> 0 | Z12: =ROUND(Y12/$Y$3,2) -> 0 | AA12: =SUMIFS('PLAN OPERATIVO'!$CL$11:$CL$79,'PLAN OPERATIVO'!$B$11:$B$79,DEDICACIÓN!$B12,'PLAN OPERATIVO'!$D$11:$D$79,DEDICACIÓN!AA$10) -> 0 | AB12: =ROUND(AA12/$Y$3,2) -> 0 | AC12: =SUMIFS('PLAN OPERATIVO'!$CL$11:$CL$79,'PLAN OPERATIVO'!$B$11:$B$79,DEDICACIÓN!$B12,'PLAN OPERATIVO'!$D$11:$D$79,DEDICACIÓN!AC$10) -> 0 | AD12: =ROUND(AC12/$Y$3,2) -> 0 | AE12: =SUMIFS('PLAN OPERATIVO'!$CL$11:$CL$79,'PLAN OPERATIVO'!$B$11:$B$79,DEDICACIÓN!$B12,'PLAN OPERATIVO'!$D$11:$D$79,DEDICACIÓN!AE$10) -> 0 | AF12: =ROUND(AE12/$Y$3,2) -> 0 | AG12: =SUMIFS('PLAN OPERATIVO'!$CL$11:$CL$79,'PLAN OPERATIVO'!$B$11:$B$79,DEDICACIÓN!$B12,'PLAN OPERATIVO'!$D$11:$D$79,DEDICACIÓN!AG$10) -> 0 | AH12: =ROUND(AG12/$Y$3,2) -> 0 | AJ12: =AI12*$Y$2 -> 0 | AK12: =AJ12/$Y$3 -> 0 | AL12: =AK12*$Y$4 -> 0 | AN12: =AM12*$Y$2 -> 0 | AO12: =AN12/$Y$3 -> 0 | AP12: =AO12*$Y$4 -> 0 | AR12: =AQ12*$Y$2 -> 0 | AS12: =AR12/$Y$3 -> 0 | AT12: =AS12*$Y$4 -> 0 | AV12: =AU12*$Y$2 -> 0 | AW12: =AV12/$Y$3 -> 0 | AX12: =AW12*$Y$4 -> 0 | AZ12: =AY12*$Y$2 -> 0 | BA12: =AZ12/$Y$3 -> 0 | BB12: =BA12*$Y$4 -> 0 | BD12: =BC12*$Y$2 -> 0 | BE12: =BD12/$Y$3 -> 0 | BF12: =BE12*$Y$4 -> 0 | BH12: =BG12*$Y$2 -> 0 | BI12: =BH12/$Y$3 -> 0 | BJ12: =BI12*$Y$4 -> 0 | BL12: =BK12*$Y$2 -> 0 | BM12: =BL12/$Y$3 -> 0 | BN12: =BM12*$Y$4 -> 0 | BP12: =BO12*$Y$2 -> 0 | BQ12: =BP12/$Y$3 -> 0 | BR12: =BQ12*$Y$4 -> 0
B13: ='PLAN OPERATIVO'!B12 -> Coordinar la construcción de metodologías y el cronograma general del proyecto con el apoyo del equipo de profesionales para el tiempo de obra. | C13: =SUMIFS('PLAN OPERATIVO'!$CL$11:$CL$79,'PLAN OPERATIVO'!$B$11:$B$79,DEDICACIÓN!$B13,'PLAN OPERATIVO'!$D$11:$D$79,DEDICACIÓN!C$10) -> 2 | D13: =ROUND(C13/$Y$3,2) -> 0.08 | E13: =SUMIFS('PLAN OPERATIVO'!$CL$11:$CL$79,'PLAN OPERATIVO'!$B$11:$B$79,DEDICACIÓN!$B13,'PLAN OPERATIVO'!$D$11:$D$79,DEDICACIÓN!E$10) -> 0 | F13: =ROUND(E13/$Y$3,2) -> 0 | G13: =SUMIFS('PLAN OPERATIVO'!$CL$11:$CL$79,'PLAN OPERATIVO'!$B$11:$B$79,DEDICACIÓN!$B13,'PLAN OPERATIVO'!$D$11:$D$79,DEDICACIÓN!G$10) -> 0 | H13: =ROUND(G13/$Y$3,2) -> 0 | I13: =SUMIFS('PLAN OPERATIVO'!$CL$11:$CL$79,'PLAN OPERATIVO'!$B$11:$B$79,DEDICACIÓN!$B13,'PLAN OPERATIVO'!$D$11:$D$79,DEDICACIÓN!I$10) -> 0 | J13: =ROUND(I13/$Y$3,2) -> 0 | K13: =SUMIFS('PLAN OPERATIVO'!$CL$11:$CL$79,'PLAN OPERATIVO'!$B$11:$B$79,DEDICACIÓN!$B13,'PLAN OPERATIVO'!$D$11:$D$79,DEDICACIÓN!K$10) -> 0 | L13: =ROUND(K13/$Y$3,2) -> 0 | M13: =SUMIFS('PLAN OPERATIVO'!$CL$11:$CL$79,'PLAN OPERATIVO'!$B$11:$B$79,DEDICACIÓN!$B13,'PLAN OPERATIVO'!$D$11:$D$79,DEDICACIÓN!M$10) -> 0 | N13: =ROUND(M13/$Y$3,2) -> 0 | O13: =SUMIFS('PLAN OPERATIVO'!$CL$11:$CL$79,'PLAN OPERATIVO'!$B$11:$B$79,DEDICACIÓN!$B13,'PLAN OPERATIVO'!$D$11:$D$79,DEDICACIÓN!O$10) -> 0 | P13: =ROUND(O13/$Y$3,2) -> 0 | Q13: =SUMIFS('PLAN OPERATIVO'!$CL$11:$CL$79,'PLAN OPERATIVO'!$B$11:$B$79,DEDICACIÓN!$B13,'PLAN OPERATIVO'!$D$11:$D$79,DEDICACIÓN!Q$10) -> 0 | R13: =ROUND(Q13/$Y$3,2) -> 0 | S13: =SUMIFS('PLAN OPERATIVO'!$CL$11:$CL$79,'PLAN OPERATIVO'!$B$11:$B$79,DEDICACIÓN!$B13,'PLAN OPERATIVO'!$D$11:$D$79,DEDICACIÓN!S$10) -> 0 | T13: =ROUND(S13/$Y$3,2) -> 0 | U13: =SUMIFS('PLAN OPERATIVO'!$CL$11:$CL$79,'PLAN OPERATIVO'!$B$11:$B$79,DEDICACIÓN!$B13,'PLAN OPERATIVO'!$D$11:$D$79,DEDICACIÓN!U$10) -> 0 | V13: =ROUND(U13/$Y$3,2) -> 0 | W13: =SUMIFS('PLAN OPERATIVO'!$CL$11:$CL$79,'PLAN OPERATIVO'!$B$11:$B$79,DEDICACIÓN!$B13,'PLAN OPERATIVO'!$D$11:$D$79,DEDICACIÓN!W$10) -> 0 | X13: =ROUND(W13/$Y$3,2) -> 0 | Y13: =SUMIFS('PLAN OPERATIVO'!$CL$11:$CL$79,'PLAN OPERATIVO'!$B$11:$B$79,DEDICACIÓN!$B13,'PLAN OPERATIVO'!$D$11:$D$79,DEDICACIÓN!Y$10) -> 0 | Z13: =ROUND(Y13/$Y$3,2) -> 0 | AA13: =SUMIFS('PLAN OPERATIVO'!$CL$11:$CL$79,'PLAN OPERATIVO'!$B$11:$B$79,DEDICACIÓN!$B13,'PLAN OPERATIVO'!$D$11:$D$79,DEDICACIÓN!AA$10) -> 0 | AB13: =ROUND(AA13/$Y$3,2) -> 0 | AC13: =SUMIFS('PLAN OPERATIVO'!$CL$11:$CL$79,'PLAN OPERATIVO'!$B$11:$B$79,DEDICACIÓN!$B13,'PLAN OPERATIVO'!$D$11:$D$79,DEDICACIÓN!AC$10) -> 0 | AD13: =ROUND(AC13/$Y$3,2) -> 0 | AE13: =SUMIFS('PLAN OPERATIVO'!$CL$11:$CL$79,'PLAN OPERATIVO'!$B$11:$B$79,DEDICACIÓN!$B13,'PLAN OPERATIVO'!$D$11:$D$79,DEDICACIÓN!AE$10) -> 0 | AF13: =ROUND(AE13/$Y$3,2) -> 0 | AG13: =SUMIFS('PLAN OPERATIVO'!$CL$11:$CL$79,'PLAN OPERATIVO'!$B$11:$B$79,DEDICACIÓN!$B13,'PLAN OPERATIVO'!$D$11:$D$79,DEDICACIÓN!AG$10) -> 0 | AH13: =ROUND(AG13/$Y$3,2) -> 0 | AJ13: =AI13*$Y$2 -> 0 | AK13: =AJ13/$Y$3 -> 0 | AL13: =AK13*$Y$4 -> 0 | AN13: =AM13*$Y$2 -> 0 | AO13: =AN13/$Y$3 -> 0 | AP13: =AO13*$Y$4 -> 0 | AR13: =AQ13*$Y$2 -> 0 | AS13: =AR13/$Y$3 -> 0 | AT13: =AS13*$Y$4 -> 0 | AV13: =AU13*$Y$2 -> 0 | AW13: =AV13/$Y$3 -> 0 | AX13: =AW13*$Y$4 -> 0 | AZ13: =AY13*$Y$2 -> 0 | BA13: =AZ13/$Y$3 -> 0 | BB13: =BA13*$Y$4 -> 0 | BD13: =BC13*$Y$2 -> 0 | BE13: =BD13/$Y$3 -> 0 | BF13: =BE13*$Y$4 -> 0 | BH13: =BG13*$Y$2 -> 0 | BI13: =BH13/$Y$3 -> 0 | BJ13: =BI13*$Y$4 -> 0 | BL13: =BK13*$Y$2 -> 0 | BM13: =BL13/$Y$3 -> 0 | BN13: =BM13*$Y$4 -> 0 | BP13: =BO13*$Y$2 -> 0 | BQ13: =BP13/$Y$3 -> 0 | BR13: =BQ13*$Y$4 -> 0
B14: ='PLAN OPERATIVO'!B13 -> Realizar la coordinación, seguimiento, acompañamiento y cumplimiento de los componentes y actividades de obra, técnicas, sociales, operativas, administrativas y financieras del proyecto. | C14: =SUMIFS('PLAN OPERATIVO'!$CL$11:$CL$79,'PLAN OPERATIVO'!$B$11:$B$79,DEDICACIÓN!$B14,'PLAN OPERATIVO'!$D$11:$D$79,DEDICACIÓN!C$10) -> 41.8 | D14: =ROUND(C14/$Y$3,2) -> 1.74 | E14: =SUMIFS('PLAN OPERATIVO'!$CL$11:$CL$79,'PLAN OPERATIVO'!$B$11:$B$79,DEDICACIÓN!$B14,'PLAN OPERATIVO'!$D$11:$D$79,DEDICACIÓN!E$10) -> 0 | F14: =ROUND(E14/$Y$3,2) -> 0 | G14: =SUMIFS('PLAN OPERATIVO'!$CL$11:$CL$79,'PLAN OPERATIVO'!$B$11:$B$79,DEDICACIÓN!$B14,'PLAN OPERATIVO'!$D$11:$D$79,DEDICACIÓN!G$10) -> 0 | H14: =ROUND(G14/$Y$3,2) -> 0 | I14: =SUMIFS('PLAN OPERATIVO'!$CL$11:$CL$79,'PLAN OPERATIVO'!$B$11:$B$79,DEDICACIÓN!$B14,'PLAN OPERATIVO'!$D$11:$D$79,DEDICACIÓN!I$10) -> 0 | J14: =ROUND(I14/$Y$3,2) -> 0 | K14: =SUMIFS('PLAN OPERATIVO'!$CL$11:$CL$79,'PLAN OPERATIVO'!$B$11:$B$79,DEDICACIÓN!$B14,'PLAN OPERATIVO'!$D$11:$D$79,DEDICACIÓN!K$10) -> 0 | L14: =ROUND(K14/$Y$3,2) -> 0 | M14: =SUMIFS('PLAN OPERATIVO'!$CL$11:$CL$79,'PLAN OPERATIVO'!$B$11:$B$79,DEDICACIÓN!$B14,'PLAN OPERATIVO'!$D$11:$D$79,DEDICACIÓN!M$10) -> 0 | N14: =ROUND(M14/$Y$3,2) -> 0 | O14: =SUMIFS('PLAN OPERATIVO'!$CL$11:$CL$79,'PLAN OPERATIVO'!$B$11:$B$79,DEDICACIÓN!$B14,'PLAN OPERATIVO'!$D$11:$D$79,DEDICACIÓN!O$10) -> 0 | P14: =ROUND(O14/$Y$3,2) -> 0 | Q14: =SUMIFS('PLAN OPERATIVO'!$CL$11:$CL$79,'PLAN OPERATIVO'!$B$11:$B$79,DEDICACIÓN!$B14,'PLAN OPERATIVO'!$D$11:$D$79,DEDICACIÓN!Q$10) -> 0 | R14: =ROUND(Q14/$Y$3,2) -> 0 | S14: =SUMIFS('PLAN OPERATIVO'!$CL$11:$CL$79,'PLAN OPERATIVO'!$B$11:$B$79,DEDICACIÓN!$B14,'PLAN OPERATIVO'!$D$11:$D$79,DEDICACIÓN!S$10) -> 0 | T14: =ROUND(S14/$Y$3,2) -> 0 | U14: =SUMIFS('PLAN OPERATIVO'!$CL$11:$CL$79,'PLAN OPERATIVO'!$B$11:$B$79,DEDICACIÓN!$B14,'PLAN OPERATIVO'!$D$11:$D$79,DEDICACIÓN!U$10) -> 0 | V14: =ROUND(U14/$Y$3,2) -> 0 | W14: =SUMIFS('PLAN OPERATIVO'!$CL$11:$CL$79,'PLAN OPERATIVO'!$B$11:$B$79,DEDICACIÓN!$B14,'PLAN OPERATIVO'!$D$11:$D$79,DEDICACIÓN!W$10) -> 0 | X14: =ROUND(W14/$Y$3,2) -> 0 | Y14: =SUMIFS('PLAN OPERATIVO'!$CL$11:$CL$79,'PLAN OPERATIVO'!$B$11:$B$79,DEDICACIÓN!$B14,'PLAN OPERATIVO'!$D$11:$D$79,DEDICACIÓN!Y$10) -> 0 | Z14: =ROUND(Y14/$Y$3,2) -> 0 | AA14: =SUMIFS('PLAN OPERATIVO'!$CL$11:$CL$79,'PLAN OPERATIVO'!$B$11:$B$79,DEDICACIÓN!$B14,'PLAN OPERATIVO'!$D$11:$D$79,DEDICACIÓN!AA$10) -> 0 | AB14: =ROUND(AA14/$Y$3,2) -> 0 | AC14: =SUMIFS('PLAN OPERATIVO'!$CL$11:$CL$79,'PLAN OPERATIVO'!$B$11:$B$79,DEDICACIÓN!$B14,'PLAN OPERATIVO'!$D$11:$D$79,DEDICACIÓN!AC$10) -> 0 | AD14: =ROUND(AC14/$Y$3,2) -> 0 | AE14: =SUMIFS('PLAN OPERATIVO'!$CL$11:$CL$79,'PLAN OPERATIVO'!$B$11:$B$79,DEDICACIÓN!$B14,'PLAN OPERATIVO'!$D$11:$D$79,DEDICACIÓN!AE$10) -> 0 | AF14: =ROUND(AE14/$Y$3,2) -> 0 | AG14: =SUMIFS('PLAN OPERATIVO'!$CL$11:$CL$79,'PLAN OPERATIVO'!$B$11:$B$79,DEDICACIÓN!$B14,'PLAN OPERATIVO'!$D$11:$D$79,DEDICACIÓN!AG$10) -> 0 | AH14: =ROUND(AG14/$Y$3,2) -> 0 | AJ14: =AI14*$Y$2 -> 0 | AK14: =AJ14/$Y$3 -> 0 | AL14: =AK14*$Y$4 -> 0 | AN14: =AM14*$Y$2 -> 0 | AO14: =AN14/$Y$3 -> 0 | AP14: =AO14*$Y$4 -> 0 | AR14: =AQ14*$Y$2 -> 0 | AS14: =AR14/$Y$3 -> 0 | AT14: =AS14*$Y$4 -> 0 | AV14: =AU14*$Y$2 -> 0 | AW14: =AV14/$Y$3 -> 0 | AX14: =AW14*$Y$4 -> 0 | AZ14: =AY14*$Y$2 -> 0 | BA14: =AZ14/$Y$3 -> 0 | BB14: =BA14*$Y$4 -> 0 | BD14: =BC14*$Y$2 -> 0 | BE14: =BD14/$Y$3 -> 0 | BF14: =BE14*$Y$4 -> 0 | BH14: =BG14*$Y$2 -> 0 | BI14: =BH14/$Y$3 -> 0 | BJ14: =BI14*$Y$4 -> 0 | BL14: =BK14*$Y$2 -> 0 | BM14: =BL14/$Y$3 -> 0 | BN14: =BM14*$Y$4 -> 0 | BP14: =BO14*$Y$2 -> 0 | BQ14: =BP14/$Y$3 -> 0 | BR14: =BQ14*$Y$4 -> 0
B15: ='PLAN OPERATIVO'!B14 -> Solucionar oportunamente las dificultades que se presenten en la ejecución de la obra | C15: =SUMIFS('PLAN OPERATIVO'!$CL$11:$CL$79,'PLAN OPERATIVO'!$B$11:$B$79,DEDICACIÓN!$B15,'PLAN OPERATIVO'!$D$11:$D$79,DEDICACIÓN!C$10) -> 7.6 | D15: =ROUND(C15/$Y$3,2) -> 0.32 | E15: =SUMIFS('PLAN OPERATIVO'!$CL$11:$CL$79,'PLAN OPERATIVO'!$B$11:$B$79,DEDICACIÓN!$B15,'PLAN OPERATIVO'!$D$11:$D$79,DEDICACIÓN!E$10) -> 0 | F15: =ROUND(E15/$Y$3,2) -> 0 | G15: =SUMIFS('PLAN OPERATIVO'!$CL$11:$CL$79,'PLAN OPERATIVO'!$B$11:$B$79,DEDICACIÓN!$B15,'PLAN OPERATIVO'!$D$11:$D$79,DEDICACIÓN!G$10) -> 0 | H15: =ROUND(G15/$Y$3,2) -> 0 | I15: =SUMIFS('PLAN OPERATIVO'!$CL$11:$CL$79,'PLAN OPERATIVO'!$B$11:$B$79,DEDICACIÓN!$B15,'PLAN OPERATIVO'!$D$11:$D$79,DEDICACIÓN!I$10) -> 0 | J15: =ROUND(I15/$Y$3,2) -> 0 | K15: =SUMIFS('PLAN OPERATIVO'!$CL$11:$CL$79,'PLAN OPERATIVO'!$B$11:$B$79,DEDICACIÓN!$B15,'PLAN OPERATIVO'!$D$11:$D$79,DEDICACIÓN!K$10) -> 0 | L15: =ROUND(K15/$Y$3,2) -> 0 | M15: =SUMIFS('PLAN OPERATIVO'!$CL$11:$CL$79,'PLAN OPERATIVO'!$B$11:$B$79,DEDICACIÓN!$B15,'PLAN OPERATIVO'!$D$11:$D$79,DEDICACIÓN!M$10) -> 0 | N15: =ROUND(M15/$Y$3,2) -> 0 | O15: =SUMIFS('PLAN OPERATIVO'!$CL$11:$CL$79,'PLAN OPERATIVO'!$B$11:$B$79,DEDICACIÓN!$B15,'PLAN OPERATIVO'!$D$11:$D$79,DEDICACIÓN!O$10) -> 0 | P15: =ROUND(O15/$Y$3,2) -> 0 | Q15: =SUMIFS('PLAN OPERATIVO'!$CL$11:$CL$79,'PLAN OPERATIVO'!$B$11:$B$79,DEDICACIÓN!$B15,'PLAN OPERATIVO'!$D$11:$D$79,DEDICACIÓN!Q$10) -> 0 | R15: =ROUND(Q15/$Y$3,2) -> 0 | S15: =SUMIFS('PLAN OPERATIVO'!$CL$11:$CL$79,'PLAN OPERATIVO'!$B$11:$B$79,DEDICACIÓN!$B15,'PLAN OPERATIVO'!$D$11:$D$79,DEDICACIÓN!S$10) -> 0 | T15: =ROUND(S15/$Y$3,2) -> 0 | U15: =SUMIFS('PLAN OPERATIVO'!$CL$11:$CL$79,'PLAN OPERATIVO'!$B$11:$B$79,DEDICACIÓN!$B15,'PLAN OPERATIVO'!$D$11:$D$79,DEDICACIÓN!U$10) -> 0 | V15: =ROUND(U15/$Y$3,2) -> 0 | W15: =SUMIFS('PLAN OPERATIVO'!$CL$11:$CL$79,'PLAN OPERATIVO'!$B$11:$B$79,DEDICACIÓN!$B15,'PLAN OPERATIVO'!$D$11:$D$79,DEDICACIÓN!W$10) -> 0 | X15: =ROUND(W15/$Y$3,2) -> 0 | Y15: =SUMIFS('PLAN OPERATIVO'!$CL$11:$CL$79,'PLAN OPERATIVO'!$B$11:$B$79,DEDICACIÓN!$B15,'PLAN OPERATIVO'!$D$11:$D$79,DEDICACIÓN!Y$10) -> 0 | Z15: =ROUND(Y15/$Y$3,2) -> 0 | AA15: =SUMIFS('PLAN OPERATIVO'!$CL$11:$CL$79,'PLAN OPERATIVO'!$B$11:$B$79,DEDICACIÓN!$B15,'PLAN OPERATIVO'!$D$11:$D$79,DEDICACIÓN!AA$10) -> 0 | AB15: =ROUND(AA15/$Y$3,2) -> 0 | AC15: =SUMIFS('PLAN OPERATIVO'!$CL$11:$CL$79,'PLAN OPERATIVO'!$B$11:$B$79,DEDICACIÓN!$B15,'PLAN OPERATIVO'!$D$11:$D$79,DEDICACIÓN!AC$10) -> 0 | AD15: =ROUND(AC15/$Y$3,2) -> 0 | AE15: =SUMIFS('PLAN OPERATIVO'!$CL$11:$CL$79,'PLAN OPERATIVO'!$B$11:$B$79,DEDICACIÓN!$B15,'PLAN OPERATIVO'!$D$11:$D$79,DEDICACIÓN!AE$10) -> 0 | AF15: =ROUND(AE15/$Y$3,2) -> 0 | AG15: =SUMIFS('PLAN OPERATIVO'!$CL$11:$CL$79,'PLAN OPERATIVO'!$B$11:$B$79,DEDICACIÓN!$B15,'PLAN OPERATIVO'!$D$11:$D$79,DEDICACIÓN!AG$10) -> 0 | AH15: =ROUND(AG15/$Y$3,2) -> 0 | AJ15: =AI15*$Y$2 -> 0 | AK15: =AJ15/$Y$3 -> 0 | AL15: =AK15*$Y$4 -> 0 | AN15: =AM15*$Y$2 -> 0 | AO15: =AN15/$Y$3 -> 0 | AP15: =AO15*$Y$4 -> 0 | AR15: =AQ15*$Y$2 -> 0 | AS15: =AR15/$Y$3 -> 0 | AT15: =AS15*$Y$4 -> 0 | AV15: =AU15*$Y$2 -> 0 | AW15: =AV15/$Y$3 -> 0 | AX15: =AW15*$Y$4 -> 0 | AZ15: =AY15*$Y$2 -> 0 | BA15: =AZ15/$Y$3 -> 0 | BB15: =BA15*$Y$4 -> 0 | BD15: =BC15*$Y$2 -> 0 | BE15: =BD15/$Y$3 -> 0 | BF15: =BE15*$Y$4 -> 0 | BH15: =BG15*$Y$2 -> 0 | BI15: =BH15/$Y$3 -> 0 | BJ15: =BI15*$Y$4 -> 0 | BL15: =BK15*$Y$2 -> 0 | BM15: =BL15/$Y$3 -> 0 | BN15: =BM15*$Y$4 -> 0 | BP15: =BO15*$Y$2 -> 0 | BQ15: =BP15/$Y$3 -> 0 | BR15: =BQ15*$Y$4 -> 0
B16: ='PLAN OPERATIVO'!B15 -> Asegurar que las actividades del proyecto se realicen de acuerdo con los objetivos, el cronograma y el presupuesto establecido | C16: =SUMIFS('PLAN OPERATIVO'!$CL$11:$CL$79,'PLAN OPERATIVO'!$B$11:$B$79,DEDICACIÓN!$B16,'PLAN OPERATIVO'!$D$11:$D$79,DEDICACIÓN!C$10) -> 7.6 | D16: =ROUND(C16/$Y$3,2) -> 0.32 | E16: =SUMIFS('PLAN OPERATIVO'!$CL$11:$CL$79,'PLAN OPERATIVO'!$B$11:$B$79,DEDICACIÓN!$B16,'PLAN OPERATIVO'!$D$11:$D$79,DEDICACIÓN!E$10) -> 0 | F16: =ROUND(E16/$Y$3,2) -> 0 | G16: =SUMIFS('PLAN OPERATIVO'!$CL$11:$CL$79,'PLAN OPERATIVO'!$B$11:$B$79,DEDICACIÓN!$B16,'PLAN OPERATIVO'!$D$11:$D$79,DEDICACIÓN!G$10) -> 0 | H16: =ROUND(G16/$Y$3,2) -> 0 | I16: =SUMIFS('PLAN OPERATIVO'!$CL$11:$CL$79,'PLAN OPERATIVO'!$B$11:$B$79,DEDICACIÓN!$B16,'PLAN OPERATIVO'!$D$11:$D$79,DEDICACIÓN!I$10) -> 0 | J16: =ROUND(I16/$Y$3,2) -> 0 | K16: =SUMIFS('PLAN OPERATIVO'!$CL$11:$CL$79,'PLAN OPERATIVO'!$B$11:$B$79,DEDICACIÓN!$B16,'PLAN OPERATIVO'!$D$11:$D$79,DEDICACIÓN!K$10) -> 0 | L16: =ROUND(K16/$Y$3,2) -> 0 | M16: =SUMIFS('PLAN OPERATIVO'!$CL$11:$CL$79,'PLAN OPERATIVO'!$B$11:$B$79,DEDICACIÓN!$B16,'PLAN OPERATIVO'!$D$11:$D$79,DEDICACIÓN!M$10) -> 0 | N16: =ROUND(M16/$Y$3,2) -> 0 | O16: =SUMIFS('PLAN OPERATIVO'!$CL$11:$CL$79,'PLAN OPERATIVO'!$B$11:$B$79,DEDICACIÓN!$B16,'PLAN OPERATIVO'!$D$11:$D$79,DEDICACIÓN!O$10) -> 0 | P16: =ROUND(O16/$Y$3,2) -> 0 | Q16: =SUMIFS('PLAN OPERATIVO'!$CL$11:$CL$79,'PLAN OPERATIVO'!$B$11:$B$79,DEDICACIÓN!$B16,'PLAN OPERATIVO'!$D$11:$D$79,DEDICACIÓN!Q$10) -> 0 | R16: =ROUND(Q16/$Y$3,2) -> 0 | S16: =SUMIFS('PLAN OPERATIVO'!$CL$11:$CL$79,'PLAN OPERATIVO'!$B$11:$B$79,DEDICACIÓN!$B16,'PLAN OPERATIVO'!$D$11:$D$79,DEDICACIÓN!S$10) -> 0 | T16: =ROUND(S16/$Y$3,2) -> 0 | U16: =SUMIFS('PLAN OPERATIVO'!$CL$11:$CL$79,'PLAN OPERATIVO'!$B$11:$B$79,DEDICACIÓN!$B16,'PLAN OPERATIVO'!$D$11:$D$79,DEDICACIÓN!U$10) -> 0 | V16: =ROUND(U16/$Y$3,2) -> 0 | W16: =SUMIFS('PLAN OPERATIVO'!$CL$11:$CL$79,'PLAN OPERATIVO'!$B$11:$B$79,DEDICACIÓN!$B16,'PLAN OPERATIVO'!$D$11:$D$79,DEDICACIÓN!W$10) -> 0 | X16: =ROUND(W16/$Y$3,2) -> 0 | Y16: =SUMIFS('PLAN OPERATIVO'!$CL$11:$CL$79,'PLAN OPERATIVO'!$B$11:$B$79,DEDICACIÓN!$B16,'PLAN OPERATIVO'!$D$11:$D$79,DEDICACIÓN!Y$10) -> 0 | Z16: =ROUND(Y16/$Y$3,2) -> 0 | AA16: =SUMIFS('PLAN OPERATIVO'!$CL$11:$CL$79,'PLAN OPERATIVO'!$B$11:$B$79,DEDICACIÓN!$B16,'PLAN OPERATIVO'!$D$11:$D$79,DEDICACIÓN!AA$10) -> 0 | AB16: =ROUND(AA16/$Y$3,2) -> 0 | AC16: =SUMIFS('PLAN OPERATIVO'!$CL$11:$CL$79,'PLAN OPERATIVO'!$B$11:$B$79,DEDICACIÓN!$B16,'PLAN OPERATIVO'!$D$11:$D$79,DEDICACIÓN!AC$10) -> 0 | AD16: =ROUND(AC16/$Y$3,2) -> 0 | AE16: =SUMIFS('PLAN OPERATIVO'!$CL$11:$CL$79,'PLAN OPERATIVO'!$B$11:$B$79,DEDICACIÓN!$B16,'PLAN OPERATIVO'!$D$11:$D$79,DEDICACIÓN!AE$10) -> 0 | AF16: =ROUND(AE16/$Y$3,2) -> 0 | AG16: =SUMIFS('PLAN OPERATIVO'!$CL$11:$CL$79,'PLAN OPERATIVO'!$B$11:$B$79,DEDICACIÓN!$B16,'PLAN OPERATIVO'!$D$11:$D$79,DEDICACIÓN!AG$10) -> 0 | AH16: =ROUND(AG16/$Y$3,2) -> 0 | AJ16: =AI16*$Y$2 -> 0 | AK16: =AJ16/$Y$3 -> 0 | AL16: =AK16*$Y$4 -> 0 | AN16: =AM16*$Y$2 -> 0 | AO16: =AN16/$Y$3 -> 0 | AP16: =AO16*$Y$4 -> 0 | AR16: =AQ16*$Y$2 -> 0 | AS16: =AR16/$Y$3 -> 0 | AT16: =AS16*$Y$4 -> 0 | AV16: =AU16*$Y$2 -> 0 | AW16: =AV16/$Y$3 -> 0 | AX16: =AW16*$Y$4 -> 0 | AZ16: =AY16*$Y$2 -> 0 | BA16: =AZ16/$Y$3 -> 0 | BB16: =BA16*$Y$4 -> 0 | BD16: =BC16*$Y$2 -> 0 | BE16: =BD16/$Y$3 -> 0 | BF16: =BE16*$Y$4 -> 0 | BH16: =BG16*$Y$2 -> 0 | BI16: =BH16/$Y$3 -> 0 | BJ16: =BI16*$Y$4 -> 0 | BL16: =BK16*$Y$2 -> 0 | BM16: =BL16/$Y$3 -> 0 | BN16: =BM16*$Y$4 -> 0 | BP16: =BO16*$Y$2 -> 0 | BQ16: =BP16/$Y$3 -> 0 | BR16: =BQ16*$Y$4 -> 0
B17: ='PLAN OPERATIVO'!B16 -> Realizar el seguimiento continuo de las actividades en campo y con las comunidades, garantizando que se ajusten a los planes establecidos y proponiendo ajustes en caso de ser necesario. | C17: =SUMIFS('PLAN OPERATIVO'!$CL$11:$CL$79,'PLAN OPERATIVO'!$B$11:$B$79,DEDICACIÓN!$B17,'PLAN OPERATIVO'!$D$11:$D$79,DEDICACIÓN!C$10) -> 17.2 | D17: =ROUND(C17/$Y$3,2) -> 0.72 | E17: =SUMIFS('PLAN OPERATIVO'!$CL$11:$CL$79,'PLAN OPERATIVO'!$B$11:$B$79,DEDICACIÓN!$B17,'PLAN OPERATIVO'!$D$11:$D$79,DEDICACIÓN!E$10) -> 0 | F17: =ROUND(E17/$Y$3,2) -> 0 | G17: =SUMIFS('PLAN OPERATIVO'!$CL$11:$CL$79,'PLAN OPERATIVO'!$B$11:$B$79,DEDICACIÓN!$B17,'PLAN OPERATIVO'!$D$11:$D$79,DEDICACIÓN!G$10) -> 0 | H17: =ROUND(G17/$Y$3,2) -> 0 | I17: =SUMIFS('PLAN OPERATIVO'!$CL$11:$CL$79,'PLAN OPERATIVO'!$B$11:$B$79,DEDICACIÓN!$B17,'PLAN OPERATIVO'!$D$11:$D$79,DEDICACIÓN!I$10) -> 0 | J17: =ROUND(I17/$Y$3,2) -> 0 | K17: =SUMIFS('PLAN OPERATIVO'!$CL$11:$CL$79,'PLAN OPERATIVO'!$B$11:$B$79,DEDICACIÓN!$B17,'PLAN OPERATIVO'!$D$11:$D$79,DEDICACIÓN!K$10) -> 0 | L17: =ROUND(K17/$Y$3,2) -> 0 | M17: =SUMIFS('PLAN OPERATIVO'!$CL$11:$CL$79,'PLAN OPERATIVO'!$B$11:$B$79,DEDICACIÓN!$B17,'PLAN OPERATIVO'!$D$11:$D$79,DEDICACIÓN!M$10) -> 0 | N17: =ROUND(M17/$Y$3,2) -> 0 | O17: =SUMIFS('PLAN OPERATIVO'!$CL$11:$CL$79,'PLAN OPERATIVO'!$B$11:$B$79,DEDICACIÓN!$B17,'PLAN OPERATIVO'!$D$11:$D$79,DEDICACIÓN!O$10) -> 0 | P17: =ROUND(O17/$Y$3,2) -> 0 | Q17: =SUMIFS('PLAN OPERATIVO'!$CL$11:$CL$79,'PLAN OPERATIVO'!$B$11:$B$79,DEDICACIÓN!$B17,'PLAN OPERATIVO'!$D$11:$D$79,DEDICACIÓN!Q$10) -> 0 | R17: =ROUND(Q17/$Y$3,2) -> 0 | S17: =SUMIFS('PLAN OPERATIVO'!$CL$11:$CL$79,'PLAN OPERATIVO'!$B$11:$B$79,DEDICACIÓN!$B17,'PLAN OPERATIVO'!$D$11:$D$79,DEDICACIÓN!S$10) -> 0 | T17: =ROUND(S17/$Y$3,2) -> 0 | U17: =SUMIFS('PLAN OPERATIVO'!$CL$11:$CL$79,'PLAN OPERATIVO'!$B$11:$B$79,DEDICACIÓN!$B17,'PLAN OPERATIVO'!$D$11:$D$79,DEDICACIÓN!U$10) -> 0 | V17: =ROUND(U17/$Y$3,2) -> 0 | W17: =SUMIFS('PLAN OPERATIVO'!$CL$11:$CL$79,'PLAN OPERATIVO'!$B$11:$B$79,DEDICACIÓN!$B17,'PLAN OPERATIVO'!$D$11:$D$79,DEDICACIÓN!W$10) -> 0 | X17: =ROUND(W17/$Y$3,2) -> 0 | Y17: =SUMIFS('PLAN OPERATIVO'!$CL$11:$CL$79,'PLAN OPERATIVO'!$B$11:$B$79,DEDICACIÓN!$B17,'PLAN OPERATIVO'!$D$11:$D$79,DEDICACIÓN!Y$10) -> 0 | Z17: =ROUND(Y17/$Y$3,2) -> 0 | AA17: =SUMIFS('PLAN OPERATIVO'!$CL$11:$CL$79,'PLAN OPERATIVO'!$B$11:$B$79,DEDICACIÓN!$B17,'PLAN OPERATIVO'!$D$11:$D$79,DEDICACIÓN!AA$10) -> 0 | AB17: =ROUND(AA17/$Y$3,2) -> 0 | AC17: =SUMIFS('PLAN OPERATIVO'!$CL$11:$CL$79,'PLAN OPERATIVO'!$B$11:$B$79,DEDICACIÓN!$B17,'PLAN OPERATIVO'!$D$11:$D$79,DEDICACIÓN!AC$10) -> 0 | AD17: =ROUND(AC17/$Y$3,2) -> 0 | AE17: =SUMIFS('PLAN OPERATIVO'!$CL$11:$CL$79,'PLAN OPERATIVO'!$B$11:$B$79,DEDICACIÓN!$B17,'PLAN OPERATIVO'!$D$11:$D$79,DEDICACIÓN!AE$10) -> 0 | AF17: =ROUND(AE17/$Y$3,2) -> 0 | AG17: =SUMIFS('PLAN OPERATIVO'!$CL$11:$CL$79,'PLAN OPERATIVO'!$B$11:$B$79,DEDICACIÓN!$B17,'PLAN OPERATIVO'!$D$11:$D$79,DEDICACIÓN!AG$10) -> 0 | AH17: =ROUND(AG17/$Y$3,2) -> 0 | AJ17: =AI17*$Y$2 -> 0 | AK17: =AJ17/$Y$3 -> 0 | AL17: =AK17*$Y$4 -> 0 | AN17: =AM17*$Y$2 -> 0 | AO17: =AN17/$Y$3 -> 0 | AP17: =AO17*$Y$4 -> 0 | AR17: =AQ17*$Y$2 -> 0 | AS17: =AR17/$Y$3 -> 0 | AT17: =AS17*$Y$4 -> 0 | AV17: =AU17*$Y$2 -> 0 | AW17: =AV17/$Y$3 -> 0 | AX17: =AW17*$Y$4 -> 0 | AZ17: =AY17*$Y$2 -> 0 | BA17: =AZ17/$Y$3 -> 0 | BB17: =BA17*$Y$4 -> 0 | BD17: =BC17*$Y$2 -> 0 | BE17: =BD17/$Y$3 -> 0 | BF17: =BE17*$Y$4 -> 0 | BH17: =BG17*$Y$2 -> 0 | BI17: =BH17/$Y$3 -> 0 | BJ17: =BI17*$Y$4 -> 0 | BL17: =BK17*$Y$2 -> 0 | BM17: =BL17/$Y$3 -> 0 | BN17: =BM17*$Y$4 -> 0 | BP17: =BO17*$Y$2 -> 0 | BQ17: =BP17/$Y$3 -> 0 | BR17: =BQ17*$Y$4 -> 0
B18: ='PLAN OPERATIVO'!B17 -> Coordinar la ejecución financiera del proyecto, revisando informes y asegurando la correcta asignación de recursos. | C18: =SUMIFS('PLAN OPERATIVO'!$CL$11:$CL$79,'PLAN OPERATIVO'!$B$11:$B$79,DEDICACIÓN!$B18,'PLAN OPERATIVO'!$D$11:$D$79,DEDICACIÓN!C$10) -> 19.7 | D18: =ROUND(C18/$Y$3,2) -> 0.82 | E18: =SUMIFS('PLAN OPERATIVO'!$CL$11:$CL$79,'PLAN OPERATIVO'!$B$11:$B$79,DEDICACIÓN!$B18,'PLAN OPERATIVO'!$D$11:$D$79,DEDICACIÓN!E$10) -> 0 | F18: =ROUND(E18/$Y$3,2) -> 0 | G18: =SUMIFS('PLAN OPERATIVO'!$CL$11:$CL$79,'PLAN OPERATIVO'!$B$11:$B$79,DEDICACIÓN!$B18,'PLAN OPERATIVO'!$D$11:$D$79,DEDICACIÓN!G$10) -> 0 | H18: =ROUND(G18/$Y$3,2) -> 0 | I18: =SUMIFS('PLAN OPERATIVO'!$CL$11:$CL$79,'PLAN OPERATIVO'!$B$11:$B$79,DEDICACIÓN!$B18,'PLAN OPERATIVO'!$D$11:$D$79,DEDICACIÓN!I$10) -> 0 | J18: =ROUND(I18/$Y$3,2) -> 0 | K18: =SUMIFS('PLAN OPERATIVO'!$CL$11:$CL$79,'PLAN OPERATIVO'!$B$11:$B$79,DEDICACIÓN!$B18,'PLAN OPERATIVO'!$D$11:$D$79,DEDICACIÓN!K$10) -> 0 | L18: =ROUND(K18/$Y$3,2) -> 0 | M18: =SUMIFS('PLAN OPERATIVO'!$CL$11:$CL$79,'PLAN OPERATIVO'!$B$11:$B$79,DEDICACIÓN!$B18,'PLAN OPERATIVO'!$D$11:$D$79,DEDICACIÓN!M$10) -> 0 | N18: =ROUND(M18/$Y$3,2) -> 0 | O18: =SUMIFS('PLAN OPERATIVO'!$CL$11:$CL$79,'PLAN OPERATIVO'!$B$11:$B$79,DEDICACIÓN!$B18,'PLAN OPERATIVO'!$D$11:$D$79,DEDICACIÓN!O$10) -> 0 | P18: =ROUND(O18/$Y$3,2) -> 0 | Q18: =SUMIFS('PLAN OPERATIVO'!$CL$11:$CL$79,'PLAN OPERATIVO'!$B$11:$B$79,DEDICACIÓN!$B18,'PLAN OPERATIVO'!$D$11:$D$79,DEDICACIÓN!Q$10) -> 0 | R18: =ROUND(Q18/$Y$3,2) -> 0 | S18: =SUMIFS('PLAN OPERATIVO'!$CL$11:$CL$79,'PLAN OPERATIVO'!$B$11:$B$79,DEDICACIÓN!$B18,'PLAN OPERATIVO'!$D$11:$D$79,DEDICACIÓN!S$10) -> 0 | T18: =ROUND(S18/$Y$3,2) -> 0 | U18: =SUMIFS('PLAN OPERATIVO'!$CL$11:$CL$79,'PLAN OPERATIVO'!$B$11:$B$79,DEDICACIÓN!$B18,'PLAN OPERATIVO'!$D$11:$D$79,DEDICACIÓN!U$10) -> 0 | V18: =ROUND(U18/$Y$3,2) -> 0 | W18: =SUMIFS('PLAN OPERATIVO'!$CL$11:$CL$79,'PLAN OPERATIVO'!$B$11:$B$79,DEDICACIÓN!$B18,'PLAN OPERATIVO'!$D$11:$D$79,DEDICACIÓN!W$10) -> 0 | X18: =ROUND(W18/$Y$3,2) -> 0 | Y18: =SUMIFS('PLAN OPERATIVO'!$CL$11:$CL$79,'PLAN OPERATIVO'!$B$11:$B$79,DEDICACIÓN!$B18,'PLAN OPERATIVO'!$D$11:$D$79,DEDICACIÓN!Y$10) -> 0 | Z18: =ROUND(Y18/$Y$3,2) -> 0 | AA18: =SUMIFS('PLAN OPERATIVO'!$CL$11:$CL$79,'PLAN OPERATIVO'!$B$11:$B$79,DEDICACIÓN!$B18,'PLAN OPERATIVO'!$D$11:$D$79,DEDICACIÓN!AA$10) -> 0 | AB18: =ROUND(AA18/$Y$3,2) -> 0 | AC18: =SUMIFS('PLAN OPERATIVO'!$CL$11:$CL$79,'PLAN OPERATIVO'!$B$11:$B$79,DEDICACIÓN!$B18,'PLAN OPERATIVO'!$D$11:$D$79,DEDICACIÓN!AC$10) -> 0 | AD18: =ROUND(AC18/$Y$3,2) -> 0 | AE18: =SUMIFS('PLAN OPERATIVO'!$CL$11:$CL$79,'PLAN OPERATIVO'!$B$11:$B$79,DEDICACIÓN!$B18,'PLAN OPERATIVO'!$D$11:$D$79,DEDICACIÓN!AE$10) -> 0 | AF18: =ROUND(AE18/$Y$3,2) -> 0 | AG18: =SUMIFS('PLAN OPERATIVO'!$CL$11:$CL$79,'PLAN OPERATIVO'!$B$11:$B$79,DEDICACIÓN!$B18,'PLAN OPERATIVO'!$D$11:$D$79,DEDICACIÓN!AG$10) -> 0 | AH18: =ROUND(AG18/$Y$3,2) -> 0 | AJ18: =AI18*$Y$2 -> 0 | AK18: =AJ18/$Y$3 -> 0 | AL18: =AK18*$Y$4 -> 0 | AN18: =AM18*$Y$2 -> 0 | AO18: =AN18/$Y$3 -> 0 | AP18: =AO18*$Y$4 -> 0 | AR18: =AQ18*$Y$2 -> 0 | AS18: =AR18/$Y$3 -> 0 | AT18: =AS18*$Y$4 -> 0 | AV18: =AU18*$Y$2 -> 0 | AW18: =AV18/$Y$3 -> 0 | AX18: =AW18*$Y$4 -> 0 | AZ18: =AY18*$Y$2 -> 0 | BA18: =AZ18/$Y$3 -> 0 | BB18: =BA18*$Y$4 -> 0 | BD18: =BC18*$Y$2 -> 0 | BE18: =BD18/$Y$3 -> 0 | BF18: =BE18*$Y$4 -> 0 | BH18: =BG18*$Y$2 -> 0 | BI18: =BH18/$Y$3 -> 0 | BJ18: =BI18*$Y$4 -> 0 | BL18: =BK18*$Y$2 -> 0 | BM18: =BL18/$Y$3 -> 0 | BN18: =BM18*$Y$4 -> 0 | BP18: =BO18*$Y$2 -> 0 | BQ18: =BP18/$Y$3 -> 0 | BR18: =BQ18*$Y$4 -> 0
B19: ='PLAN OPERATIVO'!B18 -> Articular con actores locales, comunidades, y las entidades que corresponda, facilitando su participación en el proyecto. | C19: =SUMIFS('PLAN OPERATIVO'!$CL$11:$CL$79,'PLAN OPERATIVO'!$B$11:$B$79,DEDICACIÓN!$B19,'PLAN OPERATIVO'!$D$11:$D$79,DEDICACIÓN!C$10) -> 7.4 | D19: =ROUND(C19/$Y$3,2) -> 0.31 | E19: =SUMIFS('PLAN OPERATIVO'!$CL$11:$CL$79,'PLAN OPERATIVO'!$B$11:$B$79,DEDICACIÓN!$B19,'PLAN OPERATIVO'!$D$11:$D$79,DEDICACIÓN!E$10) -> 0 | F19: =ROUND(E19/$Y$3,2) -> 0 | G19: =SUMIFS('PLAN OPERATIVO'!$CL$11:$CL$79,'PLAN OPERATIVO'!$B$11:$B$79,DEDICACIÓN!$B19,'PLAN OPERATIVO'!$D$11:$D$79,DEDICACIÓN!G$10) -> 0 | H19: =ROUND(G19/$Y$3,2) -> 0 | I19: =SUMIFS('PLAN OPERATIVO'!$CL$11:$CL$79,'PLAN OPERATIVO'!$B$11:$B$79,DEDICACIÓN!$B19,'PLAN OPERATIVO'!$D$11:$D$79,DEDICACIÓN!I$10) -> 0 | J19: =ROUND(I19/$Y$3,2) -> 0 | K19: =SUMIFS('PLAN OPERATIVO'!$CL$11:$CL$79,'PLAN OPERATIVO'!$B$11:$B$79,DEDICACIÓN!$B19,'PLAN OPERATIVO'!$D$11:$D$79,DEDICACIÓN!K$10) -> 0 | L19: =ROUND(K19/$Y$3,2) -> 0 | M19: =SUMIFS('PLAN OPERATIVO'!$CL$11:$CL$79,'PLAN OPERATIVO'!$B$11:$B$79,DEDICACIÓN!$B19,'PLAN OPERATIVO'!$D$11:$D$79,DEDICACIÓN!M$10) -> 0 | N19: =ROUND(M19/$Y$3,2) -> 0 | O19: =SUMIFS('PLAN OPERATIVO'!$CL$11:$CL$79,'PLAN OPERATIVO'!$B$11:$B$79,DEDICACIÓN!$B19,'PLAN OPERATIVO'!$D$11:$D$79,DEDICACIÓN!O$10) -> 0 | P19: =ROUND(O19/$Y$3,2) -> 0 | Q19: =SUMIFS('PLAN OPERATIVO'!$CL$11:$CL$79,'PLAN OPERATIVO'!$B$11:$B$79,DEDICACIÓN!$B19,'PLAN OPERATIVO'!$D$11:$D$79,DEDICACIÓN!Q$10) -> 0 | R19: =ROUND(Q19/$Y$3,2) -> 0 | S19: =SUMIFS('PLAN OPERATIVO'!$CL$11:$CL$79,'PLAN OPERATIVO'!$B$11:$B$79,DEDICACIÓN!$B19,'PLAN OPERATIVO'!$D$11:$D$79,DEDICACIÓN!S$10) -> 0 | T19: =ROUND(S19/$Y$3,2) -> 0 | U19: =SUMIFS('PLAN OPERATIVO'!$CL$11:$CL$79,'PLAN OPERATIVO'!$B$11:$B$79,DEDICACIÓN!$B19,'PLAN OPERATIVO'!$D$11:$D$79,DEDICACIÓN!U$10) -> 0 | V19: =ROUND(U19/$Y$3,2) -> 0 | W19: =SUMIFS('PLAN OPERATIVO'!$CL$11:$CL$79,'PLAN OPERATIVO'!$B$11:$B$79,DEDICACIÓN!$B19,'PLAN OPERATIVO'!$D$11:$D$79,DEDICACIÓN!W$10) -> 0 | X19: =ROUND(W19/$Y$3,2) -> 0 | Y19: =SUMIFS('PLAN OPERATIVO'!$CL$11:$CL$79,'PLAN OPERATIVO'!$B$11:$B$79,DEDICACIÓN!$B19,'PLAN OPERATIVO'!$D$11:$D$79,DEDICACIÓN!Y$10) -> 0 | Z19: =ROUND(Y19/$Y$3,2) -> 0 | AA19: =SUMIFS('PLAN OPERATIVO'!$CL$11:$CL$79,'PLAN OPERATIVO'!$B$11:$B$79,DEDICACIÓN!$B19,'PLAN OPERATIVO'!$D$11:$D$79,DEDICACIÓN!AA$10) -> 0 | AB19: =ROUND(AA19/$Y$3,2) -> 0 | AC19: =SUMIFS('PLAN OPERATIVO'!$CL$11:$CL$79,'PLAN OPERATIVO'!$B$11:$B$79,DEDICACIÓN!$B19,'PLAN OPERATIVO'!$D$11:$D$79,DEDICACIÓN!AC$10) -> 0 | AD19: =ROUND(AC19/$Y$3,2) -> 0 | AE19: =SUMIFS('PLAN OPERATIVO'!$CL$11:$CL$79,'PLAN OPERATIVO'!$B$11:$B$79,DEDICACIÓN!$B19,'PLAN OPERATIVO'!$D$11:$D$79,DEDICACIÓN!AE$10) -> 0 | AF19: =ROUND(AE19/$Y$3,2) -> 0 | AG19: =SUMIFS('PLAN OPERATIVO'!$CL$11:$CL$79,'PLAN OPERATIVO'!$B$11:$B$79,DEDICACIÓN!$B19,'PLAN OPERATIVO'!$D$11:$D$79,DEDICACIÓN!AG$10) -> 0 | AH19: =ROUND(AG19/$Y$3,2) -> 0 | AJ19: =AI19*$Y$2 -> 0 | AK19: =AJ19/$Y$3 -> 0 | AL19: =AK19*$Y$4 -> 0 | AN19: =AM19*$Y$2 -> 0 | AO19: =AN19/$Y$3 -> 0 | AP19: =AO19*$Y$4 -> 0 | AR19: =AQ19*$Y$2 -> 0 | AS19: =AR19/$Y$3 -> 0 | AT19: =AS19*$Y$4 -> 0 | AV19: =AU19*$Y$2 -> 0 | AW19: =AV19/$Y$3 -> 0 | AX19: =AW19*$Y$4 -> 0 | AZ19: =AY19*$Y$2 -> 0 | BA19: =AZ19/$Y$3 -> 0 | BB19: =BA19*$Y$4 -> 0 | BD19: =BC19*$Y$2 -> 0 | BE19: =BD19/$Y$3 -> 0 | BF19: =BE19*$Y$4 -> 0 | BH19: =BG19*$Y$2 -> 0 | BI19: =BH19/$Y$3 -> 0 | BJ19: =BI19*$Y$4 -> 0 | BL19: =BK19*$Y$2 -> 0 | BM19: =BL19/$Y$3 -> 0 | BN19: =BM19*$Y$4 -> 0 | BP19: =BO19*$Y$2 -> 0 | BQ19: =BP19/$Y$3 -> 0 | BR19: =BQ19*$Y$4 -> 0
B20: ='PLAN OPERATIVO'!B19 -> Preparar y entregar informes periódicos y finales, así como documentos que incluyan resultados técnicos, administrativos, sociales y financieros, con el paso a paso para replicar la experiencia. | C20: =SUMIFS('PLAN OPERATIVO'!$CL$11:$CL$79,'PLAN OPERATIVO'!$B$11:$B$79,DEDICACIÓN!$B20,'PLAN OPERATIVO'!$D$11:$D$79,DEDICACIÓN!C$10) -> 12.2 | D20: =ROUND(C20/$Y$3,2) -> 0.51 | E20: =SUMIFS('PLAN OPERATIVO'!$CL$11:$CL$79,'PLAN OPERATIVO'!$B$11:$B$79,DEDICACIÓN!$B20,'PLAN OPERATIVO'!$D$11:$D$79,DEDICACIÓN!E$10) -> 0 | F20: =ROUND(E20/$Y$3,2) -> 0 | G20: =SUMIFS('PLAN OPERATIVO'!$CL$11:$CL$79,'PLAN OPERATIVO'!$B$11:$B$79,DEDICACIÓN!$B20,'PLAN OPERATIVO'!$D$11:$D$79,DEDICACIÓN!G$10) -> 0 | H20: =ROUND(G20/$Y$3,2) -> 0 | I20: =SUMIFS('PLAN OPERATIVO'!$CL$11:$CL$79,'PLAN OPERATIVO'!$B$11:$B$79,DEDICACIÓN!$B20,'PLAN OPERATIVO'!$D$11:$D$79,DEDICACIÓN!I$10) -> 0 | J20: =ROUND(I20/$Y$3,2) -> 0 | K20: =SUMIFS('PLAN OPERATIVO'!$CL$11:$CL$79,'PLAN OPERATIVO'!$B$11:$B$79,DEDICACIÓN!$B20,'PLAN OPERATIVO'!$D$11:$D$79,DEDICACIÓN!K$10) -> 0 | L20: =ROUND(K20/$Y$3,2) -> 0 | M20: =SUMIFS('PLAN OPERATIVO'!$CL$11:$CL$79,'PLAN OPERATIVO'!$B$11:$B$79,DEDICACIÓN!$B20,'PLAN OPERATIVO'!$D$11:$D$79,DEDICACIÓN!M$10) -> 0 | N20: =ROUND(M20/$Y$3,2) -> 0 | O20: =SUMIFS('PLAN OPERATIVO'!$CL$11:$CL$79,'PLAN OPERATIVO'!$B$11:$B$79,DEDICACIÓN!$B20,'PLAN OPERATIVO'!$D$11:$D$79,DEDICACIÓN!O$10) -> 0 | P20: =ROUND(O20/$Y$3,2) -> 0 | Q20: =SUMIFS('PLAN OPERATIVO'!$CL$11:$CL$79,'PLAN OPERATIVO'!$B$11:$B$79,DEDICACIÓN!$B20,'PLAN OPERATIVO'!$D$11:$D$79,DEDICACIÓN!Q$10) -> 0 | R20: =ROUND(Q20/$Y$3,2) -> 0 | S20: =SUMIFS('PLAN OPERATIVO'!$CL$11:$CL$79,'PLAN OPERATIVO'!$B$11:$B$79,DEDICACIÓN!$B20,'PLAN OPERATIVO'!$D$11:$D$79,DEDICACIÓN!S$10) -> 0 | T20: =ROUND(S20/$Y$3,2) -> 0 | U20: =SUMIFS('PLAN OPERATIVO'!$CL$11:$CL$79,'PLAN OPERATIVO'!$B$11:$B$79,DEDICACIÓN!$B20,'PLAN OPERATIVO'!$D$11:$D$79,DEDICACIÓN!U$10) -> 0 | V20: =ROUND(U20/$Y$3,2) -> 0 | W20: =SUMIFS('PLAN OPERATIVO'!$CL$11:$CL$79,'PLAN OPERATIVO'!$B$11:$B$79,DEDICACIÓN!$B20,'PLAN OPERATIVO'!$D$11:$D$79,DEDICACIÓN!W$10) -> 0 | X20: =ROUND(W20/$Y$3,2) -> 0 | Y20: =SUMIFS('PLAN OPERATIVO'!$CL$11:$CL$79,'PLAN OPERATIVO'!$B$11:$B$79,DEDICACIÓN!$B20,'PLAN OPERATIVO'!$D$11:$D$79,DEDICACIÓN!Y$10) -> 0 | Z20: =ROUND(Y20/$Y$3,2) -> 0 | AA20: =SUMIFS('PLAN OPERATIVO'!$CL$11:$CL$79,'PLAN OPERATIVO'!$B$11:$B$79,DEDICACIÓN!$B20,'PLAN OPERATIVO'!$D$11:$D$79,DEDICACIÓN!AA$10) -> 0 | AB20: =ROUND(AA20/$Y$3,2) -> 0 | AC20: =SUMIFS('PLAN OPERATIVO'!$CL$11:$CL$79,'PLAN OPERATIVO'!$B$11:$B$79,DEDICACIÓN!$B20,'PLAN OPERATIVO'!$D$11:$D$79,DEDICACIÓN!AC$10) -> 0 | AD20: =ROUND(AC20/$Y$3,2) -> 0 | AE20: =SUMIFS('PLAN OPERATIVO'!$CL$11:$CL$79,'PLAN OPERATIVO'!$B$11:$B$79,DEDICACIÓN!$B20,'PLAN OPERATIVO'!$D$11:$D$79,DEDICACIÓN!AE$10) -> 0 | AF20: =ROUND(AE20/$Y$3,2) -> 0 | AG20: =SUMIFS('PLAN OPERATIVO'!$CL$11:$CL$79,'PLAN OPERATIVO'!$B$11:$B$79,DEDICACIÓN!$B20,'PLAN OPERATIVO'!$D$11:$D$79,DEDICACIÓN!AG$10) -> 0 | AH20: =ROUND(AG20/$Y$3,2) -> 0 | AJ20: =AI20*$Y$2 -> 0 | AK20: =AJ20/$Y$3 -> 0 | AL20: =AK20*$Y$4 -> 0 | AN20: =AM20*$Y$2 -> 0 | AO20: =AN20/$Y$3 -> 0 | AP20: =AO20*$Y$4 -> 0 | AR20: =AQ20*$Y$2 -> 0 | AS20: =AR20/$Y$3 -> 0 | AT20: =AS20*$Y$4 -> 0 | AV20: =AU20*$Y$2 -> 0 | AW20: =AV20/$Y$3 -> 0 | AX20: =AW20*$Y$4 -> 0 | AZ20: =AY20*$Y$2 -> 0 | BA20: =AZ20/$Y$3 -> 0 | BB20: =BA20*$Y$4 -> 0 | BD20: =BC20*$Y$2 -> 0 | BE20: =BD20/$Y$3 -> 0 | BF20: =BE20*$Y$4 -> 0 | BH20: =BG20*$Y$2 -> 0 | BI20: =BH20/$Y$3 -> 0 | BJ20: =BI20*$Y$4 -> 0 | BL20: =BK20*$Y$2 -> 0 | BM20: =BL20/$Y$3 -> 0 | BN20: =BM20*$Y$4 -> 0 | BP20: =BO20*$Y$2 -> 0 | BQ20: =BP20/$Y$3 -> 0 | BR20: =BQ20*$Y$4 -> 0
B21: ='PLAN OPERATIVO'!B20 -> Implementar un sistema de monitoreo SIG que permita la digitalización, espacialización y georreferenciación de información primaria, así como el análisis de cambios en las áreas de intervención, incluyendo el cálculo de áreas, mapas de coberturas y actualización de imágenes satelitales o por uso de drones. | C21: =SUMIFS('PLAN OPERATIVO'!$CL$11:$CL$79,'PLAN OPERATIVO'!$B$11:$B$79,DEDICACIÓN!$B21,'PLAN OPERATIVO'!$D$11:$D$79,DEDICACIÓN!C$10) -> 0 | D21: =ROUND(C21/$Y$3,2) -> 0 | E21: =+'PLAN OPERATIVO'!CL20 -> 28 | F21: =ROUND(E21/$Y$3,2) -> 1.17 | G21: =SUMIFS('PLAN OPERATIVO'!$CL$11:$CL$79,'PLAN OPERATIVO'!$B$11:$B$79,DEDICACIÓN!$B21,'PLAN OPERATIVO'!$D$11:$D$79,DEDICACIÓN!G$10) -> 0 | H21: =ROUND(G21/$Y$3,2) -> 0 | I21: =SUMIFS('PLAN OPERATIVO'!$CL$11:$CL$79,'PLAN OPERATIVO'!$B$11:$B$79,DEDICACIÓN!$B21,'PLAN OPERATIVO'!$D$11:$D$79,DEDICACIÓN!I$10) -> 0 | J21: =ROUND(I21/$Y$3,2) -> 0 | K21: =SUMIFS('PLAN OPERATIVO'!$CL$11:$CL$79,'PLAN OPERATIVO'!$B$11:$B$79,DEDICACIÓN!$B21,'PLAN OPERATIVO'!$D$11:$D$79,DEDICACIÓN!K$10) -> 0 | L21: =ROUND(K21/$Y$3,2) -> 0 | M21: =SUMIFS('PLAN OPERATIVO'!$CL$11:$CL$79,'PLAN OPERATIVO'!$B$11:$B$79,DEDICACIÓN!$B21,'PLAN OPERATIVO'!$D$11:$D$79,DEDICACIÓN!M$10) -> 0 | N21: =ROUND(M21/$Y$3,2) -> 0 | O21: =SUMIFS('PLAN OPERATIVO'!$CL$11:$CL$79,'PLAN OPERATIVO'!$B$11:$B$79,DEDICACIÓN!$B21,'PLAN OPERATIVO'!$D$11:$D$79,DEDICACIÓN!O$10) -> 0 | P21: =ROUND(O21/$Y$3,2) -> 0 | Q21: =SUMIFS('PLAN OPERATIVO'!$CL$11:$CL$79,'PLAN OPERATIVO'!$B$11:$B$79,DEDICACIÓN!$B21,'PLAN OPERATIVO'!$D$11:$D$79,DEDICACIÓN!Q$10) -> 0 | R21: =ROUND(Q21/$Y$3,2) -> 0 | S21: =SUMIFS('PLAN OPERATIVO'!$CL$11:$CL$79,'PLAN OPERATIVO'!$B$11:$B$79,DEDICACIÓN!$B21,'PLAN OPERATIVO'!$D$11:$D$79,DEDICACIÓN!S$10) -> 0 | T21: =ROUND(S21/$Y$3,2) -> 0 | U21: =SUMIFS('PLAN OPERATIVO'!$CL$11:$CL$79,'PLAN OPERATIVO'!$B$11:$B$79,DEDICACIÓN!$B21,'PLAN OPERATIVO'!$D$11:$D$79,DEDICACIÓN!U$10) -> 0 | V21: =ROUND(U21/$Y$3,2) -> 0 | W21: =SUMIFS('PLAN OPERATIVO'!$CL$11:$CL$79,'PLAN OPERATIVO'!$B$11:$B$79,DEDICACIÓN!$B21,'PLAN OPERATIVO'!$D$11:$D$79,DEDICACIÓN!W$10) -> 0 | X21: =ROUND(W21/$Y$3,2) -> 0 | Y21: =SUMIFS('PLAN OPERATIVO'!$CL$11:$CL$79,'PLAN OPERATIVO'!$B$11:$B$79,DEDICACIÓN!$B21,'PLAN OPERATIVO'!$D$11:$D$79,DEDICACIÓN!Y$10) -> 0 | Z21: =ROUND(Y21/$Y$3,2) -> 0 | AA21: =SUMIFS('PLAN OPERATIVO'!$CL$11:$CL$79,'PLAN OPERATIVO'!$B$11:$B$79,DEDICACIÓN!$B21,'PLAN OPERATIVO'!$D$11:$D$79,DEDICACIÓN!AA$10) -> 0 | AB21: =ROUND(AA21/$Y$3,2) -> 0 | AC21: =SUMIFS('PLAN OPERATIVO'!$CL$11:$CL$79,'PLAN OPERATIVO'!$B$11:$B$79,DEDICACIÓN!$B21,'PLAN OPERATIVO'!$D$11:$D$79,DEDICACIÓN!AC$10) -> 0 | AD21: =ROUND(AC21/$Y$3,2) -> 0 | AE21: =SUMIFS('PLAN OPERATIVO'!$CL$11:$CL$79,'PLAN OPERATIVO'!$B$11:$B$79,DEDICACIÓN!$B21,'PLAN OPERATIVO'!$D$11:$D$79,DEDICACIÓN!AE$10) -> 0 | AF21: =ROUND(AE21/$Y$3,2) -> 0 | AG21: =SUMIFS('PLAN OPERATIVO'!$CL$11:$CL$79,'PLAN OPERATIVO'!$B$11:$B$79,DEDICACIÓN!$B21,'PLAN OPERATIVO'!$D$11:$D$79,DEDICACIÓN!AG$10) -> 0 | AH21: =ROUND(AG21/$Y$3,2) -> 0 | AJ21: =AI21*$Y$2 -> 0 | AK21: =AJ21/$Y$3 -> 0 | AL21: =AK21*$Y$4 -> 0 | AN21: =AM21*$Y$2 -> 0 | AO21: =AN21/$Y$3 -> 0 | AP21: =AO21*$Y$4 -> 0 | AR21: =AQ21*$Y$2 -> 0 | AS21: =AR21/$Y$3 -> 0 | AT21: =AS21*$Y$4 -> 0 | AV21: =AU21*$Y$2 -> 0 | AW21: =AV21/$Y$3 -> 0 | AX21: =AW21*$Y$4 -> 0 | AZ21: =AY21*$Y$2 -> 0 | BA21: =AZ21/$Y$3 -> 0 | BB21: =BA21*$Y$4 -> 0 | BD21: =BC21*$Y$2 -> 0 | BE21: =BD21/$Y$3 -> 0 | BF21: =BE21*$Y$4 -> 0 | BH21: =BG21*$Y$2 -> 0 | BI21: =BH21/$Y$3 -> 0 | BJ21: =BI21*$Y$4 -> 0 | BL21: =BK21*$Y$2 -> 0 | BM21: =BL21/$Y$3 -> 0 | BN21: =BM21*$Y$4 -> 0 | BP21: =BO21*$Y$2 -> 0 | BQ21: =BP21/$Y$3 -> 0 | BR21: =BQ21*$Y$4 -> 0
B22: ='PLAN OPERATIVO'!B21 -> Apoyar la socialización de los resultados y avances del proyecto con las partes interesadas, garantizando que la información sea accesible y comprensible para todos los involucrados | C22: =SUMIFS('PLAN OPERATIVO'!$CL$11:$CL$79,'PLAN OPERATIVO'!$B$11:$B$79,DEDICACIÓN!$B22,'PLAN OPERATIVO'!$D$11:$D$79,DEDICACIÓN!C$10) -> 0 | D22: =ROUND(C22/$Y$3,2) -> 0 | E22: =SUMIFS('PLAN OPERATIVO'!$CL$11:$CL$79,'PLAN OPERATIVO'!$B$11:$B$79,DEDICACIÓN!$B22,'PLAN OPERATIVO'!$D$11:$D$79,DEDICACIÓN!E$10) -> 12 | F22: =ROUND(E22/$Y$3,2) -> 0.5 | G22: =SUMIFS('PLAN OPERATIVO'!$CL$11:$CL$79,'PLAN OPERATIVO'!$B$11:$B$79,DEDICACIÓN!$B22,'PLAN OPERATIVO'!$D$11:$D$79,DEDICACIÓN!G$10) -> 0 | H22: =ROUND(G22/$Y$3,2) -> 0 | I22: =SUMIFS('PLAN OPERATIVO'!$CL$11:$CL$79,'PLAN OPERATIVO'!$B$11:$B$79,DEDICACIÓN!$B22,'PLAN OPERATIVO'!$D$11:$D$79,DEDICACIÓN!I$10) -> 0 | J22: =ROUND(I22/$Y$3,2) -> 0 | K22: =SUMIFS('PLAN OPERATIVO'!$CL$11:$CL$79,'PLAN OPERATIVO'!$B$11:$B$79,DEDICACIÓN!$B22,'PLAN OPERATIVO'!$D$11:$D$79,DEDICACIÓN!K$10) -> 0 | L22: =ROUND(K22/$Y$3,2) -> 0 | M22: =SUMIFS('PLAN OPERATIVO'!$CL$11:$CL$79,'PLAN OPERATIVO'!$B$11:$B$79,DEDICACIÓN!$B22,'PLAN OPERATIVO'!$D$11:$D$79,DEDICACIÓN!M$10) -> 0 | N22: =ROUND(M22/$Y$3,2) -> 0 | O22: =SUMIFS('PLAN OPERATIVO'!$CL$11:$CL$79,'PLAN OPERATIVO'!$B$11:$B$79,DEDICACIÓN!$B22,'PLAN OPERATIVO'!$D$11:$D$79,DEDICACIÓN!O$10) -> 0 | P22: =ROUND(O22/$Y$3,2) -> 0 | Q22: =SUMIFS('PLAN OPERATIVO'!$CL$11:$CL$79,'PLAN OPERATIVO'!$B$11:$B$79,DEDICACIÓN!$B22,'PLAN OPERATIVO'!$D$11:$D$79,DEDICACIÓN!Q$10) -> 0 | R22: =ROUND(Q22/$Y$3,2) -> 0 | S22: =SUMIFS('PLAN OPERATIVO'!$CL$11:$CL$79,'PLAN OPERATIVO'!$B$11:$B$79,DEDICACIÓN!$B22,'PLAN OPERATIVO'!$D$11:$D$79,DEDICACIÓN!S$10) -> 0 | T22: =ROUND(S22/$Y$3,2) -> 0 | U22: =SUMIFS('PLAN OPERATIVO'!$CL$11:$CL$79,'PLAN OPERATIVO'!$B$11:$B$79,DEDICACIÓN!$B22,'PLAN OPERATIVO'!$D$11:$D$79,DEDICACIÓN!U$10) -> 0 | V22: =ROUND(U22/$Y$3,2) -> 0 | W22: =SUMIFS('PLAN OPERATIVO'!$CL$11:$CL$79,'PLAN OPERATIVO'!$B$11:$B$79,DEDICACIÓN!$B22,'PLAN OPERATIVO'!$D$11:$D$79,DEDICACIÓN!W$10) -> 0 | X22: =ROUND(W22/$Y$3,2) -> 0 | Y22: =SUMIFS('PLAN OPERATIVO'!$CL$11:$CL$79,'PLAN OPERATIVO'!$B$11:$B$79,DEDICACIÓN!$B22,'PLAN OPERATIVO'!$D$11:$D$79,DEDICACIÓN!Y$10) -> 0 | Z22: =ROUND(Y22/$Y$3,2) -> 0 | AA22: =SUMIFS('PLAN OPERATIVO'!$CL$11:$CL$79,'PLAN OPERATIVO'!$B$11:$B$79,DEDICACIÓN!$B22,'PLAN OPERATIVO'!$D$11:$D$79,DEDICACIÓN!AA$10) -> 0 | AB22: =ROUND(AA22/$Y$3,2) -> 0 | AC22: =SUMIFS('PLAN OPERATIVO'!$CL$11:$CL$79,'PLAN OPERATIVO'!$B$11:$B$79,DEDICACIÓN!$B22,'PLAN OPERATIVO'!$D$11:$D$79,DEDICACIÓN!AC$10) -> 0 | AD22: =ROUND(AC22/$Y$3,2) -> 0 | AE22: =SUMIFS('PLAN OPERATIVO'!$CL$11:$CL$79,'PLAN OPERATIVO'!$B$11:$B$79,DEDICACIÓN!$B22,'PLAN OPERATIVO'!$D$11:$D$79,DEDICACIÓN!AE$10) -> 0 | AF22: =ROUND(AE22/$Y$3,2) -> 0 | AG22: =SUMIFS('PLAN OPERATIVO'!$CL$11:$CL$79,'PLAN OPERATIVO'!$B$11:$B$79,DEDICACIÓN!$B22,'PLAN OPERATIVO'!$D$11:$D$79,DEDICACIÓN!AG$10) -> 0 | AH22: =ROUND(AG22/$Y$3,2) -> 0 | AJ22: =AI22*$Y$2 -> 0 | AK22: =AJ22/$Y$3 -> 0 | AL22: =AK22*$Y$4 -> 0 | AN22: =AM22*$Y$2 -> 0 | AO22: =AN22/$Y$3 -> 0 | AP22: =AO22*$Y$4 -> 0 | AR22: =AQ22*$Y$2 -> 0 | AS22: =AR22/$Y$3 -> 0 | AT22: =AS22*$Y$4 -> 0 | AV22: =AU22*$Y$2 -> 0 | AW22: =AV22/$Y$3 -> 0 | AX22: =AW22*$Y$4 -> 0 | AZ22: =AY22*$Y$2 -> 0 | BA22: =AZ22/$Y$3 -> 0 | BB22: =BA22*$Y$4 -> 0 | BD22: =BC22*$Y$2 -> 0 | BE22: =BD22/$Y$3 -> 0 | BF22: =BE22*$Y$4 -> 0 | BH22: =BG22*$Y$2 -> 0 | BI22: =BH22/$Y$3 -> 0 | BJ22: =BI22*$Y$4 -> 0 | BL22: =BK22*$Y$2 -> 0 | BM22: =BL22/$Y$3 -> 0 | BN22: =BM22*$Y$4 -> 0 | BP22: =BO22*$Y$2 -> 0 | BQ22: =BP22/$Y$3 -> 0 | BR22: =BQ22*$Y$4 -> 0
B23: ='PLAN OPERATIVO'!B22 -> Trabajar en conjunto con otros profesionales, como ecologistas, ingenieros y gestores de recursos hídricos, para asegurar un enfoque integral en la restauración de microcuencas | C23: =SUMIFS('PLAN OPERATIVO'!$CL$11:$CL$79,'PLAN OPERATIVO'!$B$11:$B$79,DEDICACIÓN!$B23,'PLAN OPERATIVO'!$D$11:$D$79,DEDICACIÓN!C$10) -> 0 | D23: =ROUND(C23/$Y$3,2) -> 0 | E23: =SUMIFS('PLAN OPERATIVO'!$CL$11:$CL$79,'PLAN OPERATIVO'!$B$11:$B$79,DEDICACIÓN!$B23,'PLAN OPERATIVO'!$D$11:$D$79,DEDICACIÓN!E$10) -> 8 | F23: =ROUND(E23/$Y$3,2) -> 0.33 | G23: =SUMIFS('PLAN OPERATIVO'!$CL$11:$CL$79,'PLAN OPERATIVO'!$B$11:$B$79,DEDICACIÓN!$B23,'PLAN OPERATIVO'!$D$11:$D$79,DEDICACIÓN!G$10) -> 0 | H23: =ROUND(G23/$Y$3,2) -> 0 | I23: =SUMIFS('PLAN OPERATIVO'!$CL$11:$CL$79,'PLAN OPERATIVO'!$B$11:$B$79,DEDICACIÓN!$B23,'PLAN OPERATIVO'!$D$11:$D$79,DEDICACIÓN!I$10) -> 0 | J23: =ROUND(I23/$Y$3,2) -> 0 | K23: =SUMIFS('PLAN OPERATIVO'!$CL$11:$CL$79,'PLAN OPERATIVO'!$B$11:$B$79,DEDICACIÓN!$B23,'PLAN OPERATIVO'!$D$11:$D$79,DEDICACIÓN!K$10) -> 0 | L23: =ROUND(K23/$Y$3,2) -> 0 | M23: =SUMIFS('PLAN OPERATIVO'!$CL$11:$CL$79,'PLAN OPERATIVO'!$B$11:$B$79,DEDICACIÓN!$B23,'PLAN OPERATIVO'!$D$11:$D$79,DEDICACIÓN!M$10) -> 0 | N23: =ROUND(M23/$Y$3,2) -> 0 | O23: =SUMIFS('PLAN OPERATIVO'!$CL$11:$CL$79,'PLAN OPERATIVO'!$B$11:$B$79,DEDICACIÓN!$B23,'PLAN OPERATIVO'!$D$11:$D$79,DEDICACIÓN!O$10) -> 0 | P23: =ROUND(O23/$Y$3,2) -> 0 | Q23: =SUMIFS('PLAN OPERATIVO'!$CL$11:$CL$79,'PLAN OPERATIVO'!$B$11:$B$79,DEDICACIÓN!$B23,'PLAN OPERATIVO'!$D$11:$D$79,DEDICACIÓN!Q$10) -> 0 | R23: =ROUND(Q23/$Y$3,2) -> 0 | S23: =SUMIFS('PLAN OPERATIVO'!$CL$11:$CL$79,'PLAN OPERATIVO'!$B$11:$B$79,DEDICACIÓN!$B23,'PLAN OPERATIVO'!$D$11:$D$79,DEDICACIÓN!S$10) -> 0 | T23: =ROUND(S23/$Y$3,2) -> 0 | U23: =SUMIFS('PLAN OPERATIVO'!$CL$11:$CL$79,'PLAN OPERATIVO'!$B$11:$B$79,DEDICACIÓN!$B23,'PLAN OPERATIVO'!$D$11:$D$79,DEDICACIÓN!U$10) -> 0 | V23: =ROUND(U23/$Y$3,2) -> 0 | W23: =SUMIFS('PLAN OPERATIVO'!$CL$11:$CL$79,'PLAN OPERATIVO'!$B$11:$B$79,DEDICACIÓN!$B23,'PLAN OPERATIVO'!$D$11:$D$79,DEDICACIÓN!W$10) -> 0 | X23: =ROUND(W23/$Y$3,2) -> 0 | Y23: =SUMIFS('PLAN OPERATIVO'!$CL$11:$CL$79,'PLAN OPERATIVO'!$B$11:$B$79,DEDICACIÓN!$B23,'PLAN OPERATIVO'!$D$11:$D$79,DEDICACIÓN!Y$10) -> 0 | Z23: =ROUND(Y23/$Y$3,2) -> 0 | AA23: =SUMIFS('PLAN OPERATIVO'!$CL$11:$CL$79,'PLAN OPERATIVO'!$B$11:$B$79,DEDICACIÓN!$B23,'PLAN OPERATIVO'!$D$11:$D$79,DEDICACIÓN!AA$10) -> 0 | AB23: =ROUND(AA23/$Y$3,2) -> 0 | AC23: =SUMIFS('PLAN OPERATIVO'!$CL$11:$CL$79,'PLAN OPERATIVO'!$B$11:$B$79,DEDICACIÓN!$B23,'PLAN OPERATIVO'!$D$11:$D$79,DEDICACIÓN!AC$10) -> 0 | AD23: =ROUND(AC23/$Y$3,2) -> 0 | AE23: =SUMIFS('PLAN OPERATIVO'!$CL$11:$CL$79,'PLAN OPERATIVO'!$B$11:$B$79,DEDICACIÓN!$B23,'PLAN OPERATIVO'!$D$11:$D$79,DEDICACIÓN!AE$10) -> 0 | AF23: =ROUND(AE23/$Y$3,2) -> 0 | AG23: =SUMIFS('PLAN OPERATIVO'!$CL$11:$CL$79,'PLAN OPERATIVO'!$B$11:$B$79,DEDICACIÓN!$B23,'PLAN OPERATIVO'!$D$11:$D$79,DEDICACIÓN!AG$10) -> 0 | AH23: =ROUND(AG23/$Y$3,2) -> 0 | AJ23: =AI23*$Y$2 -> 0 | AK23: =AJ23/$Y$3 -> 0 | AL23: =AK23*$Y$4 -> 0 | AN23: =AM23*$Y$2 -> 0 | AO23: =AN23/$Y$3 -> 0 | AP23: =AO23*$Y$4 -> 0 | AR23: =AQ23*$Y$2 -> 0 | AS23: =AR23/$Y$3 -> 0 | AT23: =AS23*$Y$4 -> 0 | AV23: =AU23*$Y$2 -> 0 | AW23: =AV23/$Y$3 -> 0 | AX23: =AW23*$Y$4 -> 0 | AZ23: =AY23*$Y$2 -> 0 | BA23: =AZ23/$Y$3 -> 0 | BB23: =BA23*$Y$4 -> 0 | BD23: =BC23*$Y$2 -> 0 | BE23: =BD23/$Y$3 -> 0 | BF23: =BE23*$Y$4 -> 0 | BH23: =BG23*$Y$2 -> 0 | BI23: =BH23/$Y$3 -> 0 | BJ23: =BI23*$Y$4 -> 0 | BL23: =BK23*$Y$2 -> 0 | BM23: =BL23/$Y$3 -> 0 | BN23: =BM23*$Y$4 -> 0 | BP23: =BO23*$Y$2 -> 0 | BQ23: =BP23/$Y$3 -> 0 | BR23: =BQ23*$Y$4 -> 0
B24: ='PLAN OPERATIVO'!B23 -> Elaborar los informes mensuales y los solicitados por el coordinador del proyecto. | C24: =SUMIFS('PLAN OPERATIVO'!$CL$11:$CL$79,'PLAN OPERATIVO'!$B$11:$B$79,DEDICACIÓN!$B24,'PLAN OPERATIVO'!$D$11:$D$79,DEDICACIÓN!C$10) -> 0 | D24: =ROUND(C24/$Y$3,2) -> 0 | E24: =SUMIFS('PLAN OPERATIVO'!$CL$11:$CL$79,'PLAN OPERATIVO'!$B$11:$B$79,DEDICACIÓN!$B24,'PLAN OPERATIVO'!$D$11:$D$79,DEDICACIÓN!E$10) -> 11 | F24: =ROUND(E24/$Y$3,2) -> 0.46 | G24: =SUMIFS('PLAN OPERATIVO'!$CL$11:$CL$79,'PLAN OPERATIVO'!$B$11:$B$79,DEDICACIÓN!$B24,'PLAN OPERATIVO'!$D$11:$D$79,DEDICACIÓN!G$10) -> 0 | H24: =ROUND(G24/$Y$3,2) -> 0 | I24: =SUMIFS('PLAN OPERATIVO'!$CL$11:$CL$79,'PLAN OPERATIVO'!$B$11:$B$79,DEDICACIÓN!$B24,'PLAN OPERATIVO'!$D$11:$D$79,DEDICACIÓN!I$10) -> 0 | J24: =ROUND(I24/$Y$3,2) -> 0 | K24: =SUMIFS('PLAN OPERATIVO'!$CL$11:$CL$79,'PLAN OPERATIVO'!$B$11:$B$79,DEDICACIÓN!$B24,'PLAN OPERATIVO'!$D$11:$D$79,DEDICACIÓN!K$10) -> 0 | L24: =ROUND(K24/$Y$3,2) -> 0 | M24: =SUMIFS('PLAN OPERATIVO'!$CL$11:$CL$79,'PLAN OPERATIVO'!$B$11:$B$79,DEDICACIÓN!$B24,'PLAN OPERATIVO'!$D$11:$D$79,DEDICACIÓN!M$10) -> 0 | N24: =ROUND(M24/$Y$3,2) -> 0 | O24: =SUMIFS('PLAN OPERATIVO'!$CL$11:$CL$79,'PLAN OPERATIVO'!$B$11:$B$79,DEDICACIÓN!$B24,'PLAN OPERATIVO'!$D$11:$D$79,DEDICACIÓN!O$10) -> 0 | P24: =ROUND(O24/$Y$3,2) -> 0 | Q24: =SUMIFS('PLAN OPERATIVO'!$CL$11:$CL$79,'PLAN OPERATIVO'!$B$11:$B$79,DEDICACIÓN!$B24,'PLAN OPERATIVO'!$D$11:$D$79,DEDICACIÓN!Q$10) -> 0 | R24: =ROUND(Q24/$Y$3,2) -> 0 | S24: =SUMIFS('PLAN OPERATIVO'!$CL$11:$CL$79,'PLAN OPERATIVO'!$B$11:$B$79,DEDICACIÓN!$B24,'PLAN OPERATIVO'!$D$11:$D$79,DEDICACIÓN!S$10) -> 0 | T24: =ROUND(S24/$Y$3,2) -> 0 | U24: =SUMIFS('PLAN OPERATIVO'!$CL$11:$CL$79,'PLAN OPERATIVO'!$B$11:$B$79,DEDICACIÓN!$B24,'PLAN OPERATIVO'!$D$11:$D$79,DEDICACIÓN!U$10) -> 0 | V24: =ROUND(U24/$Y$3,2) -> 0 | W24: =SUMIFS('PLAN OPERATIVO'!$CL$11:$CL$79,'PLAN OPERATIVO'!$B$11:$B$79,DEDICACIÓN!$B24,'PLAN OPERATIVO'!$D$11:$D$79,DEDICACIÓN!W$10) -> 0 | X24: =ROUND(W24/$Y$3,2) -> 0 | Y24: =SUMIFS('PLAN OPERATIVO'!$CL$11:$CL$79,'PLAN OPERATIVO'!$B$11:$B$79,DEDICACIÓN!$B24,'PLAN OPERATIVO'!$D$11:$D$79,DEDICACIÓN!Y$10) -> 0 | Z24: =ROUND(Y24/$Y$3,2) -> 0 | AA24: =SUMIFS('PLAN OPERATIVO'!$CL$11:$CL$79,'PLAN OPERATIVO'!$B$11:$B$79,DEDICACIÓN!$B24,'PLAN OPERATIVO'!$D$11:$D$79,DEDICACIÓN!AA$10) -> 0 | AB24: =ROUND(AA24/$Y$3,2) -> 0 | AC24: =SUMIFS('PLAN OPERATIVO'!$CL$11:$CL$79,'PLAN OPERATIVO'!$B$11:$B$79,DEDICACIÓN!$B24,'PLAN OPERATIVO'!$D$11:$D$79,DEDICACIÓN!AC$10) -> 0 | AD24: =ROUND(AC24/$Y$3,2) -> 0 | AE24: =SUMIFS('PLAN OPERATIVO'!$CL$11:$CL$79,'PLAN OPERATIVO'!$B$11:$B$79,DEDICACIÓN!$B24,'PLAN OPERATIVO'!$D$11:$D$79,DEDICACIÓN!AE$10) -> 0 | AF24: =ROUND(AE24/$Y$3,2) -> 0 | AG24: =SUMIFS('PLAN OPERATIVO'!$CL$11:$CL$79,'PLAN OPERATIVO'!$B$11:$B$79,DEDICACIÓN!$B24,'PLAN OPERATIVO'!$D$11:$D$79,DEDICACIÓN!AG$10) -> 0 | AH24: =ROUND(AG24/$Y$3,2) -> 0 | AJ24: =AI24*$Y$2 -> 0 | AK24: =AJ24/$Y$3 -> 0 | AL24: =AK24*$Y$4 -> 0 | AN24: =AM24*$Y$2 -> 0 | AO24: =AN24/$Y$3 -> 0 | AP24: =AO24*$Y$4 -> 0 | AR24: =AQ24*$Y$2 -> 0 | AS24: =AR24/$Y$3 -> 0 | AT24: =AS24*$Y$4 -> 0 | AV24: =AU24*$Y$2 -> 0 | AW24: =AV24/$Y$3 -> 0 | AX24: =AW24*$Y$4 -> 0 | AZ24: =AY24*$Y$2 -> 0 | BA24: =AZ24/$Y$3 -> 0 | BB24: =BA24*$Y$4 -> 0 | BD24: =BC24*$Y$2 -> 0 | BE24: =BD24/$Y$3 -> 0 | BF24: =BE24*$Y$4 -> 0 | BH24: =BG24*$Y$2 -> 0 | BI24: =BH24/$Y$3 -> 0 | BJ24: =BI24*$Y$4 -> 0 | BL24: =BK24*$Y$2 -> 0 | BM24: =BL24/$Y$3 -> 0 | BN24: =BM24*$Y$4 -> 0 | BP24: =BO24*$Y$2 -> 0 | BQ24: =BP24/$Y$3 -> 0 | BR24: =BQ24*$Y$4 -> 0
B25: ='PLAN OPERATIVO'!B24 -> Coordinar la implementación de los procesos de rehabilitación y enriquecimiento ecológico participativo con enfoque ecosistémico en las áreas definidas en la microcuenca del río Tejar. | C25: =SUMIFS('PLAN OPERATIVO'!$CL$11:$CL$79,'PLAN OPERATIVO'!$B$11:$B$79,DEDICACIÓN!$B25,'PLAN OPERATIVO'!$D$11:$D$79,DEDICACIÓN!C$10) -> 0 | D25: =ROUND(C25/$Y$3,2) -> 0 | E25: =SUMIFS('PLAN OPERATIVO'!$CL$11:$CL$79,'PLAN OPERATIVO'!$B$11:$B$79,DEDICACIÓN!$B25,'PLAN OPERATIVO'!$D$11:$D$79,DEDICACIÓN!E$10) -> 0 | F25: =ROUND(E25/$Y$3,2) -> 0 | G25: =+'PLAN OPERATIVO'!CL24 -> 51.9 | H25: =ROUND(G25/$Y$3,2) -> 2.16 | I25: =SUMIFS('PLAN OPERATIVO'!$CL$11:$CL$79,'PLAN OPERATIVO'!$B$11:$B$79,DEDICACIÓN!$B25,'PLAN OPERATIVO'!$D$11:$D$79,DEDICACIÓN!I$10) -> 0 | J25: =ROUND(I25/$Y$3,2) -> 0 | K25: =SUMIFS('PLAN OPERATIVO'!$CL$11:$CL$79,'PLAN OPERATIVO'!$B$11:$B$79,DEDICACIÓN!$B25,'PLAN OPERATIVO'!$D$11:$D$79,DEDICACIÓN!K$10) -> 0 | L25: =ROUND(K25/$Y$3,2) -> 0 | M25: =SUMIFS('PLAN OPERATIVO'!$CL$11:$CL$79,'PLAN OPERATIVO'!$B$11:$B$79,DEDICACIÓN!$B25,'PLAN OPERATIVO'!$D$11:$D$79,DEDICACIÓN!M$10) -> 0 | N25: =ROUND(M25/$Y$3,2) -> 0 | O25: =SUMIFS('PLAN OPERATIVO'!$CL$11:$CL$79,'PLAN OPERATIVO'!$B$11:$B$79,DEDICACIÓN!$B25,'PLAN OPERATIVO'!$D$11:$D$79,DEDICACIÓN!O$10) -> 0 | P25: =ROUND(O25/$Y$3,2) -> 0 | Q25: =SUMIFS('PLAN OPERATIVO'!$CL$11:$CL$79,'PLAN OPERATIVO'!$B$11:$B$79,DEDICACIÓN!$B25,'PLAN OPERATIVO'!$D$11:$D$79,DEDICACIÓN!Q$10) -> 0 | R25: =ROUND(Q25/$Y$3,2) -> 0 | S25: =SUMIFS('PLAN OPERATIVO'!$CL$11:$CL$79,'PLAN OPERATIVO'!$B$11:$B$79,DEDICACIÓN!$B25,'PLAN OPERATIVO'!$D$11:$D$79,DEDICACIÓN!S$10) -> 0 | T25: =ROUND(S25/$Y$3,2) -> 0 | U25: =SUMIFS('PLAN OPERATIVO'!$CL$11:$CL$79,'PLAN OPERATIVO'!$B$11:$B$79,DEDICACIÓN!$B25,'PLAN OPERATIVO'!$D$11:$D$79,DEDICACIÓN!U$10) -> 0 | V25: =ROUND(U25/$Y$3,2) -> 0 | W25: =SUMIFS('PLAN OPERATIVO'!$CL$11:$CL$79,'PLAN OPERATIVO'!$B$11:$B$79,DEDICACIÓN!$B25,'PLAN OPERATIVO'!$D$11:$D$79,DEDICACIÓN!W$10) -> 0 | X25: =ROUND(W25/$Y$3,2) -> 0 | Y25: =SUMIFS('PLAN OPERATIVO'!$CL$11:$CL$79,'PLAN OPERATIVO'!$B$11:$B$79,DEDICACIÓN!$B25,'PLAN OPERATIVO'!$D$11:$D$79,DEDICACIÓN!Y$10) -> 0 | Z25: =ROUND(Y25/$Y$3,2) -> 0 | AA25: =SUMIFS('PLAN OPERATIVO'!$CL$11:$CL$79,'PLAN OPERATIVO'!$B$11:$B$79,DEDICACIÓN!$B25,'PLAN OPERATIVO'!$D$11:$D$79,DEDICACIÓN!AA$10) -> 0 | AB25: =ROUND(AA25/$Y$3,2) -> 0 | AC25: =SUMIFS('PLAN OPERATIVO'!$CL$11:$CL$79,'PLAN OPERATIVO'!$B$11:$B$79,DEDICACIÓN!$B25,'PLAN OPERATIVO'!$D$11:$D$79,DEDICACIÓN!AC$10) -> 0 | AD25: =ROUND(AC25/$Y$3,2) -> 0 | AE25: =SUMIFS('PLAN OPERATIVO'!$CL$11:$CL$79,'PLAN OPERATIVO'!$B$11:$B$79,DEDICACIÓN!$B25,'PLAN OPERATIVO'!$D$11:$D$79,DEDICACIÓN!AE$10) -> 0 | AF25: =ROUND(AE25/$Y$3,2) -> 0 | AG25: =SUMIFS('PLAN OPERATIVO'!$CL$11:$CL$79,'PLAN OPERATIVO'!$B$11:$B$79,DEDICACIÓN!$B25,'PLAN OPERATIVO'!$D$11:$D$79,DEDICACIÓN!AG$10) -> 0 | AH25: =ROUND(AG25/$Y$3,2) -> 0 | AJ25: =AI25*$Y$2 -> 0 | AK25: =AJ25/$Y$3 -> 0 | AL25: =AK25*$Y$4 -> 0 | AN25: =AM25*$Y$2 -> 0 | AO25: =AN25/$Y$3 -> 0 | AP25: =AO25*$Y$4 -> 0 | AR25: =AQ25*$Y$2 -> 0 | AS25: =AR25/$Y$3 -> 0 | AT25: =AS25*$Y$4 -> 0 | AV25: =AU25*$Y$2 -> 0 | AW25: =AV25/$Y$3 -> 0 | AX25: =AW25*$Y$4 -> 0 | AZ25: =AY25*$Y$2 -> 0 | BA25: =AZ25/$Y$3 -> 0 | BB25: =BA25*$Y$4 -> 0 | BD25: =BC25*$Y$2 -> 0 | BE25: =BD25/$Y$3 -> 0 | BF25: =BE25*$Y$4 -> 0 | BH25: =BG25*$Y$2 -> 0 | BI25: =BH25/$Y$3 -> 0 | BJ25: =BI25*$Y$4 -> 0 | BL25: =BK25*$Y$2 -> 0 | BM25: =BL25/$Y$3 -> 0 | BN25: =BM25*$Y$4 -> 0 | BP25: =BO25*$Y$2 -> 0 | BQ25: =BP25/$Y$3 -> 0 | BR25: =BQ25*$Y$4 -> 0
B26: ='PLAN OPERATIVO'!B25 -> Apoyar y coordinar con los componentes de Gestión Integral del territorio y de Prácticas Sostenibles la gestión y firma de acuerdos de conservación con actores sociales para el desarrollo de procesos de rehabilitación ecológica, enriquecimiento ecológico y sistemas sostenibles. | C26: =SUMIFS('PLAN OPERATIVO'!$CL$11:$CL$79,'PLAN OPERATIVO'!$B$11:$B$79,DEDICACIÓN!$B26,'PLAN OPERATIVO'!$D$11:$D$79,DEDICACIÓN!C$10) -> 0 | D26: =ROUND(C26/$Y$3,2) -> 0 | E26: =SUMIFS('PLAN OPERATIVO'!$CL$11:$CL$79,'PLAN OPERATIVO'!$B$11:$B$79,DEDICACIÓN!$B26,'PLAN OPERATIVO'!$D$11:$D$79,DEDICACIÓN!E$10) -> 0 | F26: =ROUND(E26/$Y$3,2) -> 0 | G26: =+'PLAN OPERATIVO'!CL25 -> 14.5 | H26: =ROUND(G26/$Y$3,2) -> 0.6 | I26: =SUMIFS('PLAN OPERATIVO'!$CL$11:$CL$79,'PLAN OPERATIVO'!$B$11:$B$79,DEDICACIÓN!$B26,'PLAN OPERATIVO'!$D$11:$D$79,DEDICACIÓN!I$10) -> 0 | J26: =ROUND(I26/$Y$3,2) -> 0 | K26: =SUMIFS('PLAN OPERATIVO'!$CL$11:$CL$79,'PLAN OPERATIVO'!$B$11:$B$79,DEDICACIÓN!$B26,'PLAN OPERATIVO'!$D$11:$D$79,DEDICACIÓN!K$10) -> 0 | L26: =ROUND(K26/$Y$3,2) -> 0 | M26: =SUMIFS('PLAN OPERATIVO'!$CL$11:$CL$79,'PLAN OPERATIVO'!$B$11:$B$79,DEDICACIÓN!$B26,'PLAN OPERATIVO'!$D$11:$D$79,DEDICACIÓN!M$10) -> 0 | N26: =ROUND(M26/$Y$3,2) -> 0 | O26: =SUMIFS('PLAN OPERATIVO'!$CL$11:$CL$79,'PLAN OPERATIVO'!$B$11:$B$79,DEDICACIÓN!$B26,'PLAN OPERATIVO'!$D$11:$D$79,DEDICACIÓN!O$10) -> 0 | P26: =ROUND(O26/$Y$3,2) -> 0 | Q26: =SUMIFS('PLAN OPERATIVO'!$CL$11:$CL$79,'PLAN OPERATIVO'!$B$11:$B$79,DEDICACIÓN!$B26,'PLAN OPERATIVO'!$D$11:$D$79,DEDICACIÓN!Q$10) -> 0 | R26: =ROUND(Q26/$Y$3,2) -> 0 | S26: =SUMIFS('PLAN OPERATIVO'!$CL$11:$CL$79,'PLAN OPERATIVO'!$B$11:$B$79,DEDICACIÓN!$B26,'PLAN OPERATIVO'!$D$11:$D$79,DEDICACIÓN!S$10) -> 0 | T26: =ROUND(S26/$Y$3,2) -> 0 | U26: =SUMIFS('PLAN OPERATIVO'!$CL$11:$CL$79,'PLAN OPERATIVO'!$B$11:$B$79,DEDICACIÓN!$B26,'PLAN OPERATIVO'!$D$11:$D$79,DEDICACIÓN!U$10) -> 0 | V26: =ROUND(U26/$Y$3,2) -> 0 | W26: =SUMIFS('PLAN OPERATIVO'!$CL$11:$CL$79,'PLAN OPERATIVO'!$B$11:$B$79,DEDICACIÓN!$B26,'PLAN OPERATIVO'!$D$11:$D$79,DEDICACIÓN!W$10) -> 0 | X26: =ROUND(W26/$Y$3,2) -> 0 | Y26: =SUMIFS('PLAN OPERATIVO'!$CL$11:$CL$79,'PLAN OPERATIVO'!$B$11:$B$79,DEDICACIÓN!$B26,'PLAN OPERATIVO'!$D$11:$D$79,DEDICACIÓN!Y$10) -> 0 | Z26: =ROUND(Y26/$Y$3,2) -> 0 | AA26: =SUMIFS('PLAN OPERATIVO'!$CL$11:$CL$79,'PLAN OPERATIVO'!$B$11:$B$79,DEDICACIÓN!$B26,'PLAN OPERATIVO'!$D$11:$D$79,DEDICACIÓN!AA$10) -> 0 | AB26: =ROUND(AA26/$Y$3,2) -> 0 | AC26: =SUMIFS('PLAN OPERATIVO'!$CL$11:$CL$79,'PLAN OPERATIVO'!$B$11:$B$79,DEDICACIÓN!$B26,'PLAN OPERATIVO'!$D$11:$D$79,DEDICACIÓN!AC$10) -> 0 | AD26: =ROUND(AC26/$Y$3,2) -> 0 | AE26: =SUMIFS('PLAN OPERATIVO'!$CL$11:$CL$79,'PLAN OPERATIVO'!$B$11:$B$79,DEDICACIÓN!$B26,'PLAN OPERATIVO'!$D$11:$D$79,DEDICACIÓN!AE$10) -> 0 | AF26: =ROUND(AE26/$Y$3,2) -> 0 | AG26: =SUMIFS('PLAN OPERATIVO'!$CL$11:$CL$79,'PLAN OPERATIVO'!$B$11:$B$79,DEDICACIÓN!$B26,'PLAN OPERATIVO'!$D$11:$D$79,DEDICACIÓN!AG$10) -> 0 | AH26: =ROUND(AG26/$Y$3,2) -> 0 | AJ26: =AI26*$Y$2 -> 0 | AK26: =AJ26/$Y$3 -> 0 | AL26: =AK26*$Y$4 -> 0 | AN26: =AM26*$Y$2 -> 0 | AO26: =AN26/$Y$3 -> 0 | AP26: =AO26*$Y$4 -> 0 | AR26: =AQ26*$Y$2 -> 0 | AS26: =AR26/$Y$3 -> 0 | AT26: =AS26*$Y$4 -> 0 | AV26: =AU26*$Y$2 -> 0 | AW26: =AV26/$Y$3 -> 0 | AX26: =AW26*$Y$4 -> 0 | AZ26: =AY26*$Y$2 -> 0 | BA26: =AZ26/$Y$3 -> 0 | BB26: =BA26*$Y$4 -> 0 | BD26: =BC26*$Y$2 -> 0 | BE26: =BD26/$Y$3 -> 0 | BF26: =BE26*$Y$4 -> 0 | BH26: =BG26*$Y$2 -> 0 | BI26: =BH26/$Y$3 -> 0 | BJ26: =BI26*$Y$4 -> 0 | BL26: =BK26*$Y$2 -> 0 | BM26: =BL26/$Y$3 -> 0 | BN26: =BM26*$Y$4 -> 0 | BP26: =BO26*$Y$2 -> 0 | BQ26: =BP26/$Y$3 -> 0 | BR26: =BQ26*$Y$4 -> 0
B27: ='PLAN OPERATIVO'!B26 -> Apoyar con el coordinador del proyecto la elaboración del cronograma y metodologías de trabajo. | C27: =SUMIFS('PLAN OPERATIVO'!$CL$11:$CL$79,'PLAN OPERATIVO'!$B$11:$B$79,DEDICACIÓN!$B27,'PLAN OPERATIVO'!$D$11:$D$79,DEDICACIÓN!C$10) -> 0 | D27: =ROUND(C27/$Y$3,2) -> 0 | E27: =SUMIFS('PLAN OPERATIVO'!$CL$11:$CL$79,'PLAN OPERATIVO'!$B$11:$B$79,DEDICACIÓN!$B27,'PLAN OPERATIVO'!$D$11:$D$79,DEDICACIÓN!E$10) -> 0 | F27: =ROUND(E27/$Y$3,2) -> 0 | G27: =SUMIFS('PLAN OPERATIVO'!$CL$11:$CL$79,'PLAN OPERATIVO'!$B$11:$B$79,DEDICACIÓN!$B27,'PLAN OPERATIVO'!$D$11:$D$79,DEDICACIÓN!G$10) -> 2 | H27: =ROUND(G27/$Y$3,2) -> 0.08 | I27: =SUMIFS('PLAN OPERATIVO'!$CL$11:$CL$79,'PLAN OPERATIVO'!$B$11:$B$79,DEDICACIÓN!$B27,'PLAN OPERATIVO'!$D$11:$D$79,DEDICACIÓN!I$10) -> 0 | J27: =ROUND(I27/$Y$3,2) -> 0 | K27: =SUMIFS('PLAN OPERATIVO'!$CL$11:$CL$79,'PLAN OPERATIVO'!$B$11:$B$79,DEDICACIÓN!$B27,'PLAN OPERATIVO'!$D$11:$D$79,DEDICACIÓN!K$10) -> 0 | L27: =ROUND(K27/$Y$3,2) -> 0 | M27: =SUMIFS('PLAN OPERATIVO'!$CL$11:$CL$79,'PLAN OPERATIVO'!$B$11:$B$79,DEDICACIÓN!$B27,'PLAN OPERATIVO'!$D$11:$D$79,DEDICACIÓN!M$10) -> 0 | N27: =ROUND(M27/$Y$3,2) -> 0 | O27: =SUMIFS('PLAN OPERATIVO'!$CL$11:$CL$79,'PLAN OPERATIVO'!$B$11:$B$79,DEDICACIÓN!$B27,'PLAN OPERATIVO'!$D$11:$D$79,DEDICACIÓN!O$10) -> 0 | P27: =ROUND(O27/$Y$3,2) -> 0 | Q27: =SUMIFS('PLAN OPERATIVO'!$CL$11:$CL$79,'PLAN OPERATIVO'!$B$11:$B$79,DEDICACIÓN!$B27,'PLAN OPERATIVO'!$D$11:$D$79,DEDICACIÓN!Q$10) -> 0 | R27: =ROUND(Q27/$Y$3,2) -> 0 | S27: =SUMIFS('PLAN OPERATIVO'!$CL$11:$CL$79,'PLAN OPERATIVO'!$B$11:$B$79,DEDICACIÓN!$B27,'PLAN OPERATIVO'!$D$11:$D$79,DEDICACIÓN!S$10) -> 0 | T27: =ROUND(S27/$Y$3,2) -> 0 | U27: =SUMIFS('PLAN OPERATIVO'!$CL$11:$CL$79,'PLAN OPERATIVO'!$B$11:$B$79,DEDICACIÓN!$B27,'PLAN OPERATIVO'!$D$11:$D$79,DEDICACIÓN!U$10) -> 0 | V27: =ROUND(U27/$Y$3,2) -> 0 | W27: =SUMIFS('PLAN OPERATIVO'!$CL$11:$CL$79,'PLAN OPERATIVO'!$B$11:$B$79,DEDICACIÓN!$B27,'PLAN OPERATIVO'!$D$11:$D$79,DEDICACIÓN!W$10) -> 0 | X27: =ROUND(W27/$Y$3,2) -> 0 | Y27: =SUMIFS('PLAN OPERATIVO'!$CL$11:$CL$79,'PLAN OPERATIVO'!$B$11:$B$79,DEDICACIÓN!$B27,'PLAN OPERATIVO'!$D$11:$D$79,DEDICACIÓN!Y$10) -> 0 | Z27: =ROUND(Y27/$Y$3,2) -> 0 | AA27: =SUMIFS('PLAN OPERATIVO'!$CL$11:$CL$79,'PLAN OPERATIVO'!$B$11:$B$79,DEDICACIÓN!$B27,'PLAN OPERATIVO'!$D$11:$D$79,DEDICACIÓN!AA$10) -> 0 | AB27: =ROUND(AA27/$Y$3,2) -> 0 | AC27: =SUMIFS('PLAN OPERATIVO'!$CL$11:$CL$79,'PLAN OPERATIVO'!$B$11:$B$79,DEDICACIÓN!$B27,'PLAN OPERATIVO'!$D$11:$D$79,DEDICACIÓN!AC$10) -> 0 | AD27: =ROUND(AC27/$Y$3,2) -> 0 | AE27: =SUMIFS('PLAN OPERATIVO'!$CL$11:$CL$79,'PLAN OPERATIVO'!$B$11:$B$79,DEDICACIÓN!$B27,'PLAN OPERATIVO'!$D$11:$D$79,DEDICACIÓN!AE$10) -> 0 | AF27: =ROUND(AE27/$Y$3,2) -> 0 | AG27: =SUMIFS('PLAN OPERATIVO'!$CL$11:$CL$79,'PLAN OPERATIVO'!$B$11:$B$79,DEDICACIÓN!$B27,'PLAN OPERATIVO'!$D$11:$D$79,DEDICACIÓN!AG$10) -> 0 | AH27: =ROUND(AG27/$Y$3,2) -> 0 | AJ27: =AI27*$Y$2 -> 0 | AK27: =AJ27/$Y$3 -> 0 | AL27: =AK27*$Y$4 -> 0 | AN27: =AM27*$Y$2 -> 0 | AO27: =AN27/$Y$3 -> 0 | AP27: =AO27*$Y$4 -> 0 | AR27: =AQ27*$Y$2 -> 0 | AS27: =AR27/$Y$3 -> 0 | AT27: =AS27*$Y$4 -> 0 | AV27: =AU27*$Y$2 -> 0 | AW27: =AV27/$Y$3 -> 0 | AX27: =AW27*$Y$4 -> 0 | AZ27: =AY27*$Y$2 -> 0 | BA27: =AZ27/$Y$3 -> 0 | BB27: =BA27*$Y$4 -> 0 | BD27: =BC27*$Y$2 -> 0 | BE27: =BD27/$Y$3 -> 0 | BF27: =BE27*$Y$4 -> 0 | BH27: =BG27*$Y$2 -> 0 | BI27: =BH27/$Y$3 -> 0 | BJ27: =BI27*$Y$4 -> 0 | BL27: =BK27*$Y$2 -> 0 | BM27: =BL27/$Y$3 -> 0 | BN27: =BM27*$Y$4 -> 0 | BP27: =BO27*$Y$2 -> 0 | BQ27: =BP27/$Y$3 -> 0 | BR27: =BQ27*$Y$4 -> 0
B28: ='PLAN OPERATIVO'!B27 -> Coordinar y desarrollar con el equipo del componente de Gestión Integral del Territorio las reuniones y talleres de participación comunitaria en los procesos de restauración ecológica. | C28: =SUMIFS('PLAN OPERATIVO'!$CL$11:$CL$79,'PLAN OPERATIVO'!$B$11:$B$79,DEDICACIÓN!$B28,'PLAN OPERATIVO'!$D$11:$D$79,DEDICACIÓN!C$10) -> 0 | D28: =ROUND(C28/$Y$3,2) -> 0 | E28: =SUMIFS('PLAN OPERATIVO'!$CL$11:$CL$79,'PLAN OPERATIVO'!$B$11:$B$79,DEDICACIÓN!$B28,'PLAN OPERATIVO'!$D$11:$D$79,DEDICACIÓN!E$10) -> 0 | F28: =ROUND(E28/$Y$3,2) -> 0 | G28: =SUMIFS('PLAN OPERATIVO'!$CL$11:$CL$79,'PLAN OPERATIVO'!$B$11:$B$79,DEDICACIÓN!$B28,'PLAN OPERATIVO'!$D$11:$D$79,DEDICACIÓN!G$10) -> 81 | H28: =ROUND(G28/$Y$3,2) -> 3.38 | I28: =SUMIFS('PLAN OPERATIVO'!$CL$11:$CL$79,'PLAN OPERATIVO'!$B$11:$B$79,DEDICACIÓN!$B28,'PLAN OPERATIVO'!$D$11:$D$79,DEDICACIÓN!I$10) -> 0 | J28: =ROUND(I28/$Y$3,2) -> 0 | K28: =SUMIFS('PLAN OPERATIVO'!$CL$11:$CL$79,'PLAN OPERATIVO'!$B$11:$B$79,DEDICACIÓN!$B28,'PLAN OPERATIVO'!$D$11:$D$79,DEDICACIÓN!K$10) -> 0 | L28: =ROUND(K28/$Y$3,2) -> 0 | M28: =SUMIFS('PLAN OPERATIVO'!$CL$11:$CL$79,'PLAN OPERATIVO'!$B$11:$B$79,DEDICACIÓN!$B28,'PLAN OPERATIVO'!$D$11:$D$79,DEDICACIÓN!M$10) -> 0 | N28: =ROUND(M28/$Y$3,2) -> 0 | O28: =SUMIFS('PLAN OPERATIVO'!$CL$11:$CL$79,'PLAN OPERATIVO'!$B$11:$B$79,DEDICACIÓN!$B28,'PLAN OPERATIVO'!$D$11:$D$79,DEDICACIÓN!O$10) -> 0 | P28: =ROUND(O28/$Y$3,2) -> 0 | Q28: =SUMIFS('PLAN OPERATIVO'!$CL$11:$CL$79,'PLAN OPERATIVO'!$B$11:$B$79,DEDICACIÓN!$B28,'PLAN OPERATIVO'!$D$11:$D$79,DEDICACIÓN!Q$10) -> 0 | R28: =ROUND(Q28/$Y$3,2) -> 0 | S28: =SUMIFS('PLAN OPERATIVO'!$CL$11:$CL$79,'PLAN OPERATIVO'!$B$11:$B$79,DEDICACIÓN!$B28,'PLAN OPERATIVO'!$D$11:$D$79,DEDICACIÓN!S$10) -> 0 | T28: =ROUND(S28/$Y$3,2) -> 0 | U28: =SUMIFS('PLAN OPERATIVO'!$CL$11:$CL$79,'PLAN OPERATIVO'!$B$11:$B$79,DEDICACIÓN!$B28,'PLAN OPERATIVO'!$D$11:$D$79,DEDICACIÓN!U$10) -> 0 | V28: =ROUND(U28/$Y$3,2) -> 0 | W28: =SUMIFS('PLAN OPERATIVO'!$CL$11:$CL$79,'PLAN OPERATIVO'!$B$11:$B$79,DEDICACIÓN!$B28,'PLAN OPERATIVO'!$D$11:$D$79,DEDICACIÓN!W$10) -> 0 | X28: =ROUND(W28/$Y$3,2) -> 0 | Y28: =SUMIFS('PLAN OPERATIVO'!$CL$11:$CL$79,'PLAN OPERATIVO'!$B$11:$B$79,DEDICACIÓN!$B28,'PLAN OPERATIVO'!$D$11:$D$79,DEDICACIÓN!Y$10) -> 0 | Z28: =ROUND(Y28/$Y$3,2) -> 0 | AA28: =SUMIFS('PLAN OPERATIVO'!$CL$11:$CL$79,'PLAN OPERATIVO'!$B$11:$B$79,DEDICACIÓN!$B28,'PLAN OPERATIVO'!$D$11:$D$79,DEDICACIÓN!AA$10) -> 0 | AB28: =ROUND(AA28/$Y$3,2) -> 0 | AC28: =SUMIFS('PLAN OPERATIVO'!$CL$11:$CL$79,'PLAN OPERATIVO'!$B$11:$B$79,DEDICACIÓN!$B28,'PLAN OPERATIVO'!$D$11:$D$79,DEDICACIÓN!AC$10) -> 0 | AD28: =ROUND(AC28/$Y$3,2) -> 0 | AE28: =SUMIFS('PLAN OPERATIVO'!$CL$11:$CL$79,'PLAN OPERATIVO'!$B$11:$B$79,DEDICACIÓN!$B28,'PLAN OPERATIVO'!$D$11:$D$79,DEDICACIÓN!AE$10) -> 0 | AF28: =ROUND(AE28/$Y$3,2) -> 0 | AG28: =SUMIFS('PLAN OPERATIVO'!$CL$11:$CL$79,'PLAN OPERATIVO'!$B$11:$B$79,DEDICACIÓN!$B28,'PLAN OPERATIVO'!$D$11:$D$79,DEDICACIÓN!AG$10) -> 0 | AH28: =ROUND(AG28/$Y$3,2) -> 0 | AJ28: =AI28*$Y$2 -> 0 | AK28: =AJ28/$Y$3 -> 0 | AL28: =AK28*$Y$4 -> 0 | AN28: =AM28*$Y$2 -> 0 | AO28: =AN28/$Y$3 -> 0 | AP28: =AO28*$Y$4 -> 0 | AR28: =AQ28*$Y$2 -> 0 | AS28: =AR28/$Y$3 -> 0 | AT28: =AS28*$Y$4 -> 0 | AV28: =AU28*$Y$2 -> 0 | AW28: =AV28/$Y$3 -> 0 | AX28: =AW28*$Y$4 -> 0 | AZ28: =AY28*$Y$2 -> 0 | BA28: =AZ28/$Y$3 -> 0 | BB28: =BA28*$Y$4 -> 0 | BD28: =BC28*$Y$2 -> 0 | BE28: =BD28/$Y$3 -> 0 | BF28: =BE28*$Y$4 -> 0 | BH28: =BG28*$Y$2 -> 0 | BI28: =BH28/$Y$3 -> 0 | BJ28: =BI28*$Y$4 -> 0 | BL28: =BK28*$Y$2 -> 0 | BM28: =BL28/$Y$3 -> 0 | BN28: =BM28*$Y$4 -> 0 | BP28: =BO28*$Y$2 -> 0 | BQ28: =BP28/$Y$3 -> 0 | BR28: =BQ28*$Y$4 -> 0
B29: ='PLAN OPERATIVO'!B28 -> Elaboración de los informes mensuales de cumplimiento de obligaciones asignadas y ejecución de productos del proyecto. | C29: =SUMIFS('PLAN OPERATIVO'!$CL$11:$CL$79,'PLAN OPERATIVO'!$B$11:$B$79,DEDICACIÓN!$B29,'PLAN OPERATIVO'!$D$11:$D$79,DEDICACIÓN!C$10) -> 0 | D29: =ROUND(C29/$Y$3,2) -> 0 | E29: =SUMIFS('PLAN OPERATIVO'!$CL$11:$CL$79,'PLAN OPERATIVO'!$B$11:$B$79,DEDICACIÓN!$B29,'PLAN OPERATIVO'!$D$11:$D$79,DEDICACIÓN!E$10) -> 0 | F29: =ROUND(E29/$Y$3,2) -> 0 | G29: =SUMIFS('PLAN OPERATIVO'!$CL$11:$CL$79,'PLAN OPERATIVO'!$B$11:$B$79,DEDICACIÓN!$B29,'PLAN OPERATIVO'!$D$11:$D$79,DEDICACIÓN!G$10) -> 20.2 | H29: =ROUND(G29/$Y$3,2) -> 0.84 | I29: =SUMIFS('PLAN OPERATIVO'!$CL$11:$CL$79,'PLAN OPERATIVO'!$B$11:$B$79,DEDICACIÓN!$B29,'PLAN OPERATIVO'!$D$11:$D$79,DEDICACIÓN!I$10) -> 0 | J29: =ROUND(I29/$Y$3,2) -> 0 | K29: =SUMIFS('PLAN OPERATIVO'!$CL$11:$CL$79,'PLAN OPERATIVO'!$B$11:$B$79,DEDICACIÓN!$B29,'PLAN OPERATIVO'!$D$11:$D$79,DEDICACIÓN!K$10) -> 0 | L29: =ROUND(K29/$Y$3,2) -> 0 | M29: =SUMIFS('PLAN OPERATIVO'!$CL$11:$CL$79,'PLAN OPERATIVO'!$B$11:$B$79,DEDICACIÓN!$B29,'PLAN OPERATIVO'!$D$11:$D$79,DEDICACIÓN!M$10) -> 0 | N29: =ROUND(M29/$Y$3,2) -> 0 | O29: =SUMIFS('PLAN OPERATIVO'!$CL$11:$CL$79,'PLAN OPERATIVO'!$B$11:$B$79,DEDICACIÓN!$B29,'PLAN OPERATIVO'!$D$11:$D$79,DEDICACIÓN!O$10) -> 0 | P29: =ROUND(O29/$Y$3,2) -> 0 | Q29: =SUMIFS('PLAN OPERATIVO'!$CL$11:$CL$79,'PLAN OPERATIVO'!$B$11:$B$79,DEDICACIÓN!$B29,'PLAN OPERATIVO'!$D$11:$D$79,DEDICACIÓN!Q$10) -> 0 | R29: =ROUND(Q29/$Y$3,2) -> 0 | S29: =SUMIFS('PLAN OPERATIVO'!$CL$11:$CL$79,'PLAN OPERATIVO'!$B$11:$B$79,DEDICACIÓN!$B29,'PLAN OPERATIVO'!$D$11:$D$79,DEDICACIÓN!S$10) -> 0 | T29: =ROUND(S29/$Y$3,2) -> 0 | U29: =SUMIFS('PLAN OPERATIVO'!$CL$11:$CL$79,'PLAN OPERATIVO'!$B$11:$B$79,DEDICACIÓN!$B29,'PLAN OPERATIVO'!$D$11:$D$79,DEDICACIÓN!U$10) -> 0 | V29: =ROUND(U29/$Y$3,2) -> 0 | W29: =SUMIFS('PLAN OPERATIVO'!$CL$11:$CL$79,'PLAN OPERATIVO'!$B$11:$B$79,DEDICACIÓN!$B29,'PLAN OPERATIVO'!$D$11:$D$79,DEDICACIÓN!W$10) -> 0 | X29: =ROUND(W29/$Y$3,2) -> 0 | Y29: =SUMIFS('PLAN OPERATIVO'!$CL$11:$CL$79,'PLAN OPERATIVO'!$B$11:$B$79,DEDICACIÓN!$B29,'PLAN OPERATIVO'!$D$11:$D$79,DEDICACIÓN!Y$10) -> 0 | Z29: =ROUND(Y29/$Y$3,2) -> 0 | AA29: =SUMIFS('PLAN OPERATIVO'!$CL$11:$CL$79,'PLAN OPERATIVO'!$B$11:$B$79,DEDICACIÓN!$B29,'PLAN OPERATIVO'!$D$11:$D$79,DEDICACIÓN!AA$10) -> 0 | AB29: =ROUND(AA29/$Y$3,2) -> 0 | AC29: =SUMIFS('PLAN OPERATIVO'!$CL$11:$CL$79,'PLAN OPERATIVO'!$B$11:$B$79,DEDICACIÓN!$B29,'PLAN OPERATIVO'!$D$11:$D$79,DEDICACIÓN!AC$10) -> 0 | AD29: =ROUND(AC29/$Y$3,2) -> 0 | AE29: =SUMIFS('PLAN OPERATIVO'!$CL$11:$CL$79,'PLAN OPERATIVO'!$B$11:$B$79,DEDICACIÓN!$B29,'PLAN OPERATIVO'!$D$11:$D$79,DEDICACIÓN!AE$10) -> 0 | AF29: =ROUND(AE29/$Y$3,2) -> 0 | AG29: =SUMIFS('PLAN OPERATIVO'!$CL$11:$CL$79,'PLAN OPERATIVO'!$B$11:$B$79,DEDICACIÓN!$B29,'PLAN OPERATIVO'!$D$11:$D$79,DEDICACIÓN!AG$10) -> 0 | AH29: =ROUND(AG29/$Y$3,2) -> 0 | AJ29: =AI29*$Y$2 -> 0 | AK29: =AJ29/$Y$3 -> 0 | AL29: =AK29*$Y$4 -> 0 | AN29: =AM29*$Y$2 -> 0 | AO29: =AN29/$Y$3 -> 0 | AP29: =AO29*$Y$4 -> 0 | AR29: =AQ29*$Y$2 -> 0 | AS29: =AR29/$Y$3 -> 0 | AT29: =AS29*$Y$4 -> 0 | AV29: =AU29*$Y$2 -> 0 | AW29: =AV29/$Y$3 -> 0 | AX29: =AW29*$Y$4 -> 0 | AZ29: =AY29*$Y$2 -> 0 | BA29: =AZ29/$Y$3 -> 0 | BB29: =BA29*$Y$4 -> 0 | BD29: =BC29*$Y$2 -> 0 | BE29: =BD29/$Y$3 -> 0 | BF29: =BE29*$Y$4 -> 0 | BH29: =BG29*$Y$2 -> 0 | BI29: =BH29/$Y$3 -> 0 | BJ29: =BI29*$Y$4 -> 0 | BL29: =BK29*$Y$2 -> 0 | BM29: =BL29/$Y$3 -> 0 | BN29: =BM29*$Y$4 -> 0 | BP29: =BO29*$Y$2 -> 0 | BQ29: =BP29/$Y$3 -> 0 | BR29: =BQ29*$Y$4 -> 0
B30: ='PLAN OPERATIVO'!B29 -> Coordinación y apoyo en las labores de campo, en el establecimiento y mantenimiento de las actividades de restauración/rehabilitación ecológica de las estrategias a implementar. | C30: =SUMIFS('PLAN OPERATIVO'!$CL$11:$CL$79,'PLAN OPERATIVO'!$B$11:$B$79,DEDICACIÓN!$B30,'PLAN OPERATIVO'!$D$11:$D$79,DEDICACIÓN!C$10) -> 0 | D30: =ROUND(C30/$Y$3,2) -> 0 | E30: =SUMIFS('PLAN OPERATIVO'!$CL$11:$CL$79,'PLAN OPERATIVO'!$B$11:$B$79,DEDICACIÓN!$B30,'PLAN OPERATIVO'!$D$11:$D$79,DEDICACIÓN!E$10) -> 0 | F30: =ROUND(E30/$Y$3,2) -> 0 | G30: =SUMIFS('PLAN OPERATIVO'!$CL$11:$CL$79,'PLAN OPERATIVO'!$B$11:$B$79,DEDICACIÓN!$B30,'PLAN OPERATIVO'!$D$11:$D$79,DEDICACIÓN!G$10) -> 0 | H30: =ROUND(G30/$Y$3,2) -> 0 | I30: =SUMIFS('PLAN OPERATIVO'!$CL$11:$CL$79,'PLAN OPERATIVO'!$B$11:$B$79,DEDICACIÓN!$B30,'PLAN OPERATIVO'!$D$11:$D$79,DEDICACIÓN!I$10) -> 176.3 | J30: =ROUND(I30/$Y$3,2) -> 7.35 | K30: =SUMIFS('PLAN OPERATIVO'!$CL$11:$CL$79,'PLAN OPERATIVO'!$B$11:$B$79,DEDICACIÓN!$B30,'PLAN OPERATIVO'!$D$11:$D$79,DEDICACIÓN!K$10) -> 0 | L30: =ROUND(K30/$Y$3,2) -> 0 | M30: =SUMIFS('PLAN OPERATIVO'!$CL$11:$CL$79,'PLAN OPERATIVO'!$B$11:$B$79,DEDICACIÓN!$B30,'PLAN OPERATIVO'!$D$11:$D$79,DEDICACIÓN!M$10) -> 0 | N30: =ROUND(M30/$Y$3,2) -> 0 | O30: =SUMIFS('PLAN OPERATIVO'!$CL$11:$CL$79,'PLAN OPERATIVO'!$B$11:$B$79,DEDICACIÓN!$B30,'PLAN OPERATIVO'!$D$11:$D$79,DEDICACIÓN!O$10) -> 0 | P30: =ROUND(O30/$Y$3,2) -> 0 | Q30: =SUMIFS('PLAN OPERATIVO'!$CL$11:$CL$79,'PLAN OPERATIVO'!$B$11:$B$79,DEDICACIÓN!$B30,'PLAN OPERATIVO'!$D$11:$D$79,DEDICACIÓN!Q$10) -> 0 | R30: =ROUND(Q30/$Y$3,2) -> 0 | S30: =SUMIFS('PLAN OPERATIVO'!$CL$11:$CL$79,'PLAN OPERATIVO'!$B$11:$B$79,DEDICACIÓN!$B30,'PLAN OPERATIVO'!$D$11:$D$79,DEDICACIÓN!S$10) -> 0 | T30: =ROUND(S30/$Y$3,2) -> 0 | U30: =SUMIFS('PLAN OPERATIVO'!$CL$11:$CL$79,'PLAN OPERATIVO'!$B$11:$B$79,DEDICACIÓN!$B30,'PLAN OPERATIVO'!$D$11:$D$79,DEDICACIÓN!U$10) -> 0 | V30: =ROUND(U30/$Y$3,2) -> 0 | W30: =SUMIFS('PLAN OPERATIVO'!$CL$11:$CL$79,'PLAN OPERATIVO'!$B$11:$B$79,DEDICACIÓN!$B30,'PLAN OPERATIVO'!$D$11:$D$79,DEDICACIÓN!W$10) -> 0 | X30: =ROUND(W30/$Y$3,2) -> 0 | Y30: =SUMIFS('PLAN OPERATIVO'!$CL$11:$CL$79,'PLAN OPERATIVO'!$B$11:$B$79,DEDICACIÓN!$B30,'PLAN OPERATIVO'!$D$11:$D$79,DEDICACIÓN!Y$10) -> 0 | Z30: =ROUND(Y30/$Y$3,2) -> 0 | AA30: =SUMIFS('PLAN OPERATIVO'!$CL$11:$CL$79,'PLAN OPERATIVO'!$B$11:$B$79,DEDICACIÓN!$B30,'PLAN OPERATIVO'!$D$11:$D$79,DEDICACIÓN!AA$10) -> 0 | AB30: =ROUND(AA30/$Y$3,2) -> 0 | AC30: =SUMIFS('PLAN OPERATIVO'!$CL$11:$CL$79,'PLAN OPERATIVO'!$B$11:$B$79,DEDICACIÓN!$B30,'PLAN OPERATIVO'!$D$11:$D$79,DEDICACIÓN!AC$10) -> 0 | AD30: =ROUND(AC30/$Y$3,2) -> 0 | AE30: =SUMIFS('PLAN OPERATIVO'!$CL$11:$CL$79,'PLAN OPERATIVO'!$B$11:$B$79,DEDICACIÓN!$B30,'PLAN OPERATIVO'!$D$11:$D$79,DEDICACIÓN!AE$10) -> 0 | AF30: =ROUND(AE30/$Y$3,2) -> 0 | AG30: =SUMIFS('PLAN OPERATIVO'!$CL$11:$CL$79,'PLAN OPERATIVO'!$B$11:$B$79,DEDICACIÓN!$B30,'PLAN OPERATIVO'!$D$11:$D$79,DEDICACIÓN!AG$10) -> 0 | AH30: =ROUND(AG30/$Y$3,2) -> 0 | AJ30: =AI30*$Y$2 -> 0 | AK30: =AJ30/$Y$3 -> 0 | AL30: =AK30*$Y$4 -> 0 | AN30: =AM30*$Y$2 -> 0 | AO30: =AN30/$Y$3 -> 0 | AP30: =AO30*$Y$4 -> 0 | AR30: =AQ30*$Y$2 -> 0 | AS30: =AR30/$Y$3 -> 0 | AT30: =AS30*$Y$4 -> 0 | AV30: =AU30*$Y$2 -> 0 | AW30: =AV30/$Y$3 -> 0 | AX30: =AW30*$Y$4 -> 0 | AZ30: =AY30*$Y$2 -> 0 | BA30: =AZ30/$Y$3 -> 0 | BB30: =BA30*$Y$4 -> 0 | BD30: =BC30*$Y$2 -> 0 | BE30: =BD30/$Y$3 -> 0 | BF30: =BE30*$Y$4 -> 0 | BH30: =BG30*$Y$2 -> 0 | BI30: =BH30/$Y$3 -> 0 | BJ30: =BI30*$Y$4 -> 0 | BL30: =BK30*$Y$2 -> 0 | BM30: =BL30/$Y$3 -> 0 | BN30: =BM30*$Y$4 -> 0 | BP30: =BO30*$Y$2 -> 0 | BQ30: =BP30/$Y$3 -> 0 | BR30: =BQ30*$Y$4 -> 0
B31: ='PLAN OPERATIVO'!B30 -> Apoyo en el establecimiento de los sistemas silvopastoriles y de las estrategias a implementar en los procesos de reconversión productiva. | C31: =SUMIFS('PLAN OPERATIVO'!$CL$11:$CL$79,'PLAN OPERATIVO'!$B$11:$B$79,DEDICACIÓN!$B31,'PLAN OPERATIVO'!$D$11:$D$79,DEDICACIÓN!C$10) -> 0 | D31: =ROUND(C31/$Y$3,2) -> 0 | E31: =SUMIFS('PLAN OPERATIVO'!$CL$11:$CL$79,'PLAN OPERATIVO'!$B$11:$B$79,DEDICACIÓN!$B31,'PLAN OPERATIVO'!$D$11:$D$79,DEDICACIÓN!E$10) -> 0 | F31: =ROUND(E31/$Y$3,2) -> 0 | G31: =SUMIFS('PLAN OPERATIVO'!$CL$11:$CL$79,'PLAN OPERATIVO'!$B$11:$B$79,DEDICACIÓN!$B31,'PLAN OPERATIVO'!$D$11:$D$79,DEDICACIÓN!G$10) -> 0 | H31: =ROUND(G31/$Y$3,2) -> 0 | I31: =SUMIFS('PLAN OPERATIVO'!$CL$11:$CL$79,'PLAN OPERATIVO'!$B$11:$B$79,DEDICACIÓN!$B31,'PLAN OPERATIVO'!$D$11:$D$79,DEDICACIÓN!I$10) -> 32 | J31: =ROUND(I31/$Y$3,2) -> 1.33 | K31: =SUMIFS('PLAN OPERATIVO'!$CL$11:$CL$79,'PLAN OPERATIVO'!$B$11:$B$79,DEDICACIÓN!$B31,'PLAN OPERATIVO'!$D$11:$D$79,DEDICACIÓN!K$10) -> 0 | L31: =ROUND(K31/$Y$3,2) -> 0 | M31: =SUMIFS('PLAN OPERATIVO'!$CL$11:$CL$79,'PLAN OPERATIVO'!$B$11:$B$79,DEDICACIÓN!$B31,'PLAN OPERATIVO'!$D$11:$D$79,DEDICACIÓN!M$10) -> 0 | N31: =ROUND(M31/$Y$3,2) -> 0 | O31: =SUMIFS('PLAN OPERATIVO'!$CL$11:$CL$79,'PLAN OPERATIVO'!$B$11:$B$79,DEDICACIÓN!$B31,'PLAN OPERATIVO'!$D$11:$D$79,DEDICACIÓN!O$10) -> 0 | P31: =ROUND(O31/$Y$3,2) -> 0 | Q31: =SUMIFS('PLAN OPERATIVO'!$CL$11:$CL$79,'PLAN OPERATIVO'!$B$11:$B$79,DEDICACIÓN!$B31,'PLAN OPERATIVO'!$D$11:$D$79,DEDICACIÓN!Q$10) -> 0 | R31: =ROUND(Q31/$Y$3,2) -> 0 | S31: =SUMIFS('PLAN OPERATIVO'!$CL$11:$CL$79,'PLAN OPERATIVO'!$B$11:$B$79,DEDICACIÓN!$B31,'PLAN OPERATIVO'!$D$11:$D$79,DEDICACIÓN!S$10) -> 0 | T31: =ROUND(S31/$Y$3,2) -> 0 | U31: =SUMIFS('PLAN OPERATIVO'!$CL$11:$CL$79,'PLAN OPERATIVO'!$B$11:$B$79,DEDICACIÓN!$B31,'PLAN OPERATIVO'!$D$11:$D$79,DEDICACIÓN!U$10) -> 0 | V31: =ROUND(U31/$Y$3,2) -> 0 | W31: =SUMIFS('PLAN OPERATIVO'!$CL$11:$CL$79,'PLAN OPERATIVO'!$B$11:$B$79,DEDICACIÓN!$B31,'PLAN OPERATIVO'!$D$11:$D$79,DEDICACIÓN!W$10) -> 0 | X31: =ROUND(W31/$Y$3,2) -> 0 | Y31: =SUMIFS('PLAN OPERATIVO'!$CL$11:$CL$79,'PLAN OPERATIVO'!$B$11:$B$79,DEDICACIÓN!$B31,'PLAN OPERATIVO'!$D$11:$D$79,DEDICACIÓN!Y$10) -> 0 | Z31: =ROUND(Y31/$Y$3,2) -> 0 | AA31: =SUMIFS('PLAN OPERATIVO'!$CL$11:$CL$79,'PLAN OPERATIVO'!$B$11:$B$79,DEDICACIÓN!$B31,'PLAN OPERATIVO'!$D$11:$D$79,DEDICACIÓN!AA$10) -> 0 | AB31: =ROUND(AA31/$Y$3,2) -> 0 | AC31: =SUMIFS('PLAN OPERATIVO'!$CL$11:$CL$79,'PLAN OPERATIVO'!$B$11:$B$79,DEDICACIÓN!$B31,'PLAN OPERATIVO'!$D$11:$D$79,DEDICACIÓN!AC$10) -> 0 | AD31: =ROUND(AC31/$Y$3,2) -> 0 | AE31: =SUMIFS('PLAN OPERATIVO'!$CL$11:$CL$79,'PLAN OPERATIVO'!$B$11:$B$79,DEDICACIÓN!$B31,'PLAN OPERATIVO'!$D$11:$D$79,DEDICACIÓN!AE$10) -> 0 | AF31: =ROUND(AE31/$Y$3,2) -> 0 | AG31: =SUMIFS('PLAN OPERATIVO'!$CL$11:$CL$79,'PLAN OPERATIVO'!$B$11:$B$79,DEDICACIÓN!$B31,'PLAN OPERATIVO'!$D$11:$D$79,DEDICACIÓN!AG$10) -> 0 | AH31: =ROUND(AG31/$Y$3,2) -> 0
B32: ='PLAN OPERATIVO'!B31 -> Elaboración de los informes periódicos de cumplimiento de obligaciones asignadas y ejecución de productos del proyecto. | C32: =SUMIFS('PLAN OPERATIVO'!$CL$11:$CL$79,'PLAN OPERATIVO'!$B$11:$B$79,DEDICACIÓN!$B32,'PLAN OPERATIVO'!$D$11:$D$79,DEDICACIÓN!C$10) -> 0 | D32: =ROUND(C32/$Y$3,2) -> 0 | E32: =SUMIFS('PLAN OPERATIVO'!$CL$11:$CL$79,'PLAN OPERATIVO'!$B$11:$B$79,DEDICACIÓN!$B32,'PLAN OPERATIVO'!$D$11:$D$79,DEDICACIÓN!E$10) -> 0 | F32: =ROUND(E32/$Y$3,2) -> 0 | G32: =SUMIFS('PLAN OPERATIVO'!$CL$11:$CL$79,'PLAN OPERATIVO'!$B$11:$B$79,DEDICACIÓN!$B32,'PLAN OPERATIVO'!$D$11:$D$79,DEDICACIÓN!G$10) -> 0 | H32: =ROUND(G32/$Y$3,2) -> 0 | I32: =SUMIFS('PLAN OPERATIVO'!$CL$11:$CL$79,'PLAN OPERATIVO'!$B$11:$B$79,DEDICACIÓN!$B32,'PLAN OPERATIVO'!$D$11:$D$79,DEDICACIÓN!I$10) -> 27.2 | J32: =ROUND(I32/$Y$3,2) -> 1.13 | K32: =SUMIFS('PLAN OPERATIVO'!$CL$11:$CL$79,'PLAN OPERATIVO'!$B$11:$B$79,DEDICACIÓN!$B32,'PLAN OPERATIVO'!$D$11:$D$79,DEDICACIÓN!K$10) -> 0 | L32: =ROUND(K32/$Y$3,2) -> 0 | M32: =SUMIFS('PLAN OPERATIVO'!$CL$11:$CL$79,'PLAN OPERATIVO'!$B$11:$B$79,DEDICACIÓN!$B32,'PLAN OPERATIVO'!$D$11:$D$79,DEDICACIÓN!M$10) -> 0 | N32: =ROUND(M32/$Y$3,2) -> 0 | O32: =SUMIFS('PLAN OPERATIVO'!$CL$11:$CL$79,'PLAN OPERATIVO'!$B$11:$B$79,DEDICACIÓN!$B32,'PLAN OPERATIVO'!$D$11:$D$79,DEDICACIÓN!O$10) -> 0 | P32: =ROUND(O32/$Y$3,2) -> 0 | Q32: =SUMIFS('PLAN OPERATIVO'!$CL$11:$CL$79,'PLAN OPERATIVO'!$B$11:$B$79,DEDICACIÓN!$B32,'PLAN OPERATIVO'!$D$11:$D$79,DEDICACIÓN!Q$10) -> 0 | R32: =ROUND(Q32/$Y$3,2) -> 0 | S32: =SUMIFS('PLAN OPERATIVO'!$CL$11:$CL$79,'PLAN OPERATIVO'!$B$11:$B$79,DEDICACIÓN!$B32,'PLAN OPERATIVO'!$D$11:$D$79,DEDICACIÓN!S$10) -> 0 | T32: =ROUND(S32/$Y$3,2) -> 0 | U32: =SUMIFS('PLAN OPERATIVO'!$CL$11:$CL$79,'PLAN OPERATIVO'!$B$11:$B$79,DEDICACIÓN!$B32,'PLAN OPERATIVO'!$D$11:$D$79,DEDICACIÓN!U$10) -> 0 | V32: =ROUND(U32/$Y$3,2) -> 0 | W32: =SUMIFS('PLAN OPERATIVO'!$CL$11:$CL$79,'PLAN OPERATIVO'!$B$11:$B$79,DEDICACIÓN!$B32,'PLAN OPERATIVO'!$D$11:$D$79,DEDICACIÓN!W$10) -> 0 | X32: =ROUND(W32/$Y$3,2) -> 0 | Y32: =SUMIFS('PLAN OPERATIVO'!$CL$11:$CL$79,'PLAN OPERATIVO'!$B$11:$B$79,DEDICACIÓN!$B32,'PLAN OPERATIVO'!$D$11:$D$79,DEDICACIÓN!Y$10) -> 0 | Z32: =ROUND(Y32/$Y$3,2) -> 0 | AA32: =SUMIFS('PLAN OPERATIVO'!$CL$11:$CL$79,'PLAN OPERATIVO'!$B$11:$B$79,DEDICACIÓN!$B32,'PLAN OPERATIVO'!$D$11:$D$79,DEDICACIÓN!AA$10) -> 0 | AB32: =ROUND(AA32/$Y$3,2) -> 0 | AC32: =SUMIFS('PLAN OPERATIVO'!$CL$11:$CL$79,'PLAN OPERATIVO'!$B$11:$B$79,DEDICACIÓN!$B32,'PLAN OPERATIVO'!$D$11:$D$79,DEDICACIÓN!AC$10) -> 0 | AD32: =ROUND(AC32/$Y$3,2) -> 0 | AE32: =SUMIFS('PLAN OPERATIVO'!$CL$11:$CL$79,'PLAN OPERATIVO'!$B$11:$B$79,DEDICACIÓN!$B32,'PLAN OPERATIVO'!$D$11:$D$79,DEDICACIÓN!AE$10) -> 0 | AF32: =ROUND(AE32/$Y$3,2) -> 0 | AG32: =SUMIFS('PLAN OPERATIVO'!$CL$11:$CL$79,'PLAN OPERATIVO'!$B$11:$B$79,DEDICACIÓN!$B32,'PLAN OPERATIVO'!$D$11:$D$79,DEDICACIÓN!AG$10) -> 0 | AH32: =ROUND(AG32/$Y$3,2) -> 0 | AI32: =SUMIFS('PLAN OPERATIVO'!$CL$11:$CL$79,'PLAN OPERATIVO'!$B$11:$B$79,DEDICACIÓN!$B32,'PLAN OPERATIVO'!$D$11:$D$79,DEDICACIÓN!AI$10) -> 0 | AJ32: =ROUND(AI32/$Y$3,2) -> 0 | AK32: =SUMIFS('PLAN OPERATIVO'!$CL$11:$CL$79,'PLAN OPERATIVO'!$B$11:$B$79,DEDICACIÓN!$B32,'PLAN OPERATIVO'!$D$11:$D$79,DEDICACIÓN!AK$10) -> 0 | AL32: =ROUND(AK32/$Y$3,2) -> 0 | AM32: =SUMIFS('PLAN OPERATIVO'!$CL$11:$CL$79,'PLAN OPERATIVO'!$B$11:$B$79,DEDICACIÓN!$B32,'PLAN OPERATIVO'!$D$11:$D$79,DEDICACIÓN!AM$10) -> 0 | AN32: =ROUND(AM32/$Y$3,2) -> 0 | AO32: =SUMIFS('PLAN OPERATIVO'!$CL$11:$CL$79,'PLAN OPERATIVO'!$B$11:$B$79,DEDICACIÓN!$B32,'PLAN OPERATIVO'!$D$11:$D$79,DEDICACIÓN!AO$10) -> 0 | AP32: =ROUND(AO32/$Y$3,2) -> 0 | AQ32: =SUMIFS('PLAN OPERATIVO'!$CL$11:$CL$79,'PLAN OPERATIVO'!$B$11:$B$79,DEDICACIÓN!$B32,'PLAN OPERATIVO'!$D$11:$D$79,DEDICACIÓN!AQ$10) -> 0 | AR32: =ROUND(AQ32/$Y$3,2) -> 0 | AS32: =SUMIFS('PLAN OPERATIVO'!$CL$11:$CL$79,'PLAN OPERATIVO'!$B$11:$B$79,DEDICACIÓN!$B32,'PLAN OPERATIVO'!$D$11:$D$79,DEDICACIÓN!AS$10) -> 0 | AT32: =ROUND(AS32/$Y$3,2) -> 0 | AU32: =SUMIFS('PLAN OPERATIVO'!$CL$11:$CL$79,'PLAN OPERATIVO'!$B$11:$B$79,DEDICACIÓN!$B32,'PLAN OPERATIVO'!$D$11:$D$79,DEDICACIÓN!AU$10) -> 0 | AV32: =ROUND(AU32/$Y$3,2) -> 0 | AW32: =SUMIFS('PLAN OPERATIVO'!$CL$11:$CL$79,'PLAN OPERATIVO'!$B$11:$B$79,DEDICACIÓN!$B32,'PLAN OPERATIVO'!$D$11:$D$79,DEDICACIÓN!AW$10) -> 0 | AX32: =ROUND(AW32/$Y$3,2) -> 0 | AY32: =SUMIFS('PLAN OPERATIVO'!$CL$11:$CL$79,'PLAN OPERATIVO'!$B$11:$B$79,DEDICACIÓN!$B32,'PLAN OPERATIVO'!$D$11:$D$79,DEDICACIÓN!AY$10) -> 0 | AZ32: =ROUND(AY32/$Y$3,2) -> 0 | BA32: =SUMIFS('PLAN OPERATIVO'!$CL$11:$CL$79,'PLAN OPERATIVO'!$B$11:$B$79,DEDICACIÓN!$B32,'PLAN OPERATIVO'!$D$11:$D$79,DEDICACIÓN!BA$10) -> 0 | BB32: =ROUND(BA32/$Y$3,2) -> 0 | BC32: =SUMIFS('PLAN OPERATIVO'!$CL$11:$CL$79,'PLAN OPERATIVO'!$B$11:$B$79,DEDICACIÓN!$B32,'PLAN OPERATIVO'!$D$11:$D$79,DEDICACIÓN!BC$10) -> 0 | BD32: =ROUND(BC32/$Y$3,2) -> 0 | BE32: =SUMIFS('PLAN OPERATIVO'!$CL$11:$CL$79,'PLAN OPERATIVO'!$B$11:$B$79,DEDICACIÓN!$B32,'PLAN OPERATIVO'!$D$11:$D$79,DEDICACIÓN!BE$10) -> 0 | BF32: =ROUND(BE32/$Y$3,2) -> 0 | BG32: =SUMIFS('PLAN OPERATIVO'!$CL$11:$CL$79,'PLAN OPERATIVO'!$B$11:$B$79,DEDICACIÓN!$B32,'PLAN OPERATIVO'!$D$11:$D$79,DEDICACIÓN!BG$10) -> 0 | BH32: =ROUND(BG32/$Y$3,2) -> 0 | BI32: =SUMIFS('PLAN OPERATIVO'!$CL$11:$CL$79,'PLAN OPERATIVO'!$B$11:$B$79,DEDICACIÓN!$B32,'PLAN OPERATIVO'!$D$11:$D$79,DEDICACIÓN!BI$10) -> 0 | BJ32: =ROUND(BI32/$Y$3,2) -> 0 | BK32: =SUMIFS('PLAN OPERATIVO'!$CL$11:$CL$79,'PLAN OPERATIVO'!$B$11:$B$79,DEDICACIÓN!$B32,'PLAN OPERATIVO'!$D$11:$D$79,DEDICACIÓN!BK$10) -> 0 | BL32: =ROUND(BK32/$Y$3,2) -> 0 | BM32: =SUMIFS('PLAN OPERATIVO'!$CL$11:$CL$79,'PLAN OPERATIVO'!$B$11:$B$79,DEDICACIÓN!$B32,'PLAN OPERATIVO'!$D$11:$D$79,DEDICACIÓN!BM$10) -> 0 | BN32: =ROUND(BM32/$Y$3,2) -> 0 | BO32: =SUMIFS('PLAN OPERATIVO'!$CL$11:$CL$79,'PLAN OPERATIVO'!$B$11:$B$79,DEDICACIÓN!$B32,'PLAN OPERATIVO'!$D$11:$D$79,DEDICACIÓN!BO$10) -> 0 | BP32: =ROUND(BO32/$Y$3,2) -> 0 | BQ32: =SUMIFS('PLAN OPERATIVO'!$CL$11:$CL$79,'PLAN OPERATIVO'!$B$11:$B$79,DEDICACIÓN!$B32,'PLAN OPERATIVO'!$D$11:$D$79,DEDICACIÓN!BQ$10) -> 0 | BR32: =ROUND(BQ32/$Y$3,2) -> 0
B33: ='PLAN OPERATIVO'!B32 -> Participar con el coordinador y el resto del equipo técnico del proyecto la elaboración del cronograma y metodologías de trabajo. | C33: =SUMIFS('PLAN OPERATIVO'!$CL$11:$CL$79,'PLAN OPERATIVO'!$B$11:$B$79,DEDICACIÓN!$B33,'PLAN OPERATIVO'!$D$11:$D$79,DEDICACIÓN!C$10) -> 0 | D33: =ROUND(C33/$Y$3,2) -> 0 | E33: =SUMIFS('PLAN OPERATIVO'!$CL$11:$CL$79,'PLAN OPERATIVO'!$B$11:$B$79,DEDICACIÓN!$B33,'PLAN OPERATIVO'!$D$11:$D$79,DEDICACIÓN!E$10) -> 0 | F33: =ROUND(E33/$Y$3,2) -> 0 | G33: =SUMIFS('PLAN OPERATIVO'!$CL$11:$CL$79,'PLAN OPERATIVO'!$B$11:$B$79,DEDICACIÓN!$B33,'PLAN OPERATIVO'!$D$11:$D$79,DEDICACIÓN!G$10) -> 0 | H33: =ROUND(G33/$Y$3,2) -> 0 | I33: =SUMIFS('PLAN OPERATIVO'!$CL$11:$CL$79,'PLAN OPERATIVO'!$B$11:$B$79,DEDICACIÓN!$B33,'PLAN OPERATIVO'!$D$11:$D$79,DEDICACIÓN!I$10) -> 0 | J33: =ROUND(I33/$Y$3,2) -> 0 | K33: =SUMIFS('PLAN OPERATIVO'!$CL$11:$CL$79,'PLAN OPERATIVO'!$B$11:$B$79,DEDICACIÓN!$B33,'PLAN OPERATIVO'!$D$11:$D$79,DEDICACIÓN!K$10) -> 2 | L33: =ROUND(K33/$Y$3,2) -> 0.08 | M33: =SUMIFS('PLAN OPERATIVO'!$CL$11:$CL$79,'PLAN OPERATIVO'!$B$11:$B$79,DEDICACIÓN!$B33,'PLAN OPERATIVO'!$D$11:$D$79,DEDICACIÓN!M$10) -> 0 | N33: =ROUND(M33/$Y$3,2) -> 0 | O33: =SUMIFS('PLAN OPERATIVO'!$CL$11:$CL$79,'PLAN OPERATIVO'!$B$11:$B$79,DEDICACIÓN!$B33,'PLAN OPERATIVO'!$D$11:$D$79,DEDICACIÓN!O$10) -> 0 | P33: =ROUND(O33/$Y$3,2) -> 0 | Q33: =SUMIFS('PLAN OPERATIVO'!$CL$11:$CL$79,'PLAN OPERATIVO'!$B$11:$B$79,DEDICACIÓN!$B33,'PLAN OPERATIVO'!$D$11:$D$79,DEDICACIÓN!Q$10) -> 0 | R33: =ROUND(Q33/$Y$3,2) -> 0 | S33: =SUMIFS('PLAN OPERATIVO'!$CL$11:$CL$79,'PLAN OPERATIVO'!$B$11:$B$79,DEDICACIÓN!$B33,'PLAN OPERATIVO'!$D$11:$D$79,DEDICACIÓN!S$10) -> 0 | T33: =ROUND(S33/$Y$3,2) -> 0 | U33: =SUMIFS('PLAN OPERATIVO'!$CL$11:$CL$79,'PLAN OPERATIVO'!$B$11:$B$79,DEDICACIÓN!$B33,'PLAN OPERATIVO'!$D$11:$D$79,DEDICACIÓN!U$10) -> 0 | V33: =ROUND(U33/$Y$3,2) -> 0 | W33: =SUMIFS('PLAN OPERATIVO'!$CL$11:$CL$79,'PLAN OPERATIVO'!$B$11:$B$79,DEDICACIÓN!$B33,'PLAN OPERATIVO'!$D$11:$D$79,DEDICACIÓN!W$10) -> 0 | X33: =ROUND(W33/$Y$3,2) -> 0 | Y33: =SUMIFS('PLAN OPERATIVO'!$CL$11:$CL$79,'PLAN OPERATIVO'!$B$11:$B$79,DEDICACIÓN!$B33,'PLAN OPERATIVO'!$D$11:$D$79,DEDICACIÓN!Y$10) -> 0 | Z33: =ROUND(Y33/$Y$3,2) -> 0 | AA33: =SUMIFS('PLAN OPERATIVO'!$CL$11:$CL$79,'PLAN OPERATIVO'!$B$11:$B$79,DEDICACIÓN!$B33,'PLAN OPERATIVO'!$D$11:$D$79,DEDICACIÓN!AA$10) -> 0 | AB33: =ROUND(AA33/$Y$3,2) -> 0 | AC33: =SUMIFS('PLAN OPERATIVO'!$CL$11:$CL$79,'PLAN OPERATIVO'!$B$11:$B$79,DEDICACIÓN!$B33,'PLAN OPERATIVO'!$D$11:$D$79,DEDICACIÓN!AC$10) -> 0 | AD33: =ROUND(AC33/$Y$3,2) -> 0 | AE33: =SUMIFS('PLAN OPERATIVO'!$CL$11:$CL$79,'PLAN OPERATIVO'!$B$11:$B$79,DEDICACIÓN!$B33,'PLAN OPERATIVO'!$D$11:$D$79,DEDICACIÓN!AE$10) -> 0 | AF33: =ROUND(AE33/$Y$3,2) -> 0 | AG33: =SUMIFS('PLAN OPERATIVO'!$CL$11:$CL$79,'PLAN OPERATIVO'!$B$11:$B$79,DEDICACIÓN!$B33,'PLAN OPERATIVO'!$D$11:$D$79,DEDICACIÓN!AG$10) -> 0 | AH33: =ROUND(AG33/$Y$3,2) -> 0
B34: ='PLAN OPERATIVO'!B33 -> Dirigir la implementación de los sistemas silvopastoriles (SSP), de acuerdo con el diseño agroecológico iniciando con el establecimiento de cercas | C34: =SUMIFS('PLAN OPERATIVO'!$CL$11:$CL$79,'PLAN OPERATIVO'!$B$11:$B$79,DEDICACIÓN!$B34,'PLAN OPERATIVO'!$D$11:$D$79,DEDICACIÓN!C$10) -> 0 | D34: =ROUND(C34/$Y$3,2) -> 0 | E34: =SUMIFS('PLAN OPERATIVO'!$CL$11:$CL$79,'PLAN OPERATIVO'!$B$11:$B$79,DEDICACIÓN!$B34,'PLAN OPERATIVO'!$D$11:$D$79,DEDICACIÓN!E$10) -> 0 | F34: =ROUND(E34/$Y$3,2) -> 0 | G34: =SUMIFS('PLAN OPERATIVO'!$CL$11:$CL$79,'PLAN OPERATIVO'!$B$11:$B$79,DEDICACIÓN!$B34,'PLAN OPERATIVO'!$D$11:$D$79,DEDICACIÓN!G$10) -> 0 | H34: =ROUND(G34/$Y$3,2) -> 0 | I34: =SUMIFS('PLAN OPERATIVO'!$CL$11:$CL$79,'PLAN OPERATIVO'!$B$11:$B$79,DEDICACIÓN!$B34,'PLAN OPERATIVO'!$D$11:$D$79,DEDICACIÓN!I$10) -> 0 | J34: =ROUND(I34/$Y$3,2) -> 0 | K34: =SUMIFS('PLAN OPERATIVO'!$CL$11:$CL$79,'PLAN OPERATIVO'!$B$11:$B$79,DEDICACIÓN!$B34,'PLAN OPERATIVO'!$D$11:$D$79,DEDICACIÓN!K$10) -> 14.1 | L34: =ROUND(K34/$Y$3,2) -> 0.59 | M34: =SUMIFS('PLAN OPERATIVO'!$CL$11:$CL$79,'PLAN OPERATIVO'!$B$11:$B$79,DEDICACIÓN!$B34,'PLAN OPERATIVO'!$D$11:$D$79,DEDICACIÓN!M$10) -> 0 | N34: =ROUND(M34/$Y$3,2) -> 0 | O34: =SUMIFS('PLAN OPERATIVO'!$CL$11:$CL$79,'PLAN OPERATIVO'!$B$11:$B$79,DEDICACIÓN!$B34,'PLAN OPERATIVO'!$D$11:$D$79,DEDICACIÓN!O$10) -> 0 | P34: =ROUND(O34/$Y$3,2) -> 0 | Q34: =SUMIFS('PLAN OPERATIVO'!$CL$11:$CL$79,'PLAN OPERATIVO'!$B$11:$B$79,DEDICACIÓN!$B34,'PLAN OPERATIVO'!$D$11:$D$79,DEDICACIÓN!Q$10) -> 0 | R34: =ROUND(Q34/$Y$3,2) -> 0 | S34: =SUMIFS('PLAN OPERATIVO'!$CL$11:$CL$79,'PLAN OPERATIVO'!$B$11:$B$79,DEDICACIÓN!$B34,'PLAN OPERATIVO'!$D$11:$D$79,DEDICACIÓN!S$10) -> 0 | T34: =ROUND(S34/$Y$3,2) -> 0 | U34: =SUMIFS('PLAN OPERATIVO'!$CL$11:$CL$79,'PLAN OPERATIVO'!$B$11:$B$79,DEDICACIÓN!$B34,'PLAN OPERATIVO'!$D$11:$D$79,DEDICACIÓN!U$10) -> 0 | V34: =ROUND(U34/$Y$3,2) -> 0 | W34: =SUMIFS('PLAN OPERATIVO'!$CL$11:$CL$79,'PLAN OPERATIVO'!$B$11:$B$79,DEDICACIÓN!$B34,'PLAN OPERATIVO'!$D$11:$D$79,DEDICACIÓN!W$10) -> 0 | X34: =ROUND(W34/$Y$3,2) -> 0 | Y34: =SUMIFS('PLAN OPERATIVO'!$CL$11:$CL$79,'PLAN OPERATIVO'!$B$11:$B$79,DEDICACIÓN!$B34,'PLAN OPERATIVO'!$D$11:$D$79,DEDICACIÓN!Y$10) -> 0 | Z34: =ROUND(Y34/$Y$3,2) -> 0 | AA34: =SUMIFS('PLAN OPERATIVO'!$CL$11:$CL$79,'PLAN OPERATIVO'!$B$11:$B$79,DEDICACIÓN!$B34,'PLAN OPERATIVO'!$D$11:$D$79,DEDICACIÓN!AA$10) -> 0 | AB34: =ROUND(AA34/$Y$3,2) -> 0 | AC34: =SUMIFS('PLAN OPERATIVO'!$CL$11:$CL$79,'PLAN OPERATIVO'!$B$11:$B$79,DEDICACIÓN!$B34,'PLAN OPERATIVO'!$D$11:$D$79,DEDICACIÓN!AC$10) -> 0 | AD34: =ROUND(AC34/$Y$3,2) -> 0 | AE34: =SUMIFS('PLAN OPERATIVO'!$CL$11:$CL$79,'PLAN OPERATIVO'!$B$11:$B$79,DEDICACIÓN!$B34,'PLAN OPERATIVO'!$D$11:$D$79,DEDICACIÓN!AE$10) -> 0 | AF34: =ROUND(AE34/$Y$3,2) -> 0 | AG34: =SUMIFS('PLAN OPERATIVO'!$CL$11:$CL$79,'PLAN OPERATIVO'!$B$11:$B$79,DEDICACIÓN!$B34,'PLAN OPERATIVO'!$D$11:$D$79,DEDICACIÓN!AG$10) -> 0 | AH34: =ROUND(AG34/$Y$3,2) -> 0 | AJ34: =AI34*$Y$2 -> 0 | AK34: =AJ34/$Y$3 -> 0 | AL34: =AK34*$Y$4 -> 0 | AN34: =AM34*$Y$2 -> 0 | AO34: =AN34/$Y$3 -> 0 | AP34: =AO34*$Y$4 -> 0 | AR34: =AQ34*$Y$2 -> 0 | AS34: =AR34/$Y$3 -> 0 | AT34: =AS34*$Y$4 -> 0 | AV34: =AU34*$Y$2 -> 0 | AW34: =AV34/$Y$3 -> 0 | AX34: =AW34*$Y$4 -> 0 | AZ34: =AY34*$Y$2 -> 0 | BA34: =AZ34/$Y$3 -> 0 | BB34: =BA34*$Y$4 -> 0 | BD34: =BC34*$Y$2 -> 0 | BE34: =BD34/$Y$3 -> 0 | BF34: =BE34*$Y$4 -> 0 | BH34: =BG34*$Y$2 -> 0 | BI34: =BH34/$Y$3 -> 0 | BJ34: =BI34*$Y$4 -> 0 | BL34: =BK34*$Y$2 -> 0 | BM34: =BL34/$Y$3 -> 0 | BN34: =BM34*$Y$4 -> 0 | BP34: =BO34*$Y$2 -> 0 | BQ34: =BP34/$Y$3 -> 0 | BR34: =BQ34*$Y$4 -> 0
